Workbook
Name AddressOfSite: 'General Information'!$D$109:$D$133
Name AmountOfEmissionsTable: 'Environmental Disclosures'!$D$80:$K$119
Name AmountOfEmissionToAir: 'Environmental Disclosures'!$G$80:$I$119
Name AmountOfEmissionToAir_unit: 'Environmental Disclosures'!$C$78
Name AmountOfEmissionToSoil: 'Environmental Disclosures'!$K$80:$K$119
Name AmountOfEmissionToSoil_unit: 'Environmental Disclosures'!$C$78
Name AmountOfEmissionToWater: 'Environmental Disclosures'!$J$80:$J$119
Name AmountOfEmissionToWater_unit: 'Environmental Disclosures'!$C$78
Name AmountOfWaterWithdrawnAtSitesLocatedInAreasOfHighWaterStress: 'Environmental Disclosures'!$D$170
Name AreaOfSiteInBiodiversitySensitiveArea: 'Environmental Disclosures'!$G$128:$I$153
Name AreaOfSiteInBiodiversitySensitiveArea_unit: 'Environmental Disclosures'!$C$126
Name Assets: 'General Information'!$E$60
Name AverageNumberOfAnnualTrainingHoursPerFemaleEmployee: 'Social Disclosures'!$D$59
Name AverageNumberOfAnnualTrainingHoursPerMaleEmployee: 'Social Disclosures'!$D$58
Name AverageNumberOfAnnualTrainingHoursPerNonReportedGenderEmployee: 'Social Disclosures'!$D$61
Name AverageNumberOfAnnualTrainingHoursPerOtherGenderEmployee: 'Social Disclosures'!$D$60
Name BaselineYearMember: 'Environmental Disclosures'!$G$21
Name BasisForPreparation: 'General Information'!$E$32
Name BasisForReporting: 'General Information'!$E$42
Name BreakdownOfAnnualMassFlowOfRelevantMaterialsUsedByTheUndertakingHypercube: 'Environmental Disclosures'!$C$216:$I$230
Name BreakdownOfEnergyConsumptionAxis: 'Environmental Disclosures'!$C$12:$F$14
Name BreakdownOfEnergyConsumptionTable: 'Environmental Disclosures'!$G$12:$K$14
Name CityOfSite: 'General Information'!$F$109:$F$133
Name CountryOfEmploymentContractAxis: 'Social Disclosures'!$C$29:$D$32
Name CountryOfPrimaryOperationsAndLocationOfSignificantAssets: 'General Information'!$E$65
Name CountryOfSite: 'General Information'!$G$109:$G$133
Name DateOfAdoptionOfTransitionPlanForUndertakingNotHavingAdoptedTransitionPlanYet: 'Environmental Disclosures'!$D$62
Name DescriptionOfActionsTakeToAddressTheConfirmedIncidents: 'Social Disclosures'!$D$93
Name DescriptionOfATargetRelatedToAPolicy: 'General Information'!$E$150
Name DescriptionOfATransitionPlanForClimateChangeMitigationIncludingAnExplanationOfHowItIsContributingToReduceGhgEmissions: 'Environmental Disclosures'!$D$58
Name DescriptionOfClimateRelatedHazardsAndClimateRelatedTransitionEvents: 'Environmental Disclosures'!$E$236
Name DescriptionOfHowCircularEconomyPrinciplesAreApplied: 'Environmental Disclosures'!$D$183
Name DescriptionOfKeyElementsOfStrategyThatRelatesToOrAffectsSustainabilityIssues: 'General Information'!$E$161
Name DescriptionOfLimitsToTheDistributionOfProfitsConnectedToTheMutualisticNatureOrToTheNatureOfTheActivitiesConsistingInServicesOfGeneralEconomicInterestSGEI: 'General Information'!$D$146
Name DescriptionOfMainBusinessRelationships: 'General Information'!$E$157
Name DescriptionOfPracticesPoliciesAndOrFutureInitiatives: 'General Information'!$E$149
Name DescriptionOfSignificantGroupsOfProductsAndOrServicesOffered: 'General Information'!$E$155
Name DescriptionOfSignificantMarketsTheUndertakingOperatesIn: 'General Information'!$E$156
Name DescriptionOfSustainabilityRelatedCertificationsOrLabels: 'General Information'!$E$100
Name DescriptionOfTheEffectiveParticipationOfWorkersUsersOrOtherInterestedPartiesOrCommunitiesInGovernance: 'General Information'!$D$144
Name DisclosureOfAnyOtherEnvironmentalAndOrEntitySpecificEnvironmentalDisclosures: 'Environmental Disclosures'!$C$244
Name DisclosureOfAnyOtherGeneralAndOrEntitySpecificInformation: 'General Information'!$C$165
Name DisclosureOfAnyOtherGovernanceAndOrEntitySpecificGovernanceDisclosures: 'Governance Disclosures'!$C$38
Name DisclosureOfAnyOtherSocialAndOrEntitySpecificSocialDisclosures: 'Social Disclosures'!$C$101
Name DisclosureOfHowItHasAssessedTheExposureAndSensitivityOfItsAssetsActivitiesAndValueChainToTheseHazardsAndTransitionEvents: 'Environmental Disclosures'!$E$237
Name DisclosureOfListOfMainActionsTheEntitySeeksInOrderToAchieveItsTargets: 'Environmental Disclosures'!$C$52
Name DisclosureOfWhetherItHasUndertakenClimateChangeAdaptationActionsForAnyClimateRelatedHazardsAndTransitionEvents: 'Environmental Disclosures'!$E$239
Name EmployeeCountingMethodology: 'General Information'!$E$63
Name EmployeesReceivePayEqualOrAboveMinimumWageDeterminedByNationalLawOrCollectiveAgreement: 'Social Disclosures'!$D$51
Name EmployeeTurnoverRate: 'Social Disclosures'!$D$41
Name EnergyConsumptionFromElectricity_NonRenewableEnergyMember: 'Environmental Disclosures'!$J$12
Name EnergyConsumptionFromElectricity_RenewableEnergyMember: 'Environmental Disclosures'!$G$12
Name EnergyConsumptionFromElectricity_TotalRenewableAndNonRenewableEnergyMember: 'Environmental Disclosures'!$K$12
Name EnergyConsumptionFromFuels_NonRenewableEnergyMember: 'Environmental Disclosures'!$J$14
Name EnergyConsumptionFromFuels_RenewableEnergyMember: 'Environmental Disclosures'!$G$14
Name EnergyConsumptionFromFuels_TotalRenewableAndNonRenewableEnergyMember: 'Environmental Disclosures'!$K$14
Name EnergyConsumptionFromSelfGeneratedElectricity_NonRenewableEnergyMember: 'Environmental Disclosures'!$J$13
Name EnergyConsumptionFromSelfGeneratedElectricity_RenewableEnergyMember: 'Environmental Disclosures'!$G$13
Name EnergyConsumptionFromSelfGeneratedElectricity_TotalRenewableAndNonRenewableEnergyMember: 'Environmental Disclosures'!$K$13
Name enum_B2: 'Enumeration Lists'!$R$2:$R$4

Sheet Introduction
B1: =template_label_version -> Version: | C1: 1.1.0
B2: =template_label_publication_date -> Publication date: | C2: 45933
B3: {=IF(ISERROR(CELL("filename",A1)),"Warning: The Digital Template was developed and tested using Microsoft Excel 365. Functionality may be limited or incorrect when using other spreadsheet applications or older versions of Excel.","")}
B10: =template_label_taxonomy_entry_point -> Taxonomy entry point: | C10: https://xbrl.efrag.org/taxonomy/vsme/2025-07-30/vsme-all.xsd
B11: =template_label_select_template_display_language -> Select Template Display Language: | C11: English - Official [en]
B12: =template_label_title_of_report -> Main title of the report | C12: =template_label_main_title_of_report_text -> Sustainability Report
B13: =template_label_subtitle_of_report -> Subtitle of the report | C13: =template_label_subtitle_of_report_text -> Prepared in accordance with the Voluntary Sustainability Reporting Standard for small and medium-sized undertakings (VSME), released by the European Commission on 30 July 2025.
B14: =template_label_vsme_digital_template -> VSME Digital Template
B15: =template_label_the_purpose_of_this_digital_template_is_to_illustrate_how_vsme_reporting_can_be_implemented_in_a_digital_template -> The purpose of this digital template is to illustrate how VSME reporting can be implemented in a digital template. The template reflects the VSME Recommendation as published by the European Commission on 30 July 2025. The template is accompanied by a digital VSME XBRL taxonomy, which represents the digital data model of the disclosures and is available on EFRAG's website. The VSME requires disclosure of comparative information on metrics (paragraph 12). This template enables reporting for one reporting period only. Therefore, it might be used for reporting in the first year only. It is expected that reporting solutions will enable the roll-forward of reporting periods, which would automatically provide the necessary comparative information. This template can be used for data entry and validation. By using an XBRL Converter on EFRAG's website, it can be saved as an XBRL report, in a free and open data format. Excel-named ranges are used to extract the disclosures. Value cells that are empty and do not have any value (neither text nor a number) will not be considered as reported and will not be included in the XBRL report when using the Excel-to-XBRL converter. A few drop-down selection menus in the VSME have more than 100 entries (e.g. the NACE codes under B1, the list of pollutants under B4, the list of wastes under B7). In order to search in the list, users can simply start typing search keywords in the cell. If a security warning is shown, please "Enable Content" in order to allow automatic calculation of GPS coordinates for the list of sites under B1. No content other than the address entered will be sent to the internet and the contents shared with the provider can be found in the Nominatim Usage Policy (Geocoding Policy) and Privacy Policy. All materials developed by the EFRAG Secretariat are released for free and as open source (MIT license), which will enable any stakeholder to further enhance them and integrate them into commercial solutions. However, respecting the license conditions, the reference to EFRAG must be mentioned by the providers of those commercial solutions. It's possible to consult the MIT License in the specific sheet. If you wish to raise an issue with the VSME Digital Template or the Digital Template to XBRL Converter, please do so by creating an issue in the GitHub project.
B18: =template_label_how_to_use_it -> How to use it:
B19: =template_label_0_provide_information_that_is_mandatory_in_order_to_generate_the_vsme_and_xbrl_report -> 0. Provide information that is mandatory in order to generate the VSME and XBRL Report.
B20: =template_label_1_fill_in_the_disclosures_on_the_four_worksheets -> 1. Fill in the disclosures on the four worksheets (General Information, Environmental Disclosures, Social Disclosures, Governance Disclosures) in the white cells framed by a black border. Do not enter information outside of those cells. Searching in drop-downs can be done by typing into the cell. Hints (input messages) are shown in several cells when selecting them.
B21: =template_label_2_find_more_information_on_the_actual_disclosure_requirements_in_the_vsme_standard -> 2. Find more information on the actual disclosure requirements in the VSME Standard and the related guidance linked to each cell. Additional or entity-specific disclosures can be provided in each text box at the end of each worksheet.
B22: =template_label_3_for_open_tables_like_the_list_of_subsidizers_sites_please_expand_the_groups_by_clicking_the_plus -> 3. For open tables like the List of subsidiaries/sites, please expand the groups by clicking the plus [+] icon on the left side. If more rows are needed, they can be added by inserting them between the first and last row. The row IDs in open tables must remain unique per table.
B23: =template_label_4_validate_the_data_entered_by_checking_the_validation_status -> 4. Validate the data entered by checking the validation status. The report is considered incomplete or erroneous if the validation is fails, which might result in an invalid XBRL report.
B24: =template_label_5_convert_this_template_to_an_inline_xbrl_report -> 5. Convert this template to an Inline XBRL report (or XBRL-JSON, XBRL-CSV), using the online converter. Pay attention to the XBRL validation performed by the validator.
B25: =template_label_6_the_undertaking_may_also_upload_the_report_to_public_repositories_or_a_webpage -> 6. The undertaking may also upload the report to public repositories or a webpage.
B27: =template_label_cell_background_color_index -> Cell background color index:
B28: =template_label_general_principles -> General Principles | C28: =template_label_indicates_that_the_disclosure_is_from_the_general_principles_of_the_vsme -> Indicates that the disclosure is from the general principles of the VSME.
B29: =template_label_basic_module -> Basic Module | C29: =template_label_indicates_that_the_disclosure_is_from_the_vsme_basic_module -> Indicates that the disclosure is from the VSME Basic Module.
B30: =template_label_comprehensive_module -> Comprehensive Module | C30: =template_label_indicates_that_the_disclosure_is_from_the_vsme_comprehensive_module -> Indicates that the disclosure is from the VSME Comprehensive Module.
C31: =template_label_indicates_that_the_cell_is_automatically_calculated_and_that_no_data_entry_is_required -> Indicates that the cell is automatically calculated and that no data entry is required.
C32: =template_label_indicates_that_the_datapoint_often_a_condition_will_not_be_included_in_the_vsme_and_digital_xbrl_report -> Indicates that the datapoint (often a condition) will not be included in the VSME and digital XBRL report. These cells are provided to facilitate the completion of the disclosure as they either trigger the applicability of the disclosure or they enable the automatic calculation of the disclosure. If the yellow cells are not being used to calculate a value, the total that is to be reported can be entered manually overwriting by the formula.
C33: =template_label_indicates_that_no_data_entry_is_required_unless_certain_logics_are_selected_in_the_disclosure_itself -> Indicates that no data entry is required unless certain logics are selected in the disclosure itself. When one of these logics is selected, then this cell will turn white.
B34: =template_label_validation_missing_value_error_velue_inconsistency_invalid_url -> Validation MISSING VALUE/ERROR/VALUE INCONSISTENCY/INVALID URL | C34: =template_label_indicates_that_either_data_entry_is_incorrect_in_terms_of_format_or_that_certain_information -> Indicates that either data entry is incorrect in terms of format or that certain information is missing in order to correctly report on the disclosure.
B35: Validation OK | C35: =template_label_indicates_that_data_entry_is_ok_and_the_undertaking_can_proceed_to_the_next_disclosure -> Indicates that data entry is OK and the undertaking can proceed to the next disclosure.
C36: =template_label_no_value_can_be_entered_in_the_cell -> No value can be entered in the cell.
B37: [+] | C37: =template_label_lists_can_be_expanded_using_the_plus_button_on_the_left -> Lists can be expanded using the plus [+] button on the left. If the number of rows is not sufficient, additional rows can be added by right clicking the second row and selecting "Insert row".
B43: =template_label_efrag_is_funded_by_the_european_union_through_the_single_market_programme -> EFRAG is funded by the European Union through the Single Market Programme in which the EEA-EFTA countries (Norway, Iceland and Liechtenstein), as well as Kosovo participate. Any views and opinions expressed are however those of the author(s) only and do not necessarily reflect those of the European Union, the European Commission or of countries that participate in the Single Market Programme. Neither the European Union, the European Commission nor countries participating in the Single market Programme can be held responsible for them. © 2025 EFRAG All rights reserved.
B44: =template_label_reproduction_and_use_rights_are_strictly_limited -> Reproduction and use rights are strictly limited. For further details please contact efragsecretariat@efrag.org

Sheet Table of Contents & Validation
C2: =template_label_overall_validation_status_validation -> Overall Validation Status
B3: =template_label_table_of_contents_validation -> Table of Contents | C3: {=IF(SUMPRODUCT(--((C5:C68<>template_label_ok)*(C5:C68<>"-")*(C5:C68<>""))) > 0, template_label_incomplete, template_label_complete)} -> COMPLETE
B4: =template_label_contents_grouping_follows_templates_framework -> Contents grouping follows template's framework | C4: =template_label_specific_content_validation_status_validation -> Specific Content Validation Status
B5: =template_label_general_information_validation -> General Information
B6: =template_label_information_on_the_report_necessary_for_xbrl_validation -> · Information on the report necessary for XBRL | C6: =IF( AND( COUNTIF('General Information'!F3:F12, template_label_missing_value) > 0, COUNTIF('General Information'!F3:F12, template_label_error) = 0 ), template_label_missing_value, IF( AND( COUNTIF('General Information'!F3:F12, template_label_error) > 0, COUNTIF('General Information'!F3:F12, template_label_missing_value) = 0 ), template_label_value_inconsistency, IF( AND( COUNTIF('General Information'!F3:F12, template_label_error) > 0, COUNTIF('General Information'!F3:F12, template_label_missing_value) > 0 ), template_label_error_plus_value_inconsistency, template_label_ok ) ) ) -> OK
B7: =template_label_information_on_previous_reporting_period_validation -> · Information on previous reporting period | C7: =IF(COUNTIF('General Information'!F18:F29, template_label_missing_value) > 0, template_label_missing_value, IF(COUNTIF('General Information'!F18:F29, template_label_invalid_url ) > 0, template_label_invalid_url, IF(COUNTIF('General Information'!F18:F29, template_label_ok) > 0, template_label_ok, "-"))) -> -
B8: =template_label_basic_module_validation -> Basic Module
B9: =template_label_general_information_validation -> General Information
B10: =template_label_b1_basis_for_preparation_validation -> · B1 - Basis for Preparation | C10: =IF(COUNTIF(C11:C14,template_label_error_plus_missing_value_plus_value_inconsistency)>0,template_label_error_plus_missing_value_plus_value_inconsistency, IF(COUNTIF(C11:C14,template_label_error_plus_value_inconsistency)>0,template_label_error_plus_value_inconsistency, IF(COUNTIF(C11:C14,template_label_error_plus_missing_value)>0,template_label_error_plus_missing_value, IF(COUNTIF(C11:C14,template_label_error)>0,template_label_error, IF(COUNTIF(C11:C14,template_label_missing_value_plus_value_inconsistency)>0,template_label_missing_value_plus_value_inconsistency, IF(COUNTIF(C11:C14,template_label_value_inconsistency)>0,template_label_value_inconsistency, IF(COUNTIF(C11:C14,template_label_missing_value)>0,template_label_missing_value, IF(COUNTIF(C11:C14,template_label_ok)=ROWS(C11:C14),template_label_ok, IF(COUNTIF(C11:C14,"-")=ROWS(C11:C14),"-", template_label_ok))))))))) -> OK
B11: =template_label_basis_for_preparation_and_other_undertakings_general_information_validation -> Basis for Preparation and other undertaking's general information | C11: =IF( AND( COUNTIF('General Information'!F32:F65, template_label_missing_value) > 0, COUNTIF('General Information'!F32:F65, template_label_value_inconsistency) = 0 ), template_label_missing_value, IF( AND( COUNTIF('General Information'!F32:F65, template_label_value_inconsistency) > 0, COUNTIF('General Information'!F32:F65, template_label_missing_value) = 0 ), template_label_value_inconsistency, IF( AND( COUNTIF('General Information'!F32:F65, template_label_value_inconsistency) > 0, COUNTIF('General Information'!F32:F65, template_label_missing_value) > 0 ), template_label_error_plus_value_inconsistency, template_label_ok ) ) ) -> OK
B12: =template_label_list_of_subsidiaries_validation -> List of subsidiaries | C12: =IF( COUNTIF('General Information'!F70:F94, template_label_missing_value) > 0, template_label_missing_value, IF( COUNTIF('General Information'!F70:F94, template_label_ok) > 0, template_label_ok, "-" ) ) -> OK
B13: =template_label_disclosure_of_sustainability_related_certifications_or_labels_validation -> Disclosure of sustainability-related certification(s) or label(s) | C13: =IF( COUNTIF('General Information'!I100, template_label_missing_value) > 0, template_label_missing_value, IF( COUNTIF('General Information'!I100, template_label_ok) > 0, template_label_ok, "-" ) ) -> OK
B14: =template_label_list_of_sites_validation -> List of site(s) | C14: =IF( COUNTIF('General Information'!I109:I133, template_label_missing_value) > 0, template_label_missing_value, IF( COUNTIF('General Information'!I109:I133, template_label_ok) > 0, template_label_ok, "-" ) ) -> OK
B15: =template_label_b2_practices_policies_and_future_initiatives_for_transitioning_towards_a_more_sustainable_economy_validation -> · B2 - Practices, policies and future initiatives for transitioning towards a more sustainable economy | C15: =IF( COUNTIF(C16:C17, template_label_error_plus_missing_value_plus_value_inconsistency) > 0, template_label_error_plus_missing_value_plus_value_inconsistency, IF( COUNTIF(C16:C17, template_label_error_plus_value_inconsistency) > 0, template_label_error_plus_value_inconsistency, IF( COUNTIF(C16:C17, template_label_error_plus_missing_value) > 0, template_label_error_plus_missing_value, IF( COUNTIF(C16:C17, template_label_error) > 0, template_label_error, IF( COUNTIF(C16:C17, template_label_missing_value_plus_value_inconsistency) > 0, template_label_missing_value_plus_value_inconsistency, IF( COUNTIF(C16:C17, template_label_value_inconsistency) > 0, template_label_value_inconsistency, IF( COUNTIF(C16:C17, template_label_missing_value) > 0, template_label_missing_value, IF( COUNTIF(C16:C17, template_label_ok) = ROWS(C16:C17), template_label_ok, IF( COUNTIF(C16:C17, "-") = ROWS(C16:C17), "-", template_label_ok ) ) ) ) ) ) ) ) ) -> OK
B16: =template_label_practices_policies_and_future_initiatives_for_transitioning_towards_a_more_sustainable_economy_validation -> Practices, policies and future initiatives for transitioning towards a more sustainable economy | C16: =IF( COUNTIF('General Information'!P140, template_label_missing_value) > 0, template_label_missing_value, IF( COUNTIF('General Information'!P140, template_label_ok) > 0, template_label_ok, "-" ) ) -> OK
B17: =template_label_cooperative_specific_disclosures_validation -> Cooperative specific disclosures | C17: {=IF(OR('General Information'!E144:E146=template_label_ok),template_label_ok,"-")} -> -
B18: =template_label_environmental_disclosures_validation -> Environmental Disclosures
B19: =template_label_b3_energy_and_greenhouse_gas_emissions_validation -> · B3 - Energy and greenhouse gas emissions | C19: =IF(COUNTIF(C20:C23,template_label_error_plus_missing_value_plus_value_inconsistency)>0,template_label_error_plus_missing_value_plus_value_inconsistency, IF(COUNTIF(C20:C23,template_label_error_plus_value_inconsistency)>0,template_label_error_plus_value_inconsistency, IF(COUNTIF(C20:C23,template_label_error_plus_missing_value)>0,template_label_error_plus_missing_value, IF(COUNTIF(C20:C23,template_label_error)>0,template_label_error, IF(COUNTIF(C20:C23,template_label_missing_value_plus_value_inconsistency)>0,template_label_missing_value_plus_value_inconsistency, IF(COUNTIF(C20:C23,template_label_value_inconsistency)>0,template_label_value_inconsistency, IF(COUNTIF(C20:C23,template_label_missing_value)>0,template_label_missing_value, IF(COUNTIF(C20:C23,template_label_ok)=ROWS(C20:C23),template_label_ok, IF(COUNTIF(C20:C23,"-")=ROWS(C20:C23),"-", template_label_ok))))))))) -> OK
B20: =template_label_total_energy_consumption_in_mwh_validation -> Total Energy Consumption (in MWh) | C20: =IF(COUNTIF('Environmental Disclosures'!L5,template_label_missing_value)>0,template_label_missing_value, IF(COUNTIF('Environmental Disclosures'!L5,template_label_ok)>0,template_label_ok,"-")) -> OK
B21: =template_label_breakdown_of_energy_consumption_in_mwh_validation -> Breakdown of energy consumption (in MWh) | C21: =IF( AND( COUNTIF('Environmental Disclosures'!L12:L14,template_label_missing_value)>0, COUNTIF('Environmental Disclosures'!L12:L14,template_label_value_inconsistency)=0 ), template_label_missing_value, IF( AND( COUNTIF('Environmental Disclosures'!L12:L14,template_label_value_inconsistency)>0, COUNTIF('Environmental Disclosures'!L12:L14,template_label_missing_value)=0 ), template_label_value_inconsistency, IF( AND( COUNTIF('Environmental Disclosures'!L12:L14,template_label_value_inconsistency)>0, COUNTIF('Environmental Disclosures'!L12:L14,template_label_missing_value)>0 ), template_label_error_plus_value_inconsistency, IF( COUNTA('Environmental Disclosures'!L12:L14,"-"), "-", template_label_ok ) ) )) -> -
B22: =template_label_estimated_greenhouse_gas_emissions_considering_the_ghg_protocol_version_2004_in_tco2e_validation -> Estimated Greenhouse Gas Emissions considering the GHG Protocol Version 2004 (in tCO2e) | C22: =IF(COUNTIF('Environmental Disclosures'!L21:L44,template_label_missing_value)>0,template_label_missing_value, IF(COUNTIF('Environmental Disclosures'!L21:L44,template_label_ok)>0,template_label_ok,"-")) -> OK
B23: =template_label_greenhouse_gas_emission_intensity_per_turnover_validation -> Greenhouse gas emission intensity per turnover | C23: =IF(C22=template_label_ok,template_label_ok,"-") -> OK
B24: =template_label_b4_pollution_of_air_water_and_soil_validation -> · B4 - Pollution of air, water and soil | C24: =IF(COUNTIF('Environmental Disclosures'!L75:L119,template_label_invalid_url)>0, template_label_invalid_url, IF(AND(COUNTIF('Environmental Disclosures'!L75:L119,template_label_missing_value)>0, COUNTIF('Environmental Disclosures'!L75:L119,template_label_value_inconsistency)>0), template_label_missing_value_plus_value_inconsistency, IF(COUNTIF('Environmental Disclosures'!L75:L119,template_label_missing_value)>0, template_label_missing_value, IF(COUNTIF('Environmental Disclosures'!L75:L119,template_label_value_inconsistency)>0, template_label_value_inconsistency, IF(COUNTIF('Environmental Disclosures'!L75:L119,template_label_ok)>0, template_label_ok, "-"))))) -> -
B25: =template_label_b5_biodiversity_validation -> · B5 - Biodiversity | C25: =IF(COUNTIF(C26:C27,template_label_error_plus_missing_value_plus_value_inconsistency)>0,template_label_error_plus_missing_value_plus_value_inconsistency, IF(COUNTIF(C26:C27,template_label_error_plus_value_inconsistency)>0,template_label_error_plus_value_inconsistency, IF(COUNTIF(C26:C27,template_label_error_plus_missing_value)>0,template_label_error_plus_missing_value, IF(COUNTIF(C26:C27,template_label_error)>0,template_label_error, IF(COUNTIF(C26:C27,template_label_missing_value_plus_value_inconsistency)>0,template_label_missing_value_plus_value_inconsistency, IF(COUNTIF(C26:C27,template_label_value_inconsistency)>0,template_label_value_inconsistency, IF(COUNTIF(C26:C27,template_label_missing_value)>0,template_label_missing_value, IF(COUNTIF(C26:C27,template_label_ok)=ROWS(C26:C27),template_label_ok, IF(COUNTIF(C26:C27,"-")=ROWS(C26:C27),"-", template_label_ok))))))))) -> -
B26: =template_label_sites_in_biodiversity_sensitive_areas_validation -> Sites in biodiversity sensitive areas | C26: =IF(AND( COUNTIF('Environmental Disclosures'!D128:D153,template_label_ok) + COUNTIF('Environmental Disclosures'!L126:L153,template_label_ok) > 0, COUNTIF('Environmental Disclosures'!D128:D153,template_label_missing_value) + COUNTIF('Environmental Disclosures'!L126:L153,template_label_missing_value) = 0, COUNTIF('Environmental Disclosures'!D128:D153,template_label_value_inconsistency) + COUNTIF('Environmental Disclosures'!L126:L153,template_label_value_inconsistency) = 0), template_label_ok, IF(AND( COUNTIF('Environmental Disclosures'!D128:D153,template_label_missing_value) + COUNTIF('Environmental Disclosures'!L126:L153,template_label_missing_value) > 0, COUNTIF('Environmental Disclosures'!D128:D153,template_label_value_inconsistency) + COUNTIF('Environmental Disclosures'!L126:L153,template_label_value_inconsistency) = 0), template_label_missing_value, IF(AND( COUNTIF('Environmental Disclosures'!D128:D153,template_label_value_inconsistency) + COUNTIF('Environmental Disclosures'!L126:L153,template_label_value_inconsistency) > 0, COUNTIF('Environmental Disclosures'!D128:D153,template_label_missing_value) + COUNTIF('Environmental Disclosures'!L126:L153,template_label_missing_value) = 0), template_label_value_inconsistency, IF(AND( COUNTIF('Environmental Disclosures'!D128:D153,template_label_value_inconsistency) + COUNTIF('Environmental Disclosures'!L126:L153,template_label_value_inconsistency) > 0, COUNTIF('Environmental Disclosures'!D128:D153,template_label_missing_value) + COUNTIF('Environmental Disclosures'!L126:L153,template_label_missing_value) > 0), template_label_missing_value_plus_value_inconsistency, "-" ) ) ) ) -> -
B27: =template_label_biodiversity_land_use_validation -> Biodiversity - Land-use | C27: =IF( AND( COUNTIF('Environmental Disclosures'!G159:G164,template_label_missing_value)>0, COUNTIF('Environmental Disclosures'!G159:G164,template_label_value_inconsistency)=0, COUNTIF('Environmental Disclosures'!G159:G164,template_label_ok)>=0 ), template_label_missing_value, IF( AND( COUNTIF('Environmental Disclosures'!G159:G164,template_label_value_inconsistency)>0, COUNTIF('Environmental Disclosures'!G159:G164,template_label_missing_value)=0, COUNTIF('Environmental Disclosures'!G159:G164,template_label_ok)>=0 ), template_label_value_inconsistency, IF( AND( COUNTIF('Environmental Disclosures'!G159:G164,template_label_value_inconsistency)>0, COUNTIF('Environmental Disclosures'!G159:G164,template_label_missing_value)>0, COUNTIF('Environmental Disclosures'!G159:G164,template_label_ok)>=0 ), template_label_missing_value_plus_value_inconsistency, IF( AND( COUNTIF('Environmental Disclosures'!G159:G164,template_label_value_inconsistency)=0, COUNTIF('Environmental Disclosures'!G159:G164,template_label_missing_value)=0, COUNTIF('Environmental Disclosures'!G159:G164,template_label_ok)>0 ), template_label_ok, "-" ) ) )) -> -
B28: =template_label_b6_water_validation -> · B6 - Water | C28: =IF(COUNTIF(C29:C30,template_label_error_plus_missing_value_plus_value_inconsistency)>0,template_label_error_plus_missing_value_plus_value_inconsistency, IF(COUNTIF(C29:C30,template_label_error_plus_value_inconsistency)>0,template_label_error_plus_value_inconsistency, IF(COUNTIF(C29:C30,template_label_error_plus_missing_value)>0,template_label_error_plus_missing_value, IF(COUNTIF(C29:C30,template_label_error)>0,template_label_error, IF(COUNTIF(C29:C30,template_label_missing_value_plus_value_inconsistency)>0,template_label_missing_value_plus_value_inconsistency, IF(COUNTIF(C29:C30,template_label_value_inconsistency)>0,template_label_value_inconsistency, IF(COUNTIF(C29:C30,template_label_missing_value)>0,template_label_missing_value, IF(COUNTIF(C29:C30,template_label_ok)=ROWS(C29:C30),template_label_ok, IF(COUNTIF(C29:C30,"-")=ROWS(C29:C30),"-", template_label_ok))))))))) -> OK
B29: =template_label_water_withdrawal_validation -> Water Withdrawal | C29: =IF(COUNTIF('Environmental Disclosures'!E169:F170, template_label_missing_value) > 0, template_label_missing_value, IF(COUNTIF('Environmental Disclosures'!E169:F170, template_label_ok) > 0, template_label_ok, "-")) -> OK
B30: =template_label_water_consumption_validation -> Water Consumption | C30: =IF(COUNTIF('Environmental Disclosures'!E176:F176, template_label_missing_value) > 0, template_label_missing_value, IF(COUNTIF('Environmental Disclosures'!E176:F176, template_label_ok) > 0, template_label_ok, "-")) -> -
B31: =template_label_b7_resource_use_circular_economy_and_waste_management_validation -> · B7 - Resource use, circular economy and waste management | C31: =IF(COUNTIF(C32:C34, template_label_error_plus_missing_value_plus_value_inconsistency) > 0, template_label_error_plus_missing_value_plus_value_inconsistency, IF(COUNTIF(C32:C34, template_label_error_plus_value_inconsistency) > 0, template_label_error_plus_value_inconsistency, IF(COUNTIF(C32:C34, template_label_error_plus_missing_value) > 0, template_label_error_plus_missing_value, IF(COUNTIF(C32:C34, template_label_error) > 0, template_label_error, IF(COUNTIF(C32:C34, template_label_missing_value_plus_value_inconsistency) > 0, template_label_missing_value_plus_value_inconsistency, IF(COUNTIF(C32:C34, template_label_value_inconsistency) > 0, template_label_value_inconsistency, IF(COUNTIF(C32:C34, template_label_missing_value) > 0, template_label_missing_value, IF(COUNTIF(C32:C34, template_label_ok) = ROWS(C32:C34), template_label_ok, IF(COUNTIF(C32:C34, "-") = ROWS(C32:C34), "-", template_label_ok))))))))) -> OK
B32: =template_label_description_of_circular_economy_principles_validation -> Description of circular economy principles | C32: =IF( AND( COUNTIF('Environmental Disclosures'!H182:I183, template_label_missing_value) > 0, COUNTIF('Environmental Disclosures'!H182:I183, template_label_value_inconsistency) = 0, COUNTIF('Environmental Disclosures'!H182:I183, template_label_ok) >= 0 ), template_label_missing_value, IF( AND( COUNTIF('Environmental Disclosures'!H182:I183, template_label_value_inconsistency) > 0, COUNTIF('Environmental Disclosures'!H182:I183, template_label_missing_value) = 0, COUNTIF('Environmental Disclosures'!H182:I183, template_label_ok) >= 0 ), template_label_value_inconsistency, IF( AND( COUNTIF('Environmental Disclosures'!H182:I183, template_label_value_inconsistency) > 0, COUNTIF('Environmental Disclosures'!H182:I183, template_label_missing_value) > 0, COUNTIF('Environmental Disclosures'!H182:I183, template_label_ok) >= 0 ), template_label_missing_value_plus_value_inconsistency, IF( AND( COUNTIF('Environmental Disclosures'!H182:I183, template_label_value_inconsistency) = 0, COUNTIF('Environmental Disclosures'!H182:I183, template_label_missing_value) = 0, COUNTIF('Environmental Disclosures'!H182:I183, template_label_ok) > 0 ), template_label_ok, "-" ) ) )) -> OK
B33: =template_label_waste_generated_validation -> Waste generated | C33: =IF( AND( COUNTIF('Environmental Disclosures'!M189:M204, template_label_error) > 0, COUNTIF('Environmental Disclosures'!M189:M204, template_label_missing_value) > 0, COUNTIF('Environmental Disclosures'!M189:M204, template_label_value_inconsistency) > 0 ), template_label_error_plus_missing_value_plus_value_inconsistency, IF( AND( COUNTIF('Environmental Disclosures'!M189:M204, template_label_error) > 0, COUNTIF('Environmental Disclosures'!M189:M204, template_label_value_inconsistency) > 0, COUNTIF('Environmental Disclosures'!M189:M204, template_label_missing_value) = 0 ), template_label_error_plus_value_inconsistency, IF( AND( COUNTIF('Environmental Disclosures'!M189:M204, template_label_error) > 0, COUNTIF('Environmental Disclosures'!M189:M204, template_label_missing_value) > 0, COUNTIF('Environmental Disclosures'!M189:M204, template_label_value_inconsistency) = 0 ), template_label_error_plus_missing_value, IF( AND( COUNTIF('Environmental Disclosures'!M189:M204, template_label_missing_value) > 0, COUNTIF('Environmental Disclosures'!M189:M204, template_label_value_inconsistency) > 0, COUNTIF('Environmental Disclosures'!M189:M204, template_label_error) = 0 ), template_label_missing_value_plus_value_inconsistency, IF( AND( COUNTIF('Environmental Disclosures'!M189:M204, template_label_error) > 0, COUNTIF('Environmental Disclosures'!M189:M204, template_label_missing_value) = 0, COUNTIF('Environmental Disclosures'!M189:M204, template_label_value_inconsistency) = 0 ), template_label_error, IF( AND( COUNTIF('Environmental Disclosures'!M189:M204, template_label_missing_value) > 0, COUNTIF('Environmental Disclosures'!M189:M204, template_label_error) = 0, COUNTIF('Environmental Disclosures'!M189:M204, template_label_value_inconsistency) = 0 ), template_label_missing_value, IF( AND( COUNTIF('Environmental Disclosures'!M189:M204, template_label_value_inconsistency) > 0, COUNTIF('Environmental Disclosures'!M189:M204, template_label_error) = 0, COUNTIF('Environmental Disclosures'!M189:M204, template_label_missing_value) = 0 ), template_label_value_inconsistency, IF( AND( COUNTIF('Environmental Disclosures'!M189:M204, template_label_error) = 0, COUNTIF('Environmental Disclosures'!M189:M204, template_label_missing_value) = 0, COUNTIF('Environmental Disclosures'!M189:M204, template_label_value_inconsistency) = 0, COUNTIF('Environmental Disclosures'!M189:M204, template_label_ok) > 0 ), template_label_ok, "-" )))))))) -> OK
B34: =template_label_annual_mass_flow_of_relevant_materials_used_validation -> Annual mass-flow of relevant materials used | C34: =IF(COUNTIF('Environmental Disclosures'!K216:K230, template_label_missing_value) > 0, template_label_missing_value, IF(COUNTIF('Environmental Disclosures'!K216:K230, template_label_ok) > 0, template_label_ok, "-")) -> OK
B35: =template_label_social_disclosures_validation -> Social Disclosures
B36: =template_label_b8_workforce_general_characteristics_validation -> · B8 - Workforce - General characteristics | C36: =IF(COUNTIF(C37:C40, template_label_error_plus_missing_value_plus_value_inconsistency) > 0, template_label_error_plus_missing_value_plus_value_inconsistency, IF(COUNTIF(C37:C40, template_label_error_plus_value_inconsistency) > 0, template_label_error_plus_value_inconsistency, IF(COUNTIF(C37:C40, template_label_error_plus_missing_value) > 0, template_label_error_plus_missing_value, IF(COUNTIF(C37:C40, template_label_error) > 0, template_label_error, IF(COUNTIF(C37:C40, template_label_missing_value_plus_value_inconsistency) > 0, template_label_missing_value_plus_value_inconsistency, IF(COUNTIF(C37:C40, template_label_value_inconsistency) > 0, template_label_value_inconsistency, IF(COUNTIF(C37:C40, template_label_missing_value) > 0, template_label_missing_value, IF(COUNTIF(C37:C40, template_label_ok) = ROWS(C37:C40), template_label_ok, IF(COUNTIF(C37:C40, "-") = ROWS(C37:C40), "-", template_label_ok))))))))) -> OK
B37: =template_label_type_of_contract_validation -> Type of contract | C37: =IF(COUNTIF('Social Disclosures'!H10, template_label_missing_value) > 0, template_label_missing_value, IF(COUNTIF('Social Disclosures'!H10, template_label_ok) > 0, template_label_ok, "-")) -> OK
B38: =template_label_gender_validation -> Gender | C38: =IF(COUNTIF('Social Disclosures'!H18:H21, template_label_missing_value) > 0, template_label_missing_value, IF(COUNTIF('Social Disclosures'!H18:H21, template_label_ok) > 0, template_label_ok, "-")) -> OK
B39: =template_label_country_of_employment_validation -> Country of employment | C39: =IF(COUNTIF('Social Disclosures'!I29:I32, template_label_missing_value) > 0, template_label_missing_value, IF(COUNTIF('Social Disclosures'!I29:I32, template_label_ok) > 0, template_label_ok, "-")) -> OK
B40: =template_label_turnover_rate_validation -> Turnover rate | C40: =IF(COUNTIF('Social Disclosures'!I38:I40, template_label_missing_value) > 0, template_label_missing_value, IF(COUNTIF('Social Disclosures'!I38:I40, template_label_ok) > 0, template_label_ok, "-")) -> OK
B41: =template_label_b9_workforce_health_and_safety_validation -> · B9 - Workforce – Health and safety | C41: =IF(COUNTIF('Social Disclosures'!I44:I48, template_label_missing_value) > 0, template_label_missing_value, IF(COUNTIF('Social Disclosures'!I44:I48, template_label_ok) > 0, template_label_ok, "-")) -> OK
B42: =template_label_b10_workforce_remuneration_collective_bargaining_and_training_validation -> · B10 - Workforce – Remuneration, collective bargaining and training | C42: =IF(COUNTIF('Social Disclosures'!I58:I61, template_label_missing_value) > 0, template_label_missing_value, IF(COUNTIF('Social Disclosures'!I58:I61, template_label_ok) > 0, template_label_ok, "-")) -> OK
B43: =template_label_governance_disclosures_validation -> Governance Disclosures
B44: =template_label_b11_convictions_and_fines_for_corruption_and_bribery_validation -> · B11 - Convictions and fines for corruption and bribery | C44: =IF(COUNTIF('Governance Disclosures'!I6:I7, template_label_missing_value) > 0, template_label_missing_value, IF(COUNTIF('Governance Disclosures'!I6:I7, template_label_ok) > 0, template_label_ok, "-")) -> -
B45: =template_label_comprehensive_module_validation -> Comprehensive Module
B46: =template_label_general_information_validation -> General Information
B47: =template_label_c1_strategy_business_model_and_sustainability_related_initiatives_validation -> · C1 - Strategy: Business Model and Sustainability – Related Initiatives | C47: =IF(COUNTIF('General Information'!H155:H161, template_label_missing_value) > 0, template_label_missing_value, IF(COUNTIF('General Information'!H155:H161, template_label_ok) > 0, template_label_ok, "-")) -> OK
B48: =template_label_c2_description_of_practices_policies_and_future_initiatives_for_transitioning_towards_a_more_sustainable_economy_validation -> · C2 - Description of practices, policies and future initiatives for transitioning towards a more sustainable economy | C48: =IF(COUNTIF('General Information'!H149:H151, template_label_missing_value) > 0, template_label_missing_value, IF(COUNTIF('General Information'!H149:H151, template_label_ok) > 0, template_label_ok, "-")) -> OK
B49: =template_label_environmental_disclosures_validation -> Environmental Disclosures
B50: =template_label_c3_ghg_reduction_targets_and_climate_transition_validation -> · C3 - GHG reduction targets and climate transition | C50: =IF(COUNTIF(C51:C53, template_label_error_plus_missing_value_plus_value_inconsistency) > 0, template_label_error_plus_missing_value_plus_value_inconsistency, IF(COUNTIF(C51:C53, template_label_error_plus_value_inconsistency) > 0, template_label_error_plus_value_inconsistency, IF(COUNTIF(C51:C53, template_label_error_plus_missing_value) > 0, template_label_error_plus_missing_value, IF(COUNTIF(C51:C53, template_label_error) > 0, template_label_error, IF(COUNTIF(C51:C53, template_label_missing_value_plus_value_inconsistency) > 0, template_label_missing_value_plus_value_inconsistency, IF(COUNTIF(C51:C53, template_label_value_inconsistency) > 0, template_label_value_inconsistency, IF(COUNTIF(C51:C53, template_label_missing_value) > 0, template_label_missing_value, IF(AND( COUNTIFS(C51:C53, "<>OK", C51:C53, "<>-") = 0, COUNTIF(C51:C53, template_label_ok) > 0 ), template_label_ok, IF(COUNTIF(C51:C53, "-") = ROWS(C51:C53), "-", ""))))))))) -> OK
B51: =template_label_ghg_reduction_targets_in_tc02e_validation -> GHG reduction targets (in tC02e) | C51: =IF(AND('General Information'!E32 = "Option A (Basic Module only)", COUNTA('Environmental Disclosures'!G21:G24) = 0), "-", IF(COUNTIF('Environmental Disclosures'!L52, template_label_missing_value) > 0, template_label_missing_value, IF(COUNTIF('Environmental Disclosures'!L52, template_label_ok) > 0, template_label_ok, "-"))) -> OK
B52: =template_label_disclosure_of_list_of_main_actions_the_entity_seeks_in_order_to_achieve_its_targets_validation -> Disclosure of list of main actions the entity seeks in order to achieve its targets | C52: =IF(COUNTIF('Environmental Disclosures'!L52, template_label_missing_value) > 0, template_label_missing_value, IF(COUNTIF('Environmental Disclosures'!L52, template_label_ok) > 0, template_label_ok, "-")) -> OK
B53: =template_label_transition_plan_for_undertakings_operating_in_high_climate_impact_sectors_validation -> Transition plan for undertakings operating in high climate impact sectors | C53: =IF( AND( COUNTIF('Environmental Disclosures'!L57:L59, template_label_missing_value) > 0, COUNTIF('Environmental Disclosures'!L57:L59, template_label_error) = 0, COUNTIF('Environmental Disclosures'!L57:L59, template_label_ok) >= 0 ), template_label_missing_value, IF( AND( COUNTIF('Environmental Disclosures'!L57:L59, template_label_error) > 0, COUNTIF('Environmental Disclosures'!L57:L59, template_label_missing_value) = 0, COUNTIF('Environmental Disclosures'!L57:L59, template_label_ok) >= 0 ), template_label_error, IF( AND( COUNTIF('Environmental Disclosures'!L57:L59, template_label_error) > 0, COUNTIF('Environmental Disclosures'!L57:L59, template_label_missing_value) > 0, COUNTIF('Environmental Disclosures'!L57:L59, template_label_ok) >= 0 ), template_label_error_plus_missing_value, IF( AND( COUNTIF('Environmental Disclosures'!L57:L59, template_label_error) = 0, COUNTIF('Environmental Disclosures'!L57:L59, template_label_missing_value) = 0, COUNTIF('Environmental Disclosures'!L57:L59, template_label_ok) > 0 ), template_label_ok, "-" ) ) )) -> OK
B54: =template_label_c4_climate_risks_validation -> · C4 - Climate risks | C54: =IF(COUNTIF('Environmental Disclosures'!L236:L240, template_label_missing_value) > 0, template_label_missing_value, IF(COUNTIF('Environmental Disclosures'!L236:L240, template_label_ok) > 0, template_label_ok, "-")) -> -
B55: =template_label_social_disclosures_validation -> Social Disclosures
B56: =template_label_c5_additional_general_workforce_characteristics_validation -> · C5 - Additional (general) workforce characteristics | C56: =IF(COUNTIF('Social Disclosures'!I66:I70, template_label_ok) > 0, template_label_ok, "-") -> OK
B57: =template_label_c6_additional_own_workforce_information_human_rights_policies_and_processes_validation -> · C6 - Additional own workforce information - Human rights policies and processes | C57: =IF( AND( COUNTIF('Social Disclosures'!I73:I82, template_label_missing_value) > 0, COUNTIF('Social Disclosures'!I73:I82, template_label_value_inconsistency) = 0, COUNTIF('Social Disclosures'!I73:I82, template_label_ok) >= 0 ), template_label_missing_value, IF( AND( COUNTIF('Social Disclosures'!I73:I82, template_label_value_inconsistency) > 0, COUNTIF('Social Disclosures'!I73:I82, template_label_missing_value) = 0, COUNTIF('Social Disclosures'!I73:I82, template_label_ok) >= 0 ), template_label_value_inconsistency, IF( AND( COUNTIF('Social Disclosures'!I73:I82, template_label_value_inconsistency) > 0, COUNTIF('Social Disclosures'!I73:I82, template_label_missing_value) > 0, COUNTIF('Social Disclosures'!I73:I82, template_label_ok) >= 0 ), template_label_missing_value_plus_value_inconsistency, IF( AND( COUNTIF('Social Disclosures'!I73:I82, template_label_value_inconsistency) = 0, COUNTIF('Social Disclosures'!I73:I82, template_label_missing_value) = 0, COUNTIF('Social Disclosures'!I73:I82, template_label_ok) > 0 ), template_label_ok, "-" ) ) )) -> OK
B58: =template_label_c7_severe_negative_human_rights_incidents_validation -> · C7 - Severe negative human rights incidents | C58: =IF( AND( COUNTIF('Social Disclosures'!I85:I95, template_label_missing_value) > 0, COUNTIF('Social Disclosures'!I85:I95, template_label_value_inconsistency) = 0, COUNTIF('Social Disclosures'!I85:I95, template_label_ok) >= 0 ), template_label_missing_value, IF( AND( COUNTIF('Social Disclosures'!I85:I95, template_label_value_inconsistency) > 0, COUNTIF('Social Disclosures'!I85:I95, template_label_missing_value) = 0, COUNTIF('Social Disclosures'!I85:I95, template_label_ok) >= 0 ), template_label_value_inconsistency, IF( AND( COUNTIF('Social Disclosures'!I85:I95, template_label_value_inconsistency) > 0, COUNTIF('Social Disclosures'!I85:I95, template_label_missing_value) > 0, COUNTIF('Social Disclosures'!I85:I95, template_label_ok) >= 0 ), template_label_missing_value_plus_value_inconsistency, IF( AND( COUNTIF('Social Disclosures'!I85:I95, template_label_value_inconsistency) = 0, COUNTIF('Social Disclosures'!I85:I95, template_label_missing_value) = 0, COUNTIF('Social Disclosures'!I85:I95, template_label_ok) > 0 ), template_label_ok, "-" ) ) )) -> OK
B59: =template_label_governance_disclosures_validation -> Governance Disclosures
B60: =template_label_c8_revenues_from_certain_sectors_and_exclusion_from_eu_reference_benchmarks_validation -> · C8 - Revenues from certain activities and exclusion from EU reference benchmarks | C60: =IF(COUNTIF(C61:C62, template_label_error_plus_missing_value_plus_value_inconsistency) > 0, template_label_error_plus_missing_value_plus_value_inconsistency, IF(COUNTIF(C61:C62, template_label_error_plus_value_inconsistency) > 0, template_label_error_plus_value_inconsistency, IF(COUNTIF(C61:C62, template_label_error_plus_missing_value) > 0, template_label_error_plus_missing_value, IF(COUNTIF(C61:C62, template_label_error) > 0, template_label_error, IF(COUNTIF(C61:C62, template_label_missing_value_plus_value_inconsistency) > 0, template_label_missing_value_plus_value_inconsistency, IF(COUNTIF(C61:C62, template_label_value_inconsistency) > 0, template_label_value_inconsistency, IF(COUNTIF(C61:C62, template_label_missing_value) > 0, template_label_missing_value, IF(COUNTIF(C61:C62, template_label_ok) = ROWS(C61:C62), template_label_ok, IF(COUNTIF(C61:C62, "-") = ROWS(C61:C62), "-", template_label_ok))))))))) -> OK
B61: =template_label_revenues_from_certain_sectors_validation -> Revenues from certain activities | C61: =IF(COUNTIF('Governance Disclosures'!I12:I18, template_label_value_inconsistency) > 0, template_label_value_inconsistency, IF(COUNTIF('Governance Disclosures'!I12:I18, template_label_ok) > 0, template_label_ok, "-")) -> -
B62: =template_label_exclusion_from_eu_reference_benchmarks_validation -> Exclusion from EU reference benchmarks | C62: =IF(COUNTIF('Governance Disclosures'!I22:I26, template_label_missing_value) > 0, template_label_missing_value, IF(COUNTIF('Governance Disclosures'!I22:I26, template_label_ok) > 0, template_label_ok, "-")) -> OK
B63: =template_label_c9_gender_diversity_ratio_in_the_governance_body_validation -> · C9 - Gender diversity ratio in the governance body | C63: =IF(COUNTIF('Governance Disclosures'!I31:I32, template_label_missing_value) > 0, template_label_missing_value, IF(COUNTIF('Governance Disclosures'!I31:I32, template_label_ok) > 0, template_label_ok, "-")) -> OK
B64: =template_label_additional_disclosures_validation -> Additional Disclosures
B65: =template_label_disclosure_of_any_other_general_and_or_entity_specific_information_on_the_reporting_period_validation -> · Disclosure of any other general and/or entity specific information on the reporting period | C65: =IF('General Information'!I165 = template_label_ok, template_label_ok, "")
B66: =template_label_disclosure_of_any_other_environmental_and_or_entity_specific_environmental_disclosures_validation -> · Disclosure of any other environmental and/or entity specific environmental disclosures | C66: =IF('Environmental Disclosures'!M244 = template_label_ok, template_label_ok, "")
B67: =template_label_disclosure_of_any_other_social_and_or_entity_specific_social_disclosures_validation -> · Disclosure of any other social and/or entity specific social disclosures | C67: =IF('Social Disclosures'!I101 = template_label_ok, template_label_ok, "")
B68: =template_label_disclosure_of_any_other_governance_and_or_entity_specific_governance_disclosures_validation -> · Disclosure of any other governance and/or entity specific governance disclosures | C68: =IF('Governance Disclosures'!I38 = template_label_ok, template_label_ok, "")

Sheet General Information
A1: =template_label_paragraph_reference -> Paragraph Reference | B1: =template_label_paragraph_guidance_reference -> Paragraph Guidance Reference
C2: =template_label_information_on_the_report_necessary_for_xbrl & " " & template_label_always_to_be_reported -> Information on the report necessary for XBRL [Always to be reported]
C3: =template_label_name_of_the_reporting_entity -> Name of the reporting entity | D3: Exotec SAS | F3: =IF(D3 = "", template_label_missing_value, template_label_ok) -> OK
C4: =template_label_identifier_of_the_reporting_entity -> Identifier of the reporting entity (select and specify on the right) | D4: EU ID | E4: FR5910.812878742 | F4: =IF(OR(D4 = "", E4 = ""), template_label_missing_value, template_label_ok) -> OK | G4: =template_label_identifier_warning -> ℹ️ The entity identifier is a unique ID, that will enable identifying the company that has reported the information. The VSME Standard does not require any specific identifier. An entity identifier is required for the digital reporting.
C5: =template_label_currency_of_the_monetary_values_in_the_report -> Currency of the monetary values in the report | D5: EUR | F5: =IF(D5 = "", template_label_missing_value, template_label_ok) -> OK
C6: =template_label_starting_year -> Starting year | D6: 2025 | F6: =IF(OR(D6 = "", D7 = "", D8 = ""), template_label_missing_value, IF(OR( AND(D7 = 2, D8 > 29), AND(D7 = 2, D8 = 29, NOT(AND(MOD(D6, 4) = 0, OR(MOD(D6, 100) <> 0, MOD(D6, 400) = 0)))), AND(OR(D7 = 4, D7 = 6, D7 = 9, D7 = 11), D8 = 31) ), template_label_error, IF(F10 = template_label_value_inconsistency, template_label_value_inconsistency, template_label_ok) ) ) -> OK | G6: =template_label_date_warning -> ℹ️ If VALUE INCONSISTENCY message appears on the right, please ensure that the reporting period end date is greater than the reporting period start date.
C7: =template_label_starting_month -> Starting month | D7: 1
C8: =template_label_starting_day -> Starting day | D8: 1
C9: =template_label_reporting_period_start_date -> Reporting period start date (yyyy-mm-dd) | D9: =IF(OR(ISBLANK(D6), ISBLANK(D7), ISBLANK(D8)), "-", D6 & "-" & TEXT(D7, "00") & "-" & TEXT(D8, "00")) -> 2025-01-01
C10: =template_label_ending_year -> Ending year | D10: 2025 | F10: =IF(OR(D10 = "", D11 = "", D12 = ""), template_label_missing_value, IF(OR( AND(D11 = 2, D12 > 29), AND(D11 = 2, D12 = 29, NOT(AND(MOD(D10, 4) = 0, OR(MOD(D10, 100) <> 0, MOD(D10, 400) = 0)))), AND(OR(D11 = 4, D11 = 6, D11 = 9, D11 = 11), D12 = 31) ), template_label_error, IF(D10 < D6, template_label_value_inconsistency, IF(D10 > D6, template_label_ok, IF(AND(D10 = D6, MATCH(D11, {1;2;3;4;5;6;7;8;9;10;11;12}, 0) < MATCH(D7, {1;2;3;4;5;6;7;8;9;10;11;12}, 0)), template_label_value_inconsistency, IF(AND(D10 = D6, MATCH(D11, {1;2;3;4;5;6;7;8;9;10;11;12}, 0) > MATCH(D7, {1;2;3;4;5;6;7;8;9;10;11;12}, 0)), template_label_ok, IF(AND(D10 = D6, MATCH(D11, {1;2;3;4;5;6;7;8;9;10;11;12}, 0) = MATCH(D7, {1;2;3;4;5;6;7;8;9;10;11;12}, 0), D12 < D8), template_label_value_inconsistency, template_label_ok ))))))) -> OK | G10: =template_label_date_warning -> ℹ️ If VALUE INCONSISTENCY message appears on the right, please ensure that the reporting period end date is greater than the reporting period start date.
C11: =template_label_ending_month -> Ending month | D11: 12
C12: Ending day | D12: 31
C13: =template_label_reporting_period_end_date -> Reporting period end date (yyyy-mm-dd) | D13: =IF(OR(ISBLANK(D10), ISBLANK(D11), ISBLANK(D12)), "-", D10 & "-" & TEXT(D11, "00") & "-" & TEXT(D12, "00")) -> 2025-12-31
C16: =template_label_information_on_previous_reporting_period -> Information on previous reporting period
C17: 16
C18: =template_label_disclosures_from_the_previous_reporting_period_that_remain_unchanged -> This report contains disclosures from the previous reporting period that remain unchanged | E18: FALSE | F18: =IF(E18 = FALSE, "", template_label_ok)
C19: =template_label_disclosures_for_which_no_changes_are_reported_compared_to_the_previous_period_reporting -> List of disclosures for which no changes are reported compared to the previous period reporting | F19: =IF(AND(E18 = FALSE, E19 = ""), "", IF(AND(E18 = FALSE, E19 <> ""), "", IF(AND(E18 = TRUE, E19 = ""), template_label_missing_value, IF(AND(E18 = TRUE, E19 <> "", COUNTIF(E19:E28, E19) = COUNTA(E19:E28), COUNTA(E19:E28) > 1), template_label_value_inconsistency, template_label_ok)))) | G19: =template_label_additional_rows_warning -> ℹ️ Lists can be expanded using the little [+] button on the left. If the number of rows is not sufficient, those can be added by right clicking the second row and selecting "Insert row".
F20: =IF($E$18 = FALSE, "", IF(E20 = "", "", IF(COUNTIF($E$19:$E$28, E20) > 1, template_label_value_inconsistency, template_label_ok)))
F21: =IF($E$18 = FALSE, "", IF(E21 = "", "", IF(COUNTIF($E$19:$E$28, E21) > 1, template_label_value_inconsistency, template_label_ok)))
F22: =IF($E$18 = FALSE, "", IF(E22 = "", "", IF(COUNTIF($E$19:$E$28, E22) > 1, template_label_value_inconsistency, template_label_ok)))
F23: =IF($E$18 = FALSE, "", IF(E23 = "", "", IF(COUNTIF($E$19:$E$28, E23) > 1, template_label_value_inconsistency, template_label_ok)))
F24: =IF($E$18 = FALSE, "", IF(E24 = "", "", IF(COUNTIF($E$19:$E$28, E24) > 1, template_label_value_inconsistency, template_label_ok)))
F25: =IF($E$18 = FALSE, "", IF(E25 = "", "", IF(COUNTIF($E$19:$E$28, E25) > 1, template_label_value_inconsistency, template_label_ok)))
F26: =IF($E$18 = FALSE, "", IF(E26 = "", "", IF(COUNTIF($E$19:$E$28, E26) > 1, template_label_value_inconsistency, template_label_ok)))
F27: =IF($E$18 = FALSE, "", IF(E27 = "", "", IF(COUNTIF($E$19:$E$28, E27) > 1, template_label_value_inconsistency, template_label_ok)))
F28: =IF($E$18 = FALSE, "", IF(E28 = "", "", IF(COUNTIF($E$19:$E$28, E28) > 1, template_label_value_inconsistency, template_label_ok)))
C29: =template_label_link_to_previous_report_containing_disclosures_that_remain_unchanged -> Link to previous report containing disclosures that remain unchanged | F29: =IF(AND(E18 = FALSE, E29 = ""), "", IF(AND(E18 = TRUE, E29 = ""), template_label_missing_value, IF(AND(E18 = FALSE, E29 <> ""), "", IF(AND(E18 = TRUE, E29 <> "", OR(LEFT(E29, 7) = "http://", LEFT(E29, 8) = "https://", LEFT(E29, 4) = "www.")), template_label_ok, IF(E18 = TRUE, template_label_invalid_url, template_label_missing_value)))))
C31: =template_label_b1_basis_for_preparation_and_other_undertakings_general_information & " " & template_label_from & " " & template_starting_date_display & " " & template_label_to & " " & template_ending_date_display & " " & template_label_always_to_be_reported -> B1 - Basis for Preparation and other undertaking's general information from 2025-01-01 to 2025-12-31 [Always to be reported]
A32: 24(a) | B32: N/A | C32: =template_label_basis_for_preparation -> Basis for preparation (Basic Module Only or Basic & Comprehensive Module) | E32: Option B (Basic Module and Comprehensive Module) | F32: =IF(E32 = "", template_label_missing_value, template_label_ok) -> OK
A33: 24(b) | B33: N/A | C33: =template_label_list_of_omitted_disclosures_deemed_to_be_classified_or_sensitive_information -> List of omitted disclosures deemed to be classified or sensitive information | E33: None | F33: =IF(E32 = "", "", IF(AND(OR(E32 = "Option A (Basic Module only)", E32 = "Option B (Basic Module and Comprehensive Module)"), E33 = ""), template_label_missing_value, IF(COUNTIF(E33:E42, E33) > 1, template_label_value_inconsistency, template_label_ok))) -> OK
F34: =IF(AND($E$33 = "None", E34 <> ""), template_label_value_inconsistency, IF(E34 = "", "", IF(COUNTIF($E$33:$E$41, E34) > 1, template_label_value_inconsistency, template_label_ok)))
F35: =IF(AND($E$33 = "None", E35 <> ""), template_label_value_inconsistency, IF(E35 = "", "", IF(COUNTIF($E$33:$E$41, E35) > 1, template_label_value_inconsistency, template_label_ok)))
F36: =IF(AND($E$33 = "None", E36 <> ""), template_label_value_inconsistency, IF(E36 = "", "", IF(COUNTIF($E$33:$E$41, E36) > 1, template_label_value_inconsistency, template_label_ok)))
F37: =IF(AND($E$33 = "None", E37 <> ""), template_label_value_inconsistency, IF(E37 = "", "", IF(COUNTIF($E$33:$E$41, E37) > 1, template_label_value_inconsistency, template_label_ok)))
F38: =IF(AND($E$33 = "None", E38 <> ""), template_label_value_inconsistency, IF(E38 = "", "", IF(COUNTIF($E$33:$E$41, E38) > 1, template_label_value_inconsistency, template_label_ok)))
F39: =IF(AND($E$33 = "None", E39 <> ""), template_label_value_inconsistency, IF(E39 = "", "", IF(COUNTIF($E$33:$E$41, E39) > 1, template_label_value_inconsistency, template_label_ok)))
F40: =IF(AND($E$33 = "None", E40 <> ""), template_label_value_inconsistency, IF(E40 = "", "", IF(COUNTIF($E$33:$E$41, E40) > 1, template_label_value_inconsistency, template_label_ok)))
F41: =IF(AND($E$33 = "None", E41 <> ""), template_label_value_inconsistency, IF(E41 = "", "", IF(COUNTIF($E$33:$E$41, E41) > 1, template_label_value_inconsistency, template_label_ok)))
A42: 24(c) | B42: N/A | C42: =template_label_basis_for_reporting -> Basis for reporting (consolidated or individual basis) | E42: Sustainability report prepared on a consolidated basis | F42: =IF(AND(OR(E32 = "Option A (Basic Module only)", E32 = "Option B (Basic Module and Comprehensive Module)"), E42 = ""), template_label_missing_value, IF(E32 = "", "", template_label_ok)) -> OK
A43: 24(e)(i) | B43: 4 | C43: =template_label_undertakings_legal_form -> Undertakings legal form | E43: private limited liability undertaking | F43: =IF(AND(OR(E32 = "Option A (Basic Module only)", E32 = "Option B (Basic Module and Comprehensive Module)"), E43 = ""), template_label_missing_value, IF(E32 = "", "", template_label_ok)) -> OK | G43: =template_label_other_warning -> ℹ️ When "other" is chosen as undertaking legal form please fill the row below
C44: =template_label_other_undertakings_legal_form_specification -> Other undertaking's legal form specification | F44: =IF(AND(E43 = "other (please specify the legal form in the row below)", E44 <> ""), template_label_ok, IF(AND(E43 = "other (please specify the legal form in the row below)", E44 = ""), template_label_missing_value, IF(AND(E43 = "", E44 = ""), "", IF(AND(E43 <> "other (please specify the legal form in the row below)", E44 = ""), "", ""))))
A45: 24(e)(ii) | B45: 5-6 | C45: =template_label_nace_sector_classification_code -> NACE sector classification code(s) | E45: NACE C - 33.20 Installation of industrial machinery and equipment | F45: =IF(OR(E32 = "Option A (Basic Module only)", E32 = "Option B (Basic Module and Comprehensive Module)"), IF(COUNTIF(enum_ListNACECategories, E45) > 0, template_label_error, IF(E45 = "", template_label_missing_value, IF(COUNTIF(E45:E59, E45) > 1, template_label_value_inconsistency, template_label_ok) ) ), "" ) -> OK | G45: =template_label_NACE_warning -> ℹ️ Please select a NACE code rather than a category else an ERROR message will appear.
E46: NACE C - 28.22 Manufacture of lifting and handling equipment | F46: =IF(COUNTIF(enum_ListNACECategories, E46) > 0, template_label_error, IF(E46 = "", "", IF(COUNTIF(E45:E59, E46) > 1, template_label_value_inconsistency, template_label_ok))) -> OK
F47: =IF(COUNTIF(enum_ListNACECategories, E47) > 0, template_label_error, IF(E47 = "", "", IF(COUNTIF(E46:E60, E47) > 1, template_label_value_inconsistency, template_label_ok)))
F48: =IF(COUNTIF(enum_ListNACECategories, E48) > 0, template_label_error, IF(E48 = "", "", IF(COUNTIF(E47:E61, E48) > 1, template_label_value_inconsistency, template_label_ok)))
F49: =IF(COUNTIF(enum_ListNACECategories, E49) > 0, template_label_error, IF(E49 = "", "", IF(COUNTIF(E48:E62, E49) > 1, template_label_value_inconsistency, template_label_ok)))
F50: =IF(COUNTIF(enum_ListNACECategories, E50) > 0, template_label_error, IF(E50 = "", "", IF(COUNTIF(E49:E63, E50) > 1, template_label_value_inconsistency, template_label_ok)))
F51: =IF(COUNTIF(enum_ListNACECategories, E51) > 0, template_label_error, IF(E51 = "", "", IF(COUNTIF(E50:E64, E51) > 1, template_label_value_inconsistency, template_label_ok)))
F52: =IF(COUNTIF(enum_ListNACECategories, E52) > 0, template_label_error, IF(E52 = "", "", IF(COUNTIF(E51:E65, E52) > 1, template_label_value_inconsistency, template_label_ok)))
F53: =IF(COUNTIF(enum_ListNACECategories, E53) > 0, template_label_error, IF(E53 = "", "", IF(COUNTIF(E52:E66, E53) > 1, template_label_value_inconsistency, template_label_ok)))
F54: =IF(COUNTIF(enum_ListNACECategories, E54) > 0, template_label_error, IF(E54 = "", "", IF(COUNTIF(E53:E67, E54) > 1, template_label_value_inconsistency, template_label_ok)))
F55: =IF(COUNTIF(enum_ListNACECategories, E55) > 0, template_label_error, IF(E55 = "", "", IF(COUNTIF(E54:E68, E55) > 1, template_label_value_inconsistency, template_label_ok)))
F56: =IF(COUNTIF(enum_ListNACECategories, E56) > 0, template_label_error, IF(E56 = "", "", IF(COUNTIF(E55:E69, E56) > 1, template_label_value_inconsistency, template_label_ok)))
F57: =IF(COUNTIF(enum_ListNACECategories, E57) > 0, template_label_error, IF(E57 = "", "", IF(COUNTIF(E56:E70, E57) > 1, template_label_value_inconsistency, template_label_ok)))
F58: =IF(COUNTIF(enum_ListNACECategories, E58) > 0, template_label_error, IF(E58 = "", "", IF(COUNTIF(E57:E71, E58) > 1, template_label_value_inconsistency, template_label_ok)))
F59: =IF(COUNTIF(enum_ListNACECategories, E59) > 0, template_label_error, IF(E59 = "", "", IF(COUNTIF(E58:E72, E59) > 1, template_label_value_inconsistency, template_label_ok)))
A60: 24(e)(iii) | B60: N/A | C60: =template_label_size_of_balance_sheet_in & " " & template_currency -> Size of balance sheet (total assets) in EUR | E60: 449507000 | F60: =IF(AND(OR(E32 = "Option A (Basic Module only)", E32 = "Option B (Basic Module and Comprehensive Module)"), E60 = ""), template_label_missing_value, IF(E32 = "", "", template_label_ok)) -> OK
A61: 24(e)(iv) | B61: N/A | C61: =template_label_turnover_in & " " & template_currency -> Turnover in EUR | E61: 343211000 | F61: =IF(AND(OR(E32 = "Option A (Basic Module only)", E32 = "Option B (Basic Module and Comprehensive Module)"), E61 = ""), template_label_missing_value, IF(E32 = "", "", template_label_ok)) -> OK
A62: 24(e)(v) | B62: 7-8 | C62: =+template_label_number_of_employees -> Number of employees | E62: 1146 | F62: =IF(AND(OR(E32 = "Option A (Basic Module only)", E32 = "Option B (Basic Module and Comprehensive Module)"), E62 = ""), template_label_missing_value, IF(E32 = "", "", template_label_ok)) -> OK
A63: 24(e)(v) | B63: 7-8 | C63: =template_label_employee_counting_methodology_end_of_reporting_period_or_average_during_the_reporting_period -> Employee counting methodology (At the end of reporting period or as an average during the reporting period) | E63: At the end of the reporting period | F63: =IF(AND(OR(E32 = "Option A (Basic Module only)", E32 = "Option B (Basic Module and Comprehensive Module)"), E63 = ""), template_label_missing_value, IF(E32 = "", "", template_label_ok)) -> OK
A64: 24(e)(v) | B64: 7-8 | C64: =template_label_employee_counting_methodology_headcount_or_fulltime_equivalent -> Employee counting methodology (Headcount or Full-time equivalent) | E64: Headcount | F64: =IF(AND(OR(E32 = "Option A (Basic Module only)", E32 = "Option B (Basic Module and Comprehensive Module)"), E64 = ""), template_label_missing_value, IF(E32 = "", "", template_label_ok)) -> OK
A65: 24(e)(vi) | B65: 9-12 | C65: =template_label_country_of_primary_operations_and_location_of_significant_asset -> Country of primary operations and location of significant asset(s) | E65: France | F65: =IF(AND(OR(E32 = "Option A (Basic Module only)", E32 = "Option B (Basic Module and Comprehensive Module)"), E65 = ""), template_label_missing_value, IF(E32 = "", "", template_label_ok)) -> OK
C67: =template_label_b1_list_of_subsidiaries & " " & template_label_from & " " & template_starting_date_display & " " & template_label_to & " " & template_ending_date_display & " " & template_label_if_applicable -> B1 - List of subsidiaries from 2025-01-01 to 2025-12-31 [If applicable]
C68: 24(d)
C69: =template_label_id -> ID | D69: =template_label_name -> Name | E69: =template_label_registered_address -> Registered Address
C70: 1 | D70: Exotec France | E70: 1 avenue du Molinel – 59290 Wasquehal | F70: =IF(AND(BasisForReporting="Sustainability report prepared on a consolidated basis", D70<>"", E70=""), template_label_missing_value, IF(AND(BasisForReporting="Sustainability report prepared on a consolidated basis", D70<>"", E70<>""), template_label_ok, IF(AND(BasisForReporting="Sustainability report prepared on a consolidated basis", D70="", E70=""), template_label_missing_value, ""))) -> OK | G70: =template_label_additional_rows_warning -> ℹ️ Lists can be expanded using the little [+] button on the left. If the number of rows is not sufficient, those can be added by right clicking the second row and selecting "Insert row".
C71: 2 | D71: Exotec Product Holding | E71: 1 avenue du Molinel – 59290 Wasquehal | F71: =IF(AND(D71<>"",E71=""), template_label_missing_value, IF(AND(D71<>"",E71<>""), template_label_ok, IF(AND(D71="",E71=""), "", template_label_missing_value))) -> OK
C72: 3 | D72: Exotec Product France | E72: 1 avenue du Molinel – 59290 Wasquehal | F72: =IF(AND(D72<>"",E72=""), template_label_missing_value, IF(AND(D72<>"",E72<>""), template_label_ok, IF(AND(D72="",E72=""), "", template_label_missing_value))) -> OK
C73: 4 | D73: Exotec Deutschland GmbH | E73: LabCampus 48, 85356 München-Flughafen | F73: =IF(AND(D73<>"",E73=""), template_label_missing_value, IF(AND(D73<>"",E73<>""), template_label_ok, IF(AND(D73="",E73=""), "", template_label_missing_value))) -> OK
C74: 5 | D74: Exotec Logistics UK | E74: 8th Floor South 11 Old Jewry, London, United Kingdom EC2R 8DU | F74: =IF(AND(D74<>"",E74=""), template_label_missing_value, IF(AND(D74<>"",E74<>""), template_label_ok, IF(AND(D74="",E74=""), "", template_label_missing_value))) -> OK
C75: 6 | D75: Exotec Netherlands B.V | E75: Rhijnspoorplein 10, Sarphati Plaza, 1018TX Amsterdam | F75: =IF(AND(D75<>"",E75=""), template_label_missing_value, IF(AND(D75<>"",E75<>""), template_label_ok, IF(AND(D75="",E75=""), "", template_label_missing_value))) -> OK
C76: 7 | D76: Exotec Italia S.R.L. | E76: Corso Giacomo Matteotti 1, 20121, Milano | F76: =IF(AND(D76<>"",E76=""), template_label_missing_value, IF(AND(D76<>"",E76<>""), template_label_ok, IF(AND(D76="",E76=""), "", template_label_missing_value))) -> OK
C77: 8 | D77: Exotec Nihon Co., Ltd | E77: Shinagawa Intercity Tower A 18F, 2-15-1 Konan, Minato-ku, Tokyo | F77: =IF(AND(D77<>"",E77=""), template_label_missing_value, IF(AND(D77<>"",E77<>""), template_label_ok, IF(AND(D77="",E77=""), "", template_label_missing_value))) -> OK
C78: 9 | D78: Exotec Product Japan | E78: Shinagawa Intercity Tower A 18F, 2-15-1 Konan, Minato-ku, Tokyo | F78: =IF(AND(D78<>"",E78=""), template_label_missing_value, IF(AND(D78<>"",E78<>""), template_label_ok, IF(AND(D78="",E78=""), "", template_label_missing_value))) -> OK
C79: 10 | D79: Exotec North America Inc. | E79: 1741 Peachtree Street N.E., Atlanta, GA, 30309 | F79: =IF(AND(D79<>"",E79=""), template_label_missing_value, IF(AND(D79<>"",E79<>""), template_label_ok, IF(AND(D79="",E79=""), "", template_label_missing_value))) -> OK
C80: 11 | D80: Exotec Product USA Inc. | E80: 200 Ottley Drive NE, Suite 400, 30324 Atlanta, Georgia | F80: =IF(AND(D80<>"",E80=""), template_label_missing_value, IF(AND(D80<>"",E80<>""), template_label_ok, IF(AND(D80="",E80=""), "", template_label_missing_value))) -> OK
C81: 12 | D81: Exotec Korea Ltd | E81: 143 Magokjungang-ro, Gangseo-gu, Seoul, | F81: =IF(AND(D81<>"",E81=""), template_label_missing_value, IF(AND(D81<>"",E81<>""), template_label_ok, IF(AND(D81="",E81=""), "", template_label_missing_value))) -> OK
C82: 13 | F82: =IF(AND(D82<>"",E82=""), template_label_missing_value, IF(AND(D82<>"",E82<>""), template_label_ok, IF(AND(D82="",E82=""), "", template_label_missing_value)))
C83: 14 | F83: =IF(AND(D83<>"",E83=""), template_label_missing_value, IF(AND(D83<>"",E83<>""), template_label_ok, IF(AND(D83="",E83=""), "", template_label_missing_value)))
C84: 15 | F84: =IF(AND(D84<>"",E84=""), template_label_missing_value, IF(AND(D84<>"",E84<>""), template_label_ok, IF(AND(D84="",E84=""), "", template_label_missing_value)))
C85: 16 | F85: =IF(AND(D85<>"",E85=""), template_label_missing_value, IF(AND(D85<>"",E85<>""), template_label_ok, IF(AND(D85="",E85=""), "", template_label_missing_value)))
C86: 17 | F86: =IF(AND(D86<>"",E86=""), template_label_missing_value, IF(AND(D86<>"",E86<>""), template_label_ok, IF(AND(D86="",E86=""), "", template_label_missing_value)))
C87: 18 | F87: =IF(AND(D87<>"",E87=""), template_label_missing_value, IF(AND(D87<>"",E87<>""), template_label_ok, IF(AND(D87="",E87=""), "", template_label_missing_value)))
C88: 19 | F88: =IF(AND(D88<>"",E88=""), template_label_missing_value, IF(AND(D88<>"",E88<>""), template_label_ok, IF(AND(D88="",E88=""), "", template_label_missing_value)))
C89: 20 | F89: =IF(AND(D89<>"",E89=""), template_label_missing_value, IF(AND(D89<>"",E89<>""), template_label_ok, IF(AND(D89="",E89=""), "", template_label_missing_value)))
C90: 21 | F90: =IF(AND(D90<>"",E90=""), template_label_missing_value, IF(AND(D90<>"",E90<>""), template_label_ok, IF(AND(D90="",E90=""), "", template_label_missing_value)))
C91: 22 | F91: =IF(AND(D91<>"",E91=""), template_label_missing_value, IF(AND(D91<>"",E91<>""), template_label_ok, IF(AND(D91="",E91=""), "", template_label_missing_value)))
C92: 23 | F92: =IF(AND(D92<>"",E92=""), template_label_missing_value, IF(AND(D92<>"",E92<>""), template_label_ok, IF(AND(D92="",E92=""), "", template_label_missing_value)))
C93: 24 | F93: =IF(AND(D93<>"",E93=""), template_label_missing_value, IF(AND(D93<>"",E93<>""), template_label_ok, IF(AND(D93="",E93=""), "", template_label_missing_value)))
C94: 25 | F94: =IF(AND(D94<>"",E94=""), template_label_missing_value, IF(AND(D94<>"",E94<>""), template_label_ok, IF(AND(D94="",E94=""), "", template_label_missing_value)))
C96: =template_label_b1_disclosure_of_sustainability_related_certification_or_label & " " & template_label_from & " " & template_starting_date_display & " " & template_label_to & " " & template_ending_date_display & " " & template_label_if_applicable -> B1 - Disclosure of sustainability-related certification(s) or label(s) from 2025-01-01 to 2025-12-31 [If applicable]
C97: 25
C98: 13
C99: =template_label_has_the_undertaking_put_in_place_specific_practices_policies_and_or_future -> Has the undertaking put in place specific practices policies and or future initiatives for transitioning towards a more sustainable economy? | E99: TRUE
C100: =template_label_description_of_sustainability_related_certification_or_label -> Description of sustainability-related certification(s) or label(s) including where relevant the issuers of the certification or label date and rating score | E100: Exotec has an approved near-term science-based target, validated by the SBTi. Exotec has been granted a "Committed badge" by Ecovadis (score 45/100 in 2025). | I100: =IF(AND(E99=TRUE,E100=""), template_label_missing_value, IF(AND(E99=TRUE,E100<>""), template_label_ok, "")) -> OK
C102: =template_label_b1_list_of_site& " " & template_label_from & " " & template_starting_date_display & " " & template_label_to & " " & template_ending_date_display & " " & template_label_always_to_be_reported -> B1 - List of site(s) from 2025-01-01 to 2025-12-31 [Always to be reported]
C103: 24(e)(vii)
C104: 9-12
C105: =template_label_id -> ID | D105: =template_label_address -> Address | E105: =template_label_postal_code -> Postal code | F105: =template_label_city -> City | G105: =template_label_country -> Country | H105: =template_label_gps_coordinates -> GPS Coordinates (geolocation)
H106: =template_label_automatic_geolocation -> Automatic geolocation: enabling the OpenStreetMaps's automatic geolocation with the checkbox below the undertaking is declaring to be fully aware and in acceptance of Nominatim Usage Policy and Privacy Policy. OpenStreetMap® is open data licensed under the Open Data Commons Open Database License (ODbL) by the OpenStreetMap Foundation (OSMF). All data belong and are owned by OpenStreetMap®.
...

Sheet Environmental Disclosures
A1: =template_label_paragraph_reference -> Paragraph Reference | B1: =template_label_paragraph_guidance_reference -> Paragraph Guidance Reference
C2: =template_label_b3_total_energy_consumption&" "&template_label_from&" "&template_starting_date_display&" "&template_label_to&" "&template_ending_date_display&" "&template_label_always_to_be_reported -> B3 - Total Energy Consumption (in MWh) from 2025-01-01 to 2025-12-31 [Always to be reported]
C3: 29
C4: 18-25
C5: =template_label_total_energy_consumption -> Total Energy Consumption | G5: 3410.805 | L5: =IF(AND(OR('General Information'!E32="Option A (Basic Module only)", 'General Information'!E32="Option B (Basic Module and Comprehensive Module)"), G5=""), template_label_missing_value, IF('General Information'!E32="", "", template_label_ok)) -> OK
C7: =template_label_b3_breakdown_of_energy_consumption&" "&template_label_from&" "&template_starting_date_display&" "&template_label_to&" "&template_ending_date_display&" "&template_label_if_applicable -> B3 - Breakdown of energy consumption (in MWh) from 2025-01-01 to 2025-12-31 [If applicable]
C8: 29
C9: 18-25
C10: =template_label_has_the_undertaking_obtained_the_necessary_information_to_provide_an_energy_consumption_breakdown -> Has the undertaking obtained the necessary information to provide an energy consumption breakdown? | G10: TRUE
G11: =template_label_renewable -> Renewable | J11: =template_label_non_renewable -> Non-renewable | K11: =template_label_total_renewable_and_nonrenewable -> Total renewable and non-renewable
C12: =template_label_electricity -> Electricity (as reflected in utility billings) | G12: 0 | J12: 1918 | K12: =IF(AND(G12="",J12=""),"-",SUM(G12:J12)) -> 1918 | L12: {=IF(G10=TRUE, IF(SUMPRODUCT(--(G12:J14<>"-"), --(G12:J14<>""))>0, IF(SUM(G12:J14) > TotalEnergyConsumption, template_label_value_inconsistency, template_label_ok), template_label_missing_value), "")} -> OK
C13: =template_label_selfgenerated_electricity -> Self-generated electricity | G13: 0 | J13: 0 | K13: =IF(AND(G13="",J13=""),"-",SUM(G13:J13)) -> 0
C14: =template_label_fuels -> Fuels (see Fuel Converter on Fuels worksheet) | G14: 0 | J14: 1492.805 | K14: =IF(AND(G14="-",J14="-"),"-",SUM(G14:J14)) -> 1492.805 | M14: =template_label_energy_consumption_warning -> ℹ️ Please note that the formula present in this cell may be overwritten in case the undertaking wants to directly provide the value.
C16: =template_label_b3_estimated_greenhouse_gas_emissions& " "&template_label_always_to_be_reported -> B3 - Estimated Greenhouse Gas Emissions considering the GHG Protocol Version 2004 (in tCO2e) [Always to be reported] | G16: =template_label_c3_ghg_reduction_targets&" "&template_label_if_applicable -> C3 - GHG reduction targets (in tC02e) [If applicable]
C17: 30 | G17: 54(b) | J17: 54(a) | K17: 54(d)
C18: N/A | D18: 26-45 | G18: 152-158 | J18: 152-158 | K18: 152-158
G19: =template_label_has_the_undertaking_has_established_ghg_emission_reduction_targets -> Has the undertaking has established GHG emission reduction targets? | J19: TRUE
D20: =template_label_current_reporting_period -> Current Reporting Period | G20: =template_label_base_year -> Base Year | J20: =template_label_target_year -> Target Year | K20: =template_label_percentage_reduction_from_base_year -> Percentage reduction from base year
A21: =template_label_GHG_calculator -> ℹ️ Check EFRAG website for a non-exhaustive list of GHG calculators. | C21: =template_label_year_date -> Year (date) | D21: =IF('General Information'!$D$9="", "-", 'General Information'!$D$9) & " - " & IF('General Information'!$D$13="", "-", 'General Information'!$D$13) -> 2025-01-01 - 2025-12-31 | G21: 2023 | J21: 2030 | L21: =IF(AND(J19=TRUE, G21<>"", J21<>""), template_label_ok, IF(AND(J19=TRUE, G21="", J21=""), template_label_missing_value, IF(AND(J19=FALSE, G21="", J21=""), "", IF(AND(J19=TRUE, OR(G21="", J21="")), template_label_missing_value, "")))) -> OK
C22: =template_label_gross_scope_1_ghg_emissions -> Gross Scope 1 GHG Emissions | D22: 244 | G22: 0 | J22: 0 | K22: =IF(AND(G22="", J22=""), "-", IFERROR(-(1 - (J22 / G22)), "-")) -> - | L22: =IF(AND(OR(BasisForPreparation="Option A (Basic Module Only)", BasisForPreparation="Option B (Basic Module and Comprehensive Module)"), D22="", J19=FALSE), template_label_missing_value, IF(AND(OR(BasisForPreparation="Option A (Basic Module Only)", BasisForPreparation="Option B (Basic Module and Comprehensive Module)"), D22<>"", G22<>"", J22<>"", J19=TRUE), template_label_ok, IF(AND(BasisForPreparation="Option A (Basic Module Only)", D22<>"", OR(G22="", J22=""), J19=FALSE), template_label_ok, IF(AND(BasisForPreparation="Option A (Basic Module Only)", D22<>"", OR(G22="", J22=""), J19=TRUE), template_label_missing_value, IF(AND(BasisForPreparation="Option B (Basic Module and Comprehensive Module)", D22<>"", OR(G22="", J22=""), J19=TRUE), template_label_missing_value, IF(AND(BasisForPreparation="Option B (Basic Module and Comprehensive Module)", D22="", OR(G22="", J22=""), J19=TRUE), template_label_missing_value, IF(AND(BasisForPreparation="Option A (Basic Module Only)", D22<>"", G22="", J22="", J19=FALSE), template_label_ok, IF(AND(BasisForPreparation="Option B (Basic Module and Comprehensive Module)", D22<>"", G22="", J22="", J19=FALSE), template_label_ok, IF(OR(BasisForPreparation="", D22="", G22="", J22="", J19=FALSE), "", template_label_missing_value))))))))) -> OK
C23: =template_label_gross_scope_2_location_based_ghg_emissions -> Gross Scope 2 location-based GHG Emissions | D23: 325 | G23: 128 | J23: 74.24 | K23: =IF(AND(G23="", J23=""), "-", IFERROR(-(1 - (J23 / G23)), "-")) -> -0.42 | L23: =IF(AND(OR(BasisForPreparation="Option A (Basic Module Only)", BasisForPreparation="Option B (Basic Module and Comprehensive Module)"), D23="", J19=FALSE), template_label_missing_value, IF(AND(OR(BasisForPreparation="Option A (Basic Module Only)", BasisForPreparation="Option B (Basic Module and Comprehensive Module)"), D23<>"", G23<>"", J23<>"", J19=TRUE), template_label_ok, IF(AND(BasisForPreparation="Option A (Basic Module Only)", D23<>"", OR(G23="", J23=""), J19=FALSE), template_label_ok, IF(AND(BasisForPreparation="Option A (Basic Module Only)", D23<>"", OR(G23="", J23=""), J19=TRUE), template_label_missing_value, IF(AND(BasisForPreparation="Option B (Basic Module and Comprehensive Module)", D23<>"", OR(G23="", J23=""), J19=TRUE), template_label_missing_value, IF(AND(BasisForPreparation="Option B (Basic Module and Comprehensive Module)", D23="", OR(G23="", J23=""), J19=TRUE), template_label_missing_value, IF(AND(BasisForPreparation="Option A (Basic Module Only)", D23<>"", G23="", J23="", J19=FALSE), template_label_ok, IF(AND(BasisForPreparation="Option B (Basic Module and Comprehensive Module)", D23<>"", G23="", J23="", J19=FALSE), template_label_ok, IF(OR(BasisForPreparation="", D23="", G23="", J23="", J19=FALSE), "", template_label_missing_value))))))))) -> OK
C24: =template_label_gross_scope_2_market_based_ghg_emissions & " - " & template_label_may_not_headline -> Gross scope 2 market-based GHG Emissions - May (optional) | D24: 325 | G24: 128 | J24: 74.24 | K24: =IF(AND(G24="", J24=""), "-", IFERROR(-(1 - (J24 / G24)), "-")) -> -0.42 | L24: =IF(D24<>"", IF(AND(G24="", J24=""), template_label_ok, IF(AND(G24<>"", J24=""), template_label_missing_value, template_label_ok) ), "") -> OK
C25: =template_label_total_scope_1_and_scope_2_ghg_emissions_location_based -> Total Scope 1 and Scope 2 GHG Emissions (location-based) | D25: =IF(AND(D22="",D23=""),"-",SUM(D22,D23)) -> 569 | G25: =IF(AND(G22="",G23=""),"-",SUM(G22,G23)) -> 128 | J25: =IF(AND(J22="",J23=""),"-",SUM(J22,J23)) -> 74.24 | K25: =IF(AND(G25="", J25=""), "-", IFERROR(-(1 - (J25 / G25)), "-")) -> -0.42
C26: =template_label_total_scope_1_and_scope_2_ghg_emissions_market_based & " - " & template_label_may_not_headline -> Total Scope 1 and Scope 2 GHG emissions (market-based) - May (optional) | D26: =IF(OR(D22="",D24=""),"-",SUM(D22,D24)) -> 569 | G26: =IF(OR(G22="",G24=""),"-",SUM(G22,G24)) -> 128 | J26: =IF(OR(J22="",J24=""),"-",SUM(J22,J24)) -> 74.24 | K26: =IF(AND(G26="", J26=""), "-", IFERROR(-(1 - (J26 / G26)), "-")) -> -0.42
C27: 50-53 | G27: 54
C28: N/A | D28: 150-151 | G28: N/A | J28: N/A
C29: =template_label_is_the_undertaking_disclosing_entity_specific_information_on_scope_3_emissions -> Is the undertaking disclosing entity-specific information on Scope 3 emissions (in tCO2e)? | G29: TRUE
C30: =template_label_1_purchased_goods_and_services -> 1. Purchased Goods and Services | D30: 51467 | G30: 58131 | J30: 146034 | K30: =IF(OR(G30="", J30=""), "-", IFERROR(-(1 - (J30 / G30)), "-")) -> 1.5121536 | L30: {=IF( OR( SUMPRODUCT((G30:G44<>"")*(J30:J44="")) > 0, SUMPRODUCT((J30:J44<>"")*(G30:G44="")) > 0 ), template_label_missing_value, IF( AND(G29=TRUE, COUNTA(D30:F44)=0), template_label_missing_value, IF(G29=FALSE, "", template_label_ok) ) )} -> OK | M30: =template_label_scope_3_categories_warning -> ℹ️ Scope 3 categories according to the GHG protocol might help to calculate the total Scope 3 GHG emissions. In case the undertaking wants to, it can directly provide the Total Scope 3 GHG emissions in the respective cell.
C31: =template_label_2_capital_goods -> 2. Capital Goods | D31: 957 | G31: 535 | J31: 2902.9401 | K31: =IF(OR(G31="", J31=""), "-", IFERROR(-(1 - (J31 / G31)), "-")) -> 4.4260563
C32: =template_label_3_fuel__and_energy_related_activities -> 3. Fuel- and Energy-Related Activities (Not Included in Scope 1 or Scope 2) | D32: - | G32: 0 | J32: 0 | K32: =IF(OR(G32="", J32=""), "-", IFERROR(-(1 - (J32 / G32)), "-")) -> -
C33: =template_label_4_upstream_transportation_and_distribution -> 4. Upstream Transportation and Distribution | D33: 3048 | G33: 2677 | J33: 48717 | K33: =IF(OR(G33="", J33=""), "-", IFERROR(-(1 - (J33 / G33)), "-")) -> 17.198356
C34: =template_label_5_waste_generated_in_operations -> 5. Waste Generated in Operations | D34: 261 | G34: 67 | J34: 363.54577 | K34: =IF(OR(G34="", J34=""), "-", IFERROR(-(1 - (J34 / G34)), "-")) -> 4.4260563
C35: =template_label_6_business_travel -> 6. Business Travel | D35: 1637 | G35: 1884 | J35: 10222.69 | K35: =IF(OR(G35="", J35=""), "-", IFERROR(-(1 - (J35 / G35)), "-")) -> 4.4260563
C36: =template_label_7_employee_commuting -> 7. Employee Commuting | D36: 1547 | G36: 453 | J36: 2458.0035 | K36: =IF(OR(G36="", J36=""), "-", IFERROR(-(1 - (J36 / G36)), "-")) -> 4.4260563
C37: =template_label_8_upstream_leased_assets -> 8. Upstream Leased Assets | D37: - | G37: 0 | J37: 0 | K37: =IF(OR(G37="", J37=""), "-", IFERROR(-(1 - (J37 / G37)), "-")) -> -
C38: =template_label_9_downstream_transportation_and_distribution -> 9. Downstream Transportation and Distribution | D38: - | G38: 0 | J38: 0 | K38: =IF(OR(G38="", J38=""), "-", IFERROR(-(1 - (J38 / G38)), "-")) -> -
C39: =template_label_10_processing_of_sold_products -> 10. Processing of Sold Products | D39: - | G39: 0 | J39: 0 | K39: =IF(OR(G39="", J39=""), "-", IFERROR(-(1 - (J39 / G39)), "-")) -> -
C40: =template_label_11_use_of_sold_products -> 11. Use of Sold Products | D40: 30440 | G40: 13054 | J40: 67345 | K40: =IF(OR(G40="", J40=""), "-", IFERROR(-(1 - (J40 / G40)), "-")) -> 4.1589551
C41: =template_label_12_end_of_life_treatment_of_sold_products -> 12. End-of-Life Treatment of Sold Products | D41: 7419 | G41: 6850 | J41: 53006 | K41: =IF(OR(G41="", J41=""), "-", IFERROR(-(1 - (J41 / G41)), "-")) -> 6.7381022
C42: =template_label_13_downstream_leased_assets -> 13. Downstream Leased Assets | D42: - | G42: 0,00 | J42: 0,00 | K42: =IF(OR(G42="", J42=""), "-", IFERROR(-(1 - (J42 / G42)), "-")) -> -
C43: =template_label_14_franchises -> 14. Franchises | D43: - | G43: 0,00 | J43: 0,00 | K43: =IF(OR(G43="", J43=""), "-", IFERROR(-(1 - (J43 / G43)), "-")) -> -
C44: =template_label_15_investments -> 15. Investments | D44: - | G44: 0,00 | J44: 0,00 | K44: =IF(OR(G44="", J44=""), "-", IFERROR(-(1 - (J44 / G44)), "-")) -> -
C45: =template_label_total_scope_3_ghg_emissions -> Total Scope 3 GHG emissions | D45: =IF(AND(G29=FALSE, COUNTA(D30:F44)=0), "-", IF(G29=TRUE, IF(SUM(D30:F44)=0, "-", SUM(D30:F44)), "-")) -> 96776 | G45: =IF(AND(G29=FALSE, COUNTA(G30:I44)=0), "-", IF(G29=TRUE, IF(SUM(G30:I44)=0, "-", SUM(G30:I44)), "-")) -> 83651 | J45: =IF(AND(G29=FALSE, COUNTA(J30:J44)=0), "-", IF(G29=TRUE, IF(SUM(J30:J44)=0, "-", SUM(J30:J44)), "-")) -> 331049.18 | K45: =IF(AND(G45="", J45=""), "-", IFERROR(-(1 - (J45 / G45)), "-")) -> 2.9575041
C46: =template_label_total_scope_1_scope_2_and_scope_3_ghg_emissions_location_based -> Total Scope 1 Scope 2 and Scope 3 GHG Emissions (location-based) | D46: =IF(G29=FALSE, "-", IF(AND(D22="", D23="", D45=""), "-", IF(SUM(D22, D23, D45)=0, "-", SUM(D22, D23, D45)))) -> 97345 | G46: =IF(G29=FALSE, "-", IF(AND(G22="", G23="", G45=""), "-", IF(SUM(G22, G23, G45)=0, "-", SUM(G22, G23, G45)))) -> 83779 | J46: =IF(G29=FALSE, "-", IF(AND(J22="", J23="", J45=""), "-", IF(SUM(J22, J23, J45)=0, "-", SUM(J22, J23, J45)))) -> 331123.42 | K46: =IF(AND(G46="", J46=""), "-", IFERROR(-(1 - (J46 / G46)), "-")) -> 2.9523439
C47: =template_label_total_scope_1_scope_2_and_scope_3_ghg_emissions_market_based & " - " & template_label_may_not_headline -> Total Scope 1 Scope 2 and Scope 3 GHG Emissions (market-based) - May (optional) | D47: =IF(G29=FALSE,"-",IF(OR(D22="",D24="",D45=""),"-",SUM(D22,D24,D45))) -> 97345 | G47: =IF(G29=FALSE, "-", IF(OR(G22="", G24="", G45=""), "-", IF(SUM(G22, G24, G45)=0, "-", SUM(G22, G24, G45)))) -> 83779 | J47: =IF(G29=FALSE, "-", IF(OR(J22="", J24="", J45=""), "-", IF(SUM(J22, J24, J45)=0, "-", SUM(J22, J24, J45)))) -> 331123.42 | K47: =IF(AND(G47="", J47=""), "-", IFERROR(-(1 - (J47 / G47)), "-")) -> 2.9523439
C49: =template_label_c3_disclosure_of_list_of_main_actions_the_entity_seeks_in_order_to_achieve_its_targets&" "&template_label_from&" "&template_starting_date_display&" "&template_label_to&" "&template_ending_date_display&" "&template_label_if_applicable -> C3 - Disclosure of list of main actions the entity seeks in order to achieve its targets from 2025-01-01 to 2025-12-31 [If applicable]
C50: 54(e)
C51: 159
C52: We are rolling out a decarbonation plan of the company based on the ecodesign and decarbonation of our key product (the Skypod system) along its lifecycle (material acq and pre-processing, transport and distribution, use, end of life). Main goal is to reduce the cradle-to-customer's gate carbon footprint of our key product (the Skypod system) by 66% between 2023 and 2030 by reducing its weight and switching to more sustainable materials (recycled plastic or wood/cardboard for our bins and green steel for our racks). Besides we also want to tackle the use phase of our products by implementing sleep modes. | L52: =IF(AND(J19=TRUE, C52<>""), template_label_ok, IF(AND(J19=TRUE, C52=""), template_label_missing_value, "")) -> OK
C55: =template_label_c3_transition_plan_for_undertakings_operating_in_high_climate_impact_sectors&" "&template_label_from&" "&template_starting_date_display&" "&template_label_to&" "&template_ending_date_display&" "& template_label_if_applicable -> C3 - Transition plan for undertakings operating in high climate impact sectors from 2025-01-01 to 2025-12-31 [If applicable]
A56: 55 | B56: 160-163 | C56: =template_label_is_the_undertaking_operating_in_high_impact_sectors -> Is the undertaking operating in high impact sectors? | D56: =OR( ISNUMBER(MATCH('General Information'!E45, 'Enumeration Lists'!D3:D677, 0)), ISNUMBER(MATCH('General Information'!E46, 'Enumeration Lists'!D3:D677, 0)), ISNUMBER(MATCH('General Information'!E47, 'Enumeration Lists'!D3:D677, 0)), ISNUMBER(MATCH('General Information'!E48, 'Enumeration Lists'!D3:D677, 0)), ISNUMBER(MATCH('General Information'!E49, 'Enumeration Lists'!D3:D677, 0)), ISNUMBER(MATCH('General Information'!E45, 'Enumeration Lists'!D782:D791, 0)), ISNUMBER(MATCH('General Information'!E46, 'Enumeration Lists'!D782:D791, 0)), ISNUMBER(MATCH('General Information'!E47, 'Enumeration Lists'!D782:D791, 0)), ISNUMBER(MATCH('General Information'!E48, 'Enumeration Lists'!D782:D791, 0)), ISNUMBER(MATCH('General Information'!E49, 'Enumeration Lists'!D782:D791, 0)) ) -> TRUE
A57: 55 | B57: 160-163 | C57: =template_label_status_of_implementation_of_a_transition_plan_in_relation_to_climate_change_mitigation -> Status of implementation of a transition plan in relation to climate change mitigation | D57: A transition plan has already been adopted | L57: =IF(AND(OR(D57="A transition plan has already been adopted", D57="Adoption of a transition plan is planned in the future"), D56=TRUE), template_label_ok, IF(AND(BasisForPreparation="Option B (Basic Module and Comprehensive Module)", D57="", D56=TRUE), template_label_missing_value, "" ) ) -> OK
A58: 55 | B58: 160-163 | C58: =template_label_description_of_a_transition_plan_for_climate_change_mitigation & " - " & template_label_may_not_headline -> Description of a transition plan for climate change mitigation including an explanation of how it is contributing to reduce GHG emissions - May (optional) | D58: Exotec has adopted a transition plan for climate change mitigation built on two pillars. First, the company has committed to Science-Based Targets (SBTi), aligning its emissions reduction trajectory with a 1.5°C pathway. Second, Exotec contributes to the decarbonization of the logistics sector : it has been demonstrated that warehouse automation via Skypod reduces GHG emissions , cuts energy consumption, and decreases the overall carbon footprint compared to equivalent manual operations. By enabling customers to build smaller, more energy-efficient warehouses, Exotec's technology embeds climate impact reduction into its business model. | L58: =IF(AND(D57="A transition plan has already been adopted", DescriptionOfATransitionPlanForClimateChangeMitigationIncludingAnExplanationOfHowItIsContributingToReduceGhgEmissions<>""), template_label_ok, "") -> OK
A59: 56 | B59: 160-163 | C59: =template_label_date_of_foreseen_adoption_of_transition_plan_for_undertaking_not_having_adopted_transition_plan_yet -> Date of foreseen adoption of transition plan for undertaking not having adopted transition plan yet | D59: =template_label_year -> Year | L59: =IF(AND(D57="A transition plan has already been adopted", OR(I59="", I60="", I61="")), "", IF(AND(D57="Adoption of a transition plan is planned in the future", OR(I59="", I60="", I61="")), template_label_missing_value, IF(AND(D57="", OR(I59="", I60="", I61="")), "", IF(OR( AND(I60=2, I61>29), AND(I60=2, I61=29, NOT(AND(MOD(I59,4)=0, OR(MOD(I59,100)<>0, MOD(I59,400)=0)))), AND(OR(I60=4, I60=6, I60=9, I60=11), I61=31) ), template_label_error, template_label_ok ) ) ) )
D60: =template_label_month -> Month
D61: =template_label_day -> Day
D62: =IF(OR(ISBLANK(I59), ISBLANK(I60), ISBLANK(I61)), "-", I59 & "-" & TEXT(I60, "00") & "-" & TEXT(I61, "00")) -> -
C64: =template_label_b3_greenhouse_gas_emission_intensity_per_turnover&" "&template_label_from&" "&template_starting_date_display&" "&template_label_to&" "&template_ending_date_display&" "&template_label_always_to_be_reported -> B3 - Greenhouse gas emission intensity per turnover (in tCO2e) from 2025-01-01 to 2025-12-31 [Always to be reported]
C65: 31
C66: =template_label_scope_1_and_scope_2_ghg_emissions_intensity_location_based -> Scope 1 and Scope 2 GHG Emissions intensity (location-based) | G66: =IF(G29=TRUE, "-", IFERROR( IF(OR(D25="", Turnover=""), "-", D25/Turnover), "-" ) ) -> -
C67: =template_label_scope_1_and_scope_2_ghg_emissions_intensity_market_based & " - " & template_label_may_not_headline -> Scope 1 and Scope 2 GHG Emissions intensity (market-based) - May (optional) | G67: =IF(G29=TRUE, "-", IFERROR( IF(OR(D26="", Turnover=""), "-", D26/Turnover), "-" ) ) -> -
C68: =template_label_total_scope_1_scope_2_and_scope_3_ghg_emissions_intensity_location_based -> Total Scope 1 Scope 2 and Scope 3 GHG Emissions intensity (location-based) | G68: =IF(G29=FALSE, "-", IFERROR( IF(OR(D46="", Turnover=""), "-", D46/Turnover), "-" ) ) -> 0.00028363019
C69: =template_label_total_scope_1_scope_2_and_scope_3_ghg_emissions_intensity_market_based & " - " & template_label_may_not_headline -> Total Scope 1 Scope 2 and Scope 3 GHG Emissions intensity (market-based) - May (optional) | G69: =IF(G29=FALSE, "-", IFERROR( IF(OR(D47="", Turnover=""), "-", D47/Turnover), "-" ) ) -> 0.00028363019
C71: =template_label_b4_pollution_of_air_water_and_soil&" "&template_label_from&" "&template_starting_date_display&" "&template_label_to&" "&template_ending_date_display&" "&template_label_if_applicable -> B4 – Pollution of air water and soil from 2025-01-01 to 2025-12-31 [If applicable]
C72: 32
C73: 46-69
C74: =template_label_required_by_law_or_other_national_regulations_to_report_to_competent_authorities_its_emissions_of_pollutants -> Is the undertaking already required by law or other national regulations to report to competent authorities its emissions of pollutants or does it already voluntarily report on them according to an Environmental Management System? | G74: FALSE
C75: =template_label_is_this_disclosure_already_publicly_available -> Is this disclosure already publicly available? | G75: FALSE | L75: {=IF(AND(G75=TRUE, D80:K119=""), template_label_ok, IF(AND(OR(D80:K119<>""), G75=TRUE), template_label_value_inconsistency, "" ) )}
C76: =template_label_please_provide_the_relevant_url_link_or_hyperlink_of_where_this_information_is_reported -> Please provide the relevant URL link or hyperlink of where this information is reported | L76: =IF(G75=TRUE, IF(G76="", template_label_missing_value, IF(OR(LEFT(G76,7)="http://", LEFT(G76,8)="https://", LEFT(G76,4)="www."), template_label_ok, template_label_invalid_url ) ), "")
C77: =template_label_please_select_the_unit_used_for_reporting_the_amount -> Please select the unit used for reporting the amount (i.e. either kg or tonne)
L78: {=IF(AND(OR(D80:F119<>"", G80:I119<>"", J80:J119<>"", G162<>"", K80:K119<>""), C78<>"", G74=TRUE, G75=FALSE), template_label_ok, IF(AND(OR(D80:F119<>"", G80:I119<>"", J80:J119<>"", G162<>"", K80:K119<>""), C78<>"", G74=TRUE, G75=TRUE), template_label_value_inconsistency, IF(AND(OR(D80:D119="", G80:G119="", J80:J119="", K80:K119=""), C78<>"", G74=TRUE, G75=FALSE), template_label_ok, IF(AND(OR(D80:D119="", G80:G119="", J80:J119="", K80:K119=""), C78<>"", G74=TRUE, G75=TRUE), template_label_value_inconsistency, IF(AND(OR(D80:F119<>"", G80:I119<>"", J80:J119<>"", G162<>"", K80:K119<>""), C78="", G74=TRUE, G75=FALSE), template_label_missing_value, "" ) ) ) ) )}
C79: =template_label_row_id -> Row ID | D79: =template_label_pollutant -> Pollutant | G79: =template_label_emission_to_air -> Emission to air | J79: =template_label_emission_to_water -> Emission to water | K79: =template_label_emission_to_soil -> Emission to soil
C80: 1 | L80: =IF(AND($G$74=TRUE,$G$75=TRUE,OR(D80<>"",G80<>"",J80<>"",K80<>"")), template_label_value_inconsistency, IF($G$74<>TRUE, "", IF(AND(D80="", G80="", J80="", K80=""), "", IF(AND(D80<>"", G80="", J80="", K80=""), template_label_missing_value, IF(AND(D80<>"", OR(G80<>"", J80<>"", K80<>"")), IF(COUNTIF($D$80:$D$119, D80)>1, template_label_value_inconsistency, template_label_ok), template_label_missing_value)))))
C81: 2 | L81: =IF(AND($G$74=TRUE,$G$75=TRUE,OR(D81<>"",G81<>"",J81<>"",K81<>"")), template_label_value_inconsistency, IF($G$74<>TRUE, "", IF(AND(D81="", G81="", J81="", K81=""), "", IF(AND(D81<>"", G81="", J81="", K81=""), template_label_missing_value, IF(AND(D81<>"", OR(G81<>"", J81<>"", K81<>"")), IF(COUNTIF($D$80:$D$119, D81)>1, template_label_value_inconsistency, template_label_ok), template_label_missing_value)))))
C82: 3 | L82: =IF(AND($G$74=TRUE,$G$75=TRUE,OR(D82<>"",G82<>"",J82<>"",K82<>"")), template_label_value_inconsistency, IF($G$74<>TRUE, "", IF(AND(D82="", G82="", J82="", K82=""), "", IF(AND(D82<>"", G82="", J82="", K82=""), template_label_missing_value, IF(AND(D82<>"", OR(G82<>"", J82<>"", K82<>"")), IF(COUNTIF($D$80:$D$119, D82)>1, template_label_value_inconsistency, template_label_ok), template_label_missing_value))))) | M82: =template_label_additional_rows_warning -> ℹ️ Lists can be expanded using the little [+] button on the left. If the number of rows is not sufficient, those can be added by right clicking the second row and selecting "Insert row".
C83: 4 | L83: =IF(AND($G$74=TRUE,$G$75=TRUE,OR(D83<>"",G83<>"",J83<>"",K83<>"")), template_label_value_inconsistency, IF($G$74<>TRUE, "", IF(AND(D83="", G83="", J83="", K83=""), "", IF(AND(D83<>"", G83="", J83="", K83=""), template_label_missing_value, IF(AND(D83<>"", OR(G83<>"", J83<>"", K83<>"")), IF(COUNTIF($D$80:$D$119, D83)>1, template_label_value_inconsistency, template_label_ok), template_label_missing_value)))))
C84: 5 | L84: =IF(AND($G$74=TRUE,$G$75=TRUE,OR(D84<>"",G84<>"",J84<>"",K84<>"")), template_label_value_inconsistency, IF($G$74<>TRUE, "", IF(AND(D84="", G84="", J84="", K84=""), "", IF(AND(D84<>"", G84="", J84="", K84=""), template_label_missing_value, IF(AND(D84<>"", OR(G84<>"", J84<>"", K84<>"")), IF(COUNTIF($D$80:$D$119, D84)>1, template_label_value_inconsistency, template_label_ok), template_label_missing_value)))))
C85: 6 | L85: =IF(AND($G$74=TRUE,$G$75=TRUE,OR(D85<>"",G85<>"",J85<>"",K85<>"")), template_label_value_inconsistency, IF($G$74<>TRUE, "", IF(AND(D85="", G85="", J85="", K85=""), "", IF(AND(D85<>"", G85="", J85="", K85=""), template_label_missing_value, IF(AND(D85<>"", OR(G85<>"", J85<>"", K85<>"")), IF(COUNTIF($D$80:$D$119, D85)>1, template_label_value_inconsistency, template_label_ok), template_label_missing_value)))))
C86: 7 | L86: =IF(AND($G$74=TRUE,$G$75=TRUE,OR(D86<>"",G86<>"",J86<>"",K86<>"")), template_label_value_inconsistency, IF($G$74<>TRUE, "", IF(AND(D86="", G86="", J86="", K86=""), "", IF(AND(D86<>"", G86="", J86="", K86=""), template_label_missing_value, IF(AND(D86<>"", OR(G86<>"", J86<>"", K86<>"")), IF(COUNTIF($D$80:$D$119, D86)>1, template_label_value_inconsistency, template_label_ok), template_label_missing_value)))))
C87: 8 | L87: =IF(AND($G$74=TRUE,$G$75=TRUE,OR(D87<>"",G87<>"",J87<>"",K87<>"")), template_label_value_inconsistency, IF($G$74<>TRUE, "", IF(AND(D87="", G87="", J87="", K87=""), "", IF(AND(D87<>"", G87="", J87="", K87=""), template_label_missing_value, IF(AND(D87<>"", OR(G87<>"", J87<>"", K87<>"")), IF(COUNTIF($D$80:$D$119, D87)>1, template_label_value_inconsistency, template_label_ok), template_label_missing_value)))))
C88: 9 | L88: =IF(AND($G$74=TRUE,$G$75=TRUE,OR(D88<>"",G88<>"",J88<>"",K88<>"")), template_label_value_inconsistency, IF($G$74<>TRUE, "", IF(AND(D88="", G88="", J88="", K88=""), "", IF(AND(D88<>"", G88="", J88="", K88=""), template_label_missing_value, IF(AND(D88<>"", OR(G88<>"", J88<>"", K88<>"")), IF(COUNTIF($D$80:$D$119, D88)>1, template_label_value_inconsistency, template_label_ok), template_label_missing_value)))))
C89: 10 | L89: =IF(AND($G$74=TRUE,$G$75=TRUE,OR(D89<>"",G89<>"",J89<>"",K89<>"")), template_label_value_inconsistency, IF($G$74<>TRUE, "", IF(AND(D89="", G89="", J89="", K89=""), "", IF(AND(D89<>"", G89="", J89="", K89=""), template_label_missing_value, IF(AND(D89<>"", OR(G89<>"", J89<>"", K89<>"")), IF(COUNTIF($D$80:$D$119, D89)>1, template_label_value_inconsistency, template_label_ok), template_label_missing_value)))))
C90: 11 | L90: =IF(AND($G$74=TRUE,$G$75=TRUE,OR(D90<>"",G90<>"",J90<>"",K90<>"")), template_label_value_inconsistency, IF($G$74<>TRUE, "", IF(AND(D90="", G90="", J90="", K90=""), "", IF(AND(D90<>"", G90="", J90="", K90=""), template_label_missing_value, IF(AND(D90<>"", OR(G90<>"", J90<>"", K90<>"")), IF(COUNTIF($D$80:$D$119, D90)>1, template_label_value_inconsistency, template_label_ok), template_label_missing_value)))))
C91: 12 | L91: =IF(AND($G$74=TRUE,$G$75=TRUE,OR(D91<>"",G91<>"",J91<>"",K91<>"")), template_label_value_inconsistency, IF($G$74<>TRUE, "", IF(AND(D91="", G91="", J91="", K91=""), "", IF(AND(D91<>"", G91="", J91="", K91=""), template_label_missing_value, IF(AND(D91<>"", OR(G91<>"", J91<>"", K91<>"")), IF(COUNTIF($D$80:$D$119, D91)>1, template_label_value_inconsistency, template_label_ok), template_label_missing_value)))))
C92: 13 | L92: =IF(AND($G$74=TRUE,$G$75=TRUE,OR(D92<>"",G92<>"",J92<>"",K92<>"")), template_label_value_inconsistency, IF($G$74<>TRUE, "", IF(AND(D92="", G92="", J92="", K92=""), "", IF(AND(D92<>"", G92="", J92="", K92=""), template_label_missing_value, IF(AND(D92<>"", OR(G92<>"", J92<>"", K92<>"")), IF(COUNTIF($D$80:$D$119, D92)>1, template_label_value_inconsistency, template_label_ok), template_label_missing_value)))))
C93: 14 | L93: =IF(AND($G$74=TRUE,$G$75=TRUE,OR(D93<>"",G93<>"",J93<>"",K93<>"")), template_label_value_inconsistency, IF($G$74<>TRUE, "", IF(AND(D93="", G93="", J93="", K93=""), "", IF(AND(D93<>"", G93="", J93="", K93=""), template_label_missing_value, IF(AND(D93<>"", OR(G93<>"", J93<>"", K93<>"")), IF(COUNTIF($D$80:$D$119, D93)>1, template_label_value_inconsistency, template_label_ok), template_label_missing_value)))))
C94: 15 | L94: =IF(AND($G$74=TRUE,$G$75=TRUE,OR(D94<>"",G94<>"",J94<>"",K94<>"")), template_label_value_inconsistency, IF($G$74<>TRUE, "", IF(AND(D94="", G94="", J94="", K94=""), "", IF(AND(D94<>"", G94="", J94="", K94=""), template_label_missing_value, IF(AND(D94<>"", OR(G94<>"", J94<>"", K94<>"")), IF(COUNTIF($D$80:$D$119, D94)>1, template_label_value_inconsistency, template_label_ok), template_label_missing_value)))))
... C119: 40 | L119: =IF(AND($G$74=TRUE,$G$75=TRUE,OR(D119<>"",G119<>"",J119<>"",K119<>"")), template_label_value_inconsistency, IF($G$74<>TRUE, "", IF(AND(D119="", G119="", J119="", K119=""), "", IF(AND(D119<>"", G119="", J119="", K119=""), template_label_missing_value, IF(AND(D119<>"", OR(G119<>"", J119<>"", K119<>"")), IF(COUNTIF($D$80:$D$119, D119)>1, template_label_value_inconsistency, template_label_ok), template_label_missing_value)))))
C121: =template_label_b5_sites_in_biodiversity_sensitive_areas&" "&template_label_from&" "&template_starting_date_display&" "&template_label_to&" "&template_ending_date_display&" "&template_label_if_applicable -> B5 - Sites in biodiversity sensitive areas from 2025-01-01 to 2025-12-31 [If applicable]
C122: 33
C123: 70-73
C124: =template_label_does_the_undertaking_have_sites_that_are_located_in_or_near_biodiversity_sensitive_areas -> Does the undertaking have sites that are located in or near biodiversity sensitive areas? | G124: FALSE
C125: =template_label_please_select_the_unit_used_for_the_area -> Please select the unit used for the area (i.e. either hectares or m²):
L126: =IF(AND(G124=TRUE,C126=""), template_label_missing_value, IF(AND(G124=TRUE,C126<>""), template_label_ok, ""))
C127: =template_label_related_site_id -> Related Site ID (select an ID from a site location reported in B1) | D127: =template_label_site_location_in_near_a_biodiversity_area -> Site Location in near a biodiversity area - auto filled from B1 | G127: =template_label_area_hectares_or_m2 -> Area (hectares or m² based on the selection above) | J127: =template_label_site_located_in_a_biodiversity_sensitive_area -> Site located in a biodiversity sensitive area | K127: =template_label_site_located_near_a_biodiversity_sensitive_area -> Site located near a biodiversity sensitive area
D128: =IF(C128 = "", "", IF(AND(COUNTIF('General Information'!C109:C133, C128), INDEX('General Information'!D109:D133, MATCH(C128, 'General Information'!C109:C133, 0)) = ""), "VALUE INCONSISTENCY", IFERROR(VLOOKUP(C128, ListOfSitesTable, 5, FALSE),"") & " " & IFERROR(VLOOKUP(C128, ListOfSitesTable, 4, FALSE),"") & " " & IFERROR(VLOOKUP(C128, ListOfSitesTable, 2, FALSE),""))) | J128: FALSE | K128: FALSE | L128: =IF($G$124=FALSE, "", IF(AND($G$124=TRUE, TRIM(D128)<>"", TRIM(G128)<>"", OR(J128=TRUE, K128=TRUE)), template_label_ok, IF(AND($G$124=TRUE, TRIM(D128)<>"", TRIM(G128)<>"", J128=FALSE, K128=FALSE), template_label_missing_value, IF(AND($G$124=TRUE, TRIM(D128)<>"", TRIM(G128)="", J128=FALSE, K128=FALSE), template_label_missing_value, IF(AND($G$124=TRUE, TRIM(D128)<>"", TRIM(G128)="", OR(J128=TRUE, K128=TRUE)), template_label_missing_value, IF(AND($G$124=TRUE, TRIM(D128)="", TRIM(G128)<>"", J128=FALSE, K128=FALSE), template_label_missing_value, IF(AND($G$124=TRUE, TRIM(D128)="", TRIM(G128)="", OR(J128=TRUE, K128=TRUE)), template_label_missing_value, IF(AND($G$124=TRUE, TRIM(D128)="", TRIM(G128)<>"", OR(J128=TRUE, K128=TRUE)), template_label_missing_value, "" ) ) ) ) ) ) ) ) | M128: =template_label_site_ID_value_inconsistency_warning -> ℹ️ If a validation related to value inconsistency is displayed, please select a site ID that is different from one of those previously selected.
D129: =IF(C129 = "", "", IF(COUNTIF($C$128:C128, C129), "VALUE INCONSISTENCY", IF(AND(COUNTIF('General Information'!$C$109:$C$133, C129), INDEX('General Information'!$D$109:$D$133, MATCH(C129, 'General Information'!$C$109:$C$133, 0)) = ""), "VALUE INCONSISTENCY", IFERROR(VLOOKUP(C129, ListOfSitesTable, 5, FALSE), "") & " " & IFERROR(VLOOKUP(C129, ListOfSitesTable, 4, FALSE), "") & " " & IFERROR(VLOOKUP(C129, ListOfSitesTable, 2, FALSE), "")))) | J129: FALSE | K129: FALSE | L129: =IF($G$124=FALSE, "", IF(AND($G$124=TRUE, TRIM(D129)<>"", TRIM(G129)<>"", OR(J129=TRUE, K129=TRUE)), template_label_ok, IF(AND($G$124=TRUE, TRIM(D129)<>"", TRIM(G129)<>"", J129=FALSE, K129=FALSE), template_label_missing_value, IF(AND($G$124=TRUE, TRIM(D129)<>"", TRIM(G129)="", J129=FALSE, K129=FALSE), template_label_missing_value, IF(AND($G$124=TRUE, TRIM(D129)<>"", TRIM(G129)="", OR(J129=TRUE, K129=TRUE)), template_label_missing_value, IF(AND($G$124=TRUE, TRIM(D129)="", TRIM(G129)<>"", J129=FALSE, K129=FALSE), template_label_missing_value, IF(AND($G$124=TRUE, TRIM(D129)="", TRIM(G129)="", OR(J129=TRUE, K129=TRUE)), template_label_missing_value, IF(AND($G$124=TRUE, TRIM(D129)="", TRIM(G129)<>"", OR(J129=TRUE, K129=TRUE)), template_label_missing_value, "" ) ) ) ) ) ) ) )
D130: =IF(C130 = "", "", IF(COUNTIF($C$128:C129, C130), "VALUE INCONSISTENCY", IF(AND(COUNTIF('General Information'!$C$109:$C$133, C130), INDEX('General Information'!$D$109:$D$133, MATCH(C130, 'General Information'!$C$109:$C$133, 0)) = ""), "VALUE INCONSISTENCY", IFERROR(VLOOKUP(C130, ListOfSitesTable, 5, FALSE), "") & " " & IFERROR(VLOOKUP(C130, ListOfSitesTable, 4, FALSE), "") & " " & IFERROR(VLOOKUP(C130, ListOfSitesTable, 2, FALSE), "")))) | J130: FALSE | K130: FALSE | L130: =IF($G$124=FALSE, "", IF(AND($G$124=TRUE, TRIM(D130)<>"", TRIM(G130)<>"", OR(J130=TRUE, K130=TRUE)), template_label_ok, IF(AND($G$124=TRUE, TRIM(D130)<>"", TRIM(G130)<>"", J130=FALSE, K130=FALSE), template_label_missing_value, IF(AND($G$124=TRUE, TRIM(D130)<>"", TRIM(G130)="", J130=FALSE, K130=FALSE), template_label_missing_value, IF(AND($G$124=TRUE, TRIM(D130)<>"", TRIM(G130)="", OR(J130=TRUE, K130=TRUE)), template_label_missing_value, IF(AND($G$124=TRUE, TRIM(D130)="", TRIM(G130)<>"", J130=FALSE, K130=FALSE), template_label_missing_value, IF(AND($G$124=TRUE, TRIM(D130)="", TRIM(G130)="", OR(J130=TRUE, K130=TRUE)), template_label_missing_value, IF(AND($G$124=TRUE, TRIM(D130)="", TRIM(G130)<>"", OR(J130=TRUE, K130=TRUE)), template_label_missing_value, "" ) ) ) ) ) ) ) ) | M130: =template_label_additional_rows_warning -> ℹ️ Lists can be expanded using the little [+] button on the left. If the number of rows is not sufficient, those can be added by right clicking the second row and selecting "Insert row".
D131: =IF(C131 = "", "", IF(COUNTIF($C$128:C130, C131), "VALUE INCONSISTENCY", IF(AND(COUNTIF('General Information'!$C$109:$C$133, C131), INDEX('General Information'!$D$109:$D$133, MATCH(C131, 'General Information'!$C$109:$C$133, 0)) = ""), "VALUE INCONSISTENCY", IFERROR(VLOOKUP(C131, ListOfSitesTable, 5, FALSE), "") & " " & IFERROR(VLOOKUP(C131, ListOfSitesTable, 4, FALSE), "") & " " & IFERROR(VLOOKUP(C131, ListOfSitesTable, 2, FALSE), "")))) | J131: FALSE | K131: FALSE | L131: =IF($G$124=FALSE, "", IF(AND($G$124=TRUE, TRIM(D131)<>"", TRIM(G131)<>"", OR(J131=TRUE, K131=TRUE)), template_label_ok, IF(AND($G$124=TRUE, TRIM(D131)<>"", TRIM(G131)<>"", J131=FALSE, K131=FALSE), template_label_missing_value, IF(AND($G$124=TRUE, TRIM(D131)<>"", TRIM(G131)="", J131=FALSE, K131=FALSE), template_label_missing_value, IF(AND($G$124=TRUE, TRIM(D131)<>"", TRIM(G131)="", OR(J131=TRUE, K131=TRUE)), template_label_missing_value, IF(AND($G$124=TRUE, TRIM(D131)="", TRIM(G131)<>"", J131=FALSE, K131=FALSE), template_label_missing_value, IF(AND($G$124=TRUE, TRIM(D131)="", TRIM(G131)="", OR(J131=TRUE, K131=TRUE)), template_label_missing_value, IF(AND($G$124=TRUE, TRIM(D131)="", TRIM(G131)<>"", OR(J131=TRUE, K131=TRUE)), template_label_missing_value, "" ) ) ) ) ) ) ) )
D132: =IF(C132 = "", "", IF(COUNTIF($C$128:C131, C132), "VALUE INCONSISTENCY", IF(AND(COUNTIF('General Information'!$C$109:$C$133, C132), INDEX('General Information'!$D$109:$D$133, MATCH(C132, 'General Information'!$C$109:$C$133, 0)) = ""), "VALUE INCONSISTENCY", IFERROR(VLOOKUP(C132, ListOfSitesTable, 5, FALSE), "") & " " & IFERROR(VLOOKUP(C132, ListOfSitesTable, 4, FALSE), "") & " " & IFERROR(VLOOKUP(C132, ListOfSitesTable, 2, FALSE), "")))) | J132: FALSE | K132: FALSE | L132: =IF($G$124=FALSE, "", IF(AND($G$124=TRUE, TRIM(D132)<>"", TRIM(G132)<>"", OR(J132=TRUE, K132=TRUE)), template_label_ok, IF(AND($G$124=TRUE, TRIM(D132)<>"", TRIM(G132)<>"", J132=FALSE, K132=FALSE), template_label_missing_value, IF(AND($G$124=TRUE, TRIM(D132)<>"", TRIM(G132)="", J132=FALSE, K132=FALSE), template_label_missing_value, IF(AND($G$124=TRUE, TRIM(D132)<>"", TRIM(G132)="", OR(J132=TRUE, K132=TRUE)), template_label_missing_value, IF(AND($G$124=TRUE, TRIM(D132)="", TRIM(G132)<>"", J132=FALSE, K132=FALSE), template_label_missing_value, IF(AND($G$124=TRUE, TRIM(D132)="", TRIM(G132)="", OR(J132=TRUE, K132=TRUE)), template_label_missing_value, IF(AND($G$124=TRUE, TRIM(D132)="", TRIM(G132)<>"", OR(J132=TRUE, K132=TRUE)), template_label_missing_value, "" ) ) ) ) ) ) ) )
...

Sheet Social Disclosures
A1: =template_label_paragraph_reference -> Paragraph Reference | B1: =template_label_paragraph_guidance_reference -> Paragraph Guidance Reference
C2: =template_label_employee_counting_methodology_for_the_disclosures_below_headcount_full_time_equivalent -> Employee counting methodology for the disclosures below (Headcount or Full time Equivalent linked from B1 | F2: =IF('General Information'!$E$64="","-",'General Information'!$E$64) -> Headcount
C3: =template_label_employee_counting_methodology_for_the_disclosures_below_period -> Employee counting methodology for the disclosures below (At the end of the reporting period or as an average across the reporting period linked from B1) | F3: =IF('General Information'!$E$63="","-",'General Information'!$E$63) -> At the end of the reporting period
C6: =template_label_b8_workforce_general_characteristics_type_of_contract&" "&template_label_always_to_be_reported -> B8 – Workforce – General characteristics - Type of contract [Always to be reported]
C7: 39(a)
C8: 110-117
C9: =template_label_type_of_contract -> Type of contract | D9: =template_label_number_of_employees -> Number of employees
C10: =template_label_permanent_contract -> Permanent contract | D10: 1121 | H10: =IF( AND( OR( 'General Information'!E32="Option A (Basic Module only)", 'General Information'!E32="Option B (Basic Module and Comprehensive Module)" ), D10="" ), template_label_missing_value, IF('General Information'!E32="", "", template_label_ok ) ) -> OK
C11: =template_label_temporary_contract -> Temporary contract | D11: =IFERROR(IF(D10="", "-", $D$12 - $D$10), "-") -> 25
C12: =template_label_total_employees -> Total employees (linked to B1) | D12: =IF('General Information'!$E$62="", "-", VALUE(SUBSTITUTE('General Information'!$E$62, "-", "0"))) -> 1146
C14: =template_label_b8_workforce_general_characteristics_gender&" "&template_label_always_to_be_reported -> B8 – Workforce – General characteristics - Gender [Always to be reported]
C15: 39(b)
C16: 110-117
C17: =template_label_gender -> Gender | D17: =template_label_number_of_employees -> Number of employees
C18: =template_label_male -> Male | D18: 949 | H18: =IF( OR( 'General Information'!E32="Option A (Basic Module only)", 'General Information'!E32="Option B (Basic Module and Comprehensive Module)" ), IF( NumberOfMaleEmployees+NumberOfFemaleEmployees+NumberOfOtherGenderEmployees+NumberOfNonReportedGenderEmployees=D22, template_label_ok, template_label_missing_value ), "" ) -> OK | I18: =template_label_number_of_employees_warning -> ℹ️ Please make sure that the total number of employees is the same as the one provided in the "General Information" sheet cell E55
C19: =template_label_female -> Female | D19: 194
C20: =template_label_other -> Other | D20: 3
C21: =template_label_not_reported -> Not reported | D21: 0
C22: =template_label_total_employees -> Total employees (linked to B1) | D22: =IF('General Information'!$E$62="","-",'General Information'!$E$62) -> 1146
C24: =template_label_b8_workforce_general_characteristics_country_of_employment&" "&template_label_if_applicable -> B8 – Workforce – General characteristics - Country of employment [If applicable]
C25: 39(c)
C26: 110-117
C27: =template_label_undertaking_operating_in_more_than_one_country -> Does the undertaking operate in more than one country? | E27: TRUE
C28: =template_label_country_of_employment_contract -> Country of employment contract | E28: =template_label_number_of_employees -> Number of employees
C29: West Europe (including France) | E29: 846 | I29: =IF( AND(C29="", E29=""), "", IF( AND(C29<>"", E29=""), template_label_missing_value, IF( AND(C29<>"", E29<>""), IF( $E$29+$E$30+$E$31+$E$32<$E$33, template_label_missing_value, IF( COUNTIF($C$29:$C$32, C29) > 1, template_label_value_inconsistency, template_label_ok ) ), template_label_missing_value ) ) ) -> OK | J29: =template_label_number_of_employees_warning -> ℹ️ Please make sure that the total number of employees is the same as the one provided in the "General Information" sheet cell E55
C30: North America | E30: 152 | I30: =IF( AND(C30="", E30=""), "", IF( AND(C30<>"", E30=""), template_label_missing_value, IF( AND(C30<>"", E30<>""), IF( $E$29+$E$30+$E$31+$E$32<$E$33, template_label_missing_value, IF( COUNTIF($C$29:$C$32, C30) > 1, template_label_value_inconsistency, template_label_ok ) ), template_label_missing_value ) ) ) -> OK
C31: Central Europe | E31: 74 | I31: =IF( AND(C31="", E31=""), "", IF( AND(C31<>"", E31=""), template_label_missing_value, IF( AND(C31<>"", E31<>""), IF( $E$29+$E$30+$E$31+$E$32<$E$33, template_label_missing_value, IF( COUNTIF($C$29:$C$32, C31) > 1, template_label_value_inconsistency, template_label_ok ) ), template_label_missing_value ) ) ) -> OK | J31: =template_label_additional_rows_warning -> ℹ️ Lists can be expanded using the little [+] button on the left. If the number of rows is not sufficient, those can be added by right clicking the second row and selecting "Insert row".
C32: Asia-Pacific | E32: 74 | I32: =IF( AND(C32="", E32=""), "", IF( AND(C32<>"", E32=""), template_label_missing_value, IF( AND(C32<>"", E32<>""), IF( $E$29+$E$30+$E$31+$E$32<$E$33, template_label_missing_value, IF( COUNTIF($C$29:$C$32, C32) > 1, template_label_value_inconsistency, template_label_ok ) ), template_label_missing_value ) ) ) -> OK
C33: =template_label_total_employees -> Total employees (linked to B1) | E33: =IF('General Information'!$E$62="","-",'General Information'!$E$62) -> 1146
C35: =template_label_b8_workforce_general_characteristics_turnover_rate&" "&template_label_from&" "&template_starting_date_display&" "&template_label_to&" "&template_ending_date_display&" "&template_label_if_applicable -> B8 – Workforce – General characteristics - Turnover rate from 2025-01-01 to 2025-12-31 [If applicable]
C36: 40
C37: 118
C38: =template_label_number_of_employees_who_left_during_the_reporting_period -> Number of employees who left during the reporting period | D38: 159 | I38: =IF( AND('General Information'!$E$62<50, D38=""), "", IF( AND('General Information'!$E$62<50, D38<>""), template_label_ok, IF( AND('General Information'!$E$62>=50, D38<>""), template_label_ok, template_label_missing_value ) ) ) -> OK
C39: =template_label_number_of_employees_at_the_beginning_of_the_reporting_period -> Number of employees at the beginning of the reporting period | D39: 1071 | I39: =IF( AND('General Information'!$E$62<50, D39=""), "", IF( AND('General Information'!$E$62<50, D39<>""), template_label_ok, IF( AND('General Information'!$E$62>=50, D39<>""), template_label_ok, template_label_missing_value ) ) ) -> OK
C40: =template_label_number_of_employees_at_the_end_of_the_reporting_period -> Number of employees at the end of the reporting period | D40: 1146 | I40: =IF( AND('General Information'!$E$62<50, D40=""), "", IF( AND('General Information'!$E$62<50, D40<>""), template_label_ok, IF( AND('General Information'!$E$62>=50, D40<>""), template_label_ok, template_label_missing_value ) ) ) -> OK
C41: =template_label_employee_turnover_rate_in_the_reporting_period -> Employee turnover rate [%] in the reporting period | D41: =IF(AND(D38<>"",D39<>"",D40<>""),(D38/((D39+D40)/2)),"-") -> 0.14343708
C43: =template_label_b9_workforce_health_and_safety&" "&template_label_from&" "&template_starting_date_display&" "&template_label_to&" "&template_ending_date_display&" "&template_label_always_to_be_reported -> B9 – Workforce – Health and safety from 2025-01-01 to 2025-12-31 [Always to be reported]
A44: 41(a) | B44: 119-126 | C44: =template_label_number_of_recordable_work_related_accidents_in_the_reporting_period -> Number of recordable work-related accidents in the reporting period | D44: =(110+11+14) -> 135 | I44: =IF( AND( OR('General Information'!E32="Option A (Basic Module only)", 'General Information'!E32="Option B (Basic Module and Comprehensive Module)"), NumberOfRecordableWorkRelatedAccidentsInTheReportingPeriod="" ), template_label_missing_value, IF('General Information'!E32="", "", template_label_ok) ) -> OK
A45: 41(a) | B45: 119-126 | C45: =template_label_number_of_hours_worked_by_one_fulltime_employee_in_the_reporting_period -> Number of hours worked by one full-time employee in the reporting period | D45: 2080 | I45: =IF(D45="", "MISSING VALUE", IF(D45<>2000, "OK", "")) -> OK | J45: =template_label_health_and_safety_formula_warning -> ℹ️ The undertaking can modify the value in this cell as 2,000 hours is based on the assumption that one full-time worker works 2,000 hours per year. This figure may vary by country or sector, depending on national rules or collective bargaining agreements.
A46: 41(a) | B46: 119-126 | C46: =template_label_total_number_of_hours_worked_in_a_year_by_all_employees_in_the_reporting_period -> Total number of hours worked in a year by all employees in the reporting period | D46: =IF('General Information'!E62="","-",D45*'General Information'!E62) -> 2383680
A47: 41(a) | B47: 119-126 | C47: =template_label_rate_of_recordable_work_related_accidents_in_the_reporting_period -> Rate of recordable work-related accidents in the reporting period | D47: =IFERROR(IF(AND(D44<>"", D46<>""), ($D$44/$D$46)*200000, "-"), "-") -> 11.327024
A48: 41(b) | B48: 119-126 | C48: =template_label_number_of_fatalities_as_a_result_of_work_related_injuries_and_work_related_ill_health -> Number of fatalities as a result of work-related injuries and work-related ill health | D48: 0 | I48: =IF( AND( OR('General Information'!E32="Option A (Basic Module only)", 'General Information'!E32="Option B (Basic Module and Comprehensive Module)"), NumberOfFatalitiesAsAResultOfWorkRelatedInjuriesAndWorkRelatedIllHealth="" ), template_label_missing_value, IF('General Information'!E32="", "", template_label_ok) ) -> OK
C50: =template_label_b10_workforce_remuneration_collective_bargaining_and_training&" "&template_label_from&" "&template_starting_date_display&" "&template_label_to&" "&template_ending_date_display&" "&template_label_always_to_be_reported_if_applicable -> B10 – Workforce – Remuneration collective bargaining and training from 2025-01-01 to 2025-12-31 [Always to be reported + If applicable]
A51: 42(a) | B51: 127-128 | C51: =template_label_employees_receive_pay_that_is_equal_or_above_applicable_minimum_wage -> Employees receive pay that is equal or above applicable minimum wage determined directly by the national minimum wage law or through a collective bargaining agreement | D51: YES | I51: =IF( AND( OR('General Information'!E32="Option A (Basic Module only)", 'General Information'!E32="Option B (Basic Module and Comprehensive Module)"), EmployeesReceivePayEqualOrAboveMinimumWageDeterminedByNationalLawOrCollectiveAgreement="" ), template_label_missing_value, IF('General Information'!E32="", "", template_label_ok) ) -> OK
A52: 42(c) | B52: 137-140 | C52: =template_label_number_of_employees_covered_by_collective_bargaining_agreements -> Number of employees covered by collective bargaining agreements | D52: 834 | I52: =IF( AND( OR('General Information'!E32="Option A (Basic Module only)", 'General Information'!E32="Option B (Basic Module and Comprehensive Module)"), D52="" ), template_label_missing_value, IF('General Information'!E32="", "", template_label_ok) ) -> OK
C53: =template_label_percentage_of_employees_covered_by_collective_bargaining_agreements -> Percentage of employees covered by collective bargaining agreements [%] | D53: =IF(D52<>"", IF('General Information'!E62=0, "-", D52/'General Information'!E62), "-") -> 0.72774869
C55: =template_label_number_of_annual_training_hours_per_employee_during_the_reporting_period&" "&template_label_from&" "&template_starting_date_display&" "&template_label_to&" "&template_ending_date_display&" "&template_label_always_to_be_reported -> Number of annual training hours per employee during the reporting period from 2025-01-01 to 2025-12-31 [Always to be reported]
C56: 42(d)
C57: =template_label_gender -> Gender | D57: =template_label_number_of_annual_training_hours_per_employee_during_the_reporting_period -> Number of annual training hours per employee during the reporting period
C58: =template_label_male -> Male | D58: =29936/D18 -> 31.544784 | I58: =IF( OR('General Information'!E32="Option A (Basic Module only)", 'General Information'!E32="Option B (Basic Module and Comprehensive Module)"), IF(OR(D58<>"", D59<>"", D60<>"", D61<>""), template_label_ok, template_label_missing_value), "" ) -> OK
C59: =template_label_female -> Female | D59: =5753/D19 -> 29.654639
C60: =template_label_other -> Other | D60: 30.33
C61: =template_label_not_reported -> Not reported
C62: =template_label_average_number_of_annual_training_hours_per_employee -> Average number of annual training hours per employee
C63: =IFERROR( IF( AND(D18<>"",D18<>0,D19<>"",D19<>0,D20<>"",D20<>0,D21<>"",D21<>0), AVERAGE(D58:D61), IF(OR(D18="", D18=0), AVERAGE(D59:D61), IF(OR(D19="", D19=0), AVERAGE(D58,D60,D61), IF(OR(D20="", D20=0), AVERAGE(D58,D59,D61), IF(OR(D21="", D21=0), AVERAGE(D58,D59,D60), "-")))) ), "-") -> 30.509808
C65: =template_label_c5_additional_workforce_characteristics&" "&template_label_from&" "&template_starting_date_display&" "&template_label_to&" "&template_ending_date_display&" " & template_label_may -> C5 – Additional (general) workforce characteristics from 2025-01-01 to 2025-12-31 [May (optional)]
A66: 59 | B66: 167-169 | C66: =template_label_number_of_male_employees_at_management_level -> Number of male employees at management level | D66: 155 | I66: =IF(D66<>"", template_label_ok, "") -> OK
A67: 59 | B67: 167-169 | C67: =template_label_number_of_female_employees_at_management_level -> Number of female employees at management level | D67: 27 | I67: =IF(D67<>"", template_label_ok, "") -> OK
A68: 59 | B68: 167-169 | C68: =template_label_female_to_male_ratio_at_management_level_for_the_reporting_period -> Female-to-male ratio at management level for the reporting period | D68: =IF(AND(D66<>"",D67<>""),$D$67/$D$66,"-") -> 0.17419355
A69: 60 | B69: 170-172 | C69: =template_label_total_self_employed_workers_without_personnel_that_are_working_exclusively_for_the_undertaking -> Total self-employed workers without personnel that are working exclusively for the undertaking | D69: 0 | I69: =IF(D69<>"", template_label_ok, "") -> OK
A70: 60 | B70: 170-172 | C70: =template_label_total_temporary_workers_provided_by_undertakings_primarily_engaged_in_employment_activities -> Total temporary workers provided by undertakings primarily engaged in employment activities | D70: 0 | I70: =IF(D70<>"", template_label_ok, "") -> OK
C72: =template_label_c6_additional_own_workforce_information_human_rights_policies_and_processes&" "&template_label_from&" "&template_starting_date_display&" "&template_label_to&" "&template_ending_date_display&" "&template_label_always_to_be_reported -> C6 – Additional own workforce information - Human rights policies and processes from 2025-01-01 to 2025-12-31 [Always to be reported]
A73: 61(a) | B73: 173 | C73: =template_label_does_the_undertaking_have_a_code_of_conduct_or_human_rights_policy_for_its_own_workforce -> Does the undertaking have a code of conduct or human rights policy for its own workforce? | D73: YES | I73: =IF( AND('General Information'!$E$32="Option B (Basic Module and Comprehensive Module)", D73<>""), template_label_ok, IF( AND('General Information'!$E$32="Option B (Basic Module and Comprehensive Module)", D73=""), template_label_missing_value, IF( AND('General Information'!$E$32="Option A (Basic Module only)", D73<>""), template_label_ok, "" ) ) ) -> OK
A74: 61(b) | B74: 173 | C74: =template_label_if_yes_does_this_cover -> If yes does this cover:
A75: 61(b) | B75: 173 | C75: =template_label_child_labour -> · child labour | D75: TRUE | I75: =IF( AND(OR(D75=TRUE,D76=TRUE,D77=TRUE,D78=TRUE,D79=TRUE,D80=TRUE), D73="YES"), template_label_ok, IF( AND(D75=FALSE,D76=FALSE,D77=FALSE,D78=FALSE,D79=FALSE,D80=FALSE, D73="YES"), template_label_missing_value, IF( AND(D75=FALSE,D76=FALSE,D77=FALSE,D78=FALSE,D79=FALSE,D80=FALSE, D73="NO"), "", IF( AND(D75=FALSE,D76=FALSE,D77=FALSE,D78=FALSE,D79=FALSE,D80=FALSE, D73=""), "", IF( AND(OR(D75=TRUE,D76=TRUE,D77=TRUE,D78=TRUE,D79=TRUE,D80=TRUE), D73=""), "", template_label_value_inconsistency ) ) ) ) ) -> OK
A76: 61(b) | B76: 173 | C76: =template_label_forced_labour -> · forced labour | D76: TRUE
A77: 61(b) | B77: 173 | C77: =template_label_human_trafficking -> · human trafficking | D77: TRUE
A78: 61(b) | B78: 173 | C78: =template_label_discrimination -> · discrimination | D78: TRUE
A79: 61(b) | B79: 173 | C79: =template_label_accident_prevention -> · accident prevention | D79: TRUE
A80: 61(b) | B80: 173 | C80: =template_label_other_if_yes_specify -> · other? ( if yes specify) | D80: TRUE | J80: =template_label_other_warning -> ℹ️ When "other" is chosen as undertaking legal form please fill the row below
A81: 61(b) | B81: 173 | C81: =template_label_specify_other_types_of_content_covered_by_the_code_of_conduct_or_human_rights_policy -> Specify other types of content covered by the code of conduct or human rights policy | D81: Whistleblowing Platform, DEI, Anti-bribery & Corruption, How to handle Gifts & Invitations, Personal Expenses & Travel, Conflict of Interests, Fraud, Competition, Sanctions & Export Control, Confidentiality, Protection of Information Systems, Privacy, Environment, External Communication | I81: =IF(AND(D80=TRUE,D81<>""), template_label_ok, IF(AND(D80=TRUE,D81=""), template_label_missing_value, IF(AND(D80=FALSE,D81<>""), template_label_missing_value, ""))) -> OK
A82: 61(c) | B82: 173 | C82: =template_label_does_the_undertaking_have_a_complaint_handling_mechanism_for_its_own_workforce -> Does the undertaking have a complaint-handling mechanism for its own workforce? | D82: YES | I82: =IF(AND('General Information'!$E$32="Option B (Basic Module and Comprehensive Module)",D82<>""), template_label_ok, IF(AND('General Information'!$E$32="Option B (Basic Module and Comprehensive Module)",D82=""), template_label_missing_value, IF(AND('General Information'!$E$32="Option A (Basic Module only)",D82<>""), template_label_ok, ""))) -> OK
C84: =template_label_c7_severe_negative_human_rights_incidents&" "&template_label_from&" "&template_starting_date_display&" "&template_label_to&" "&template_ending_date_display&" "&template_label_always_to_be_reported -> C7 – Severe negative human rights incidents from 2025-01-01 to 2025-12-31 [Always to be reported]
A85: 62 | B85: 174 | C85: =template_label_does_the_undertaking_have_confirmed_incidents_in_its_own_workforce -> Does the undertaking have confirmed incidents in its own workforce? | D85: NO | I85: =IF(AND('General Information'!$E$32="Option B (Basic Module and Comprehensive Module)",D85<>""), template_label_ok, IF(AND('General Information'!$E$32="Option B (Basic Module and Comprehensive Module)",D85=""), template_label_missing_value, IF(AND('General Information'!$E$32="Option A (Basic Module only)",D85<>""), template_label_ok, ""))) -> OK
A86: 62(a) | B86: 174 | C86: =template_label_if_yes_are_incidents_related_to -> If yes are incidents related to:
A87: 62(a) | B87: 174 | C87: =template_label_child_labour -> · child labour | D87: FALSE | I87: {=IF(AND(OR(D87=TRUE,D88=TRUE,D89=TRUE,D90=TRUE,D91=TRUE),D85="YES"), template_label_ok, IF(AND(D87=FALSE,D88=FALSE,D89=FALSE,D90=FALSE,D91=FALSE,D85="YES"), template_label_missing_value, IF(AND(D87=FALSE,D88=FALSE,D89=FALSE,D90=FALSE,D91=FALSE,D85=""), "", IF(AND(D87=FALSE,D88=FALSE,D89=FALSE,D90=FALSE,D91=FALSE,D85="NO"), "", IF(AND(OR(D87:D91=TRUE),D85=""), "", template_label_value_inconsistency)))))}
A88: 62(a) | B88: 174 | C88: =template_label_forced_labour -> · forced labour | D88: FALSE
A89: 62(a) | B89: 174 | C89: =template_label_human_trafficking -> · human trafficking | D89: FALSE
A90: 62(a) | B90: 174 | C90: =template_label_discrimination -> · discrimination | D90: FALSE
A91: 62(a) | B91: 174 | C91: =template_label_other_if_yes_specify -> · other? ( if yes specify) | D91: FALSE | J91: =template_label_other_warning -> ℹ️ When "other" is chosen as undertaking legal form please fill the row below
A92: 62(a) | B92: 174 | C92: =template_label_specify_other_human_rights_related_to_the_confirmed_incidents -> Specify other human rights related to the confirmed incidents | I92: =IF(AND(D91=TRUE,D92<>""), template_label_ok, IF(AND(D91=TRUE,D92=""), template_label_missing_value, IF(AND(D91=FALSE,D92<>""), template_label_missing_value, "")))
A93: 62(b) | B93: 174 | C93: =template_label_description_of_actions_taken_to_address_the_confirmed_incidents -> Description of actions taken to address the confirmed incidents | I93: =IF(D93<>"",template_label_ok,"")
A94: 62(c) | B94: 174 | C94: =template_label_is_the_undertaking_aware_of_any_confirmed_incidents_involving_workers -> Is the undertaking aware of any confirmed incidents involving workers in the value chain affected communities consumers and end-users? | D94: NO | I94: =IF(AND('General Information'!$E$32="Option B (Basic Module and Comprehensive Module)",D94<>""), template_label_ok, IF(AND('General Information'!$E$32="Option B (Basic Module and Comprehensive Module)",D94=""), template_label_missing_value, IF(AND('General Information'!$E$32="Option A (Basic Module only)",D94<>""), template_label_ok, ""))) -> OK
A95: 62(c) | B95: 174 | C95: =template_label_specification_of_any_confirmed_incident_involving_workers -> Specification of any confirmed incident involving workers in the value chain affected communities consumers and end-users | I95: =IF(AND(D94="YES",D95<>""), template_label_ok, IF(AND(D94="YES",D95=""), template_label_missing_value, IF(AND(D94="NO",D95<>""), template_label_missing_value, "")))
C99: =template_label_disclosure_of_any_other_social_and_or_entity_specific_social_disclosures&" "&template_label_from&" "&template_starting_date_display&" "&template_label_to&" "&template_ending_date_display&" " & template_label_may -> Disclosure of any other social and or entity specific social disclosures from 2025-01-01 to 2025-12-31 [May (optional)]
C100: 10
I101: =IF(C101<>"", template_label_ok, "")

Sheet Governance Disclosures
A1: Paragraph Reference | B1: Paragraph Guidance Reference
C2: =template_label_b11_convictions_and_fines_for_corruption_and_bribery&" "&template_label_from&" "&template_starting_date_display&" "&template_label_to&" "&template_ending_date_display&" "&template_label_if_applicable -> B11 – Convictions and fines for corruption and bribery from 2025-01-01 to 2025-12-31 [If applicable]
C3: 43
C4: 141-144
C5: =template_label_has_the_undertaking_incurred_in_convictions_and_fines_in_the_reporting_period -> Has the undertaking incurred in convictions and fines in the reporting period? | H5: FALSE
C6: =template_label_total_number_of_convictions_for_the_violation_of_anti_corruption_and_anti_bribery_laws -> Total number of convictions for the violation of anti-corruption and anti-bribery laws | I6: =IF(AND($H$5=TRUE,H6<>""), template_label_ok, IF(AND($H$5=TRUE,H6=""), template_label_missing_value, ""))
C7: =template_label_total_amount_of_fines_for_the_violation_of_anti_corruption_and_anti_bribery_laws & " " & "(" & template_label_amount_in & " " & template_currency & ")" -> Total amount of fines for the violation of anti-corruption and anti-bribery laws (amount in EUR) | I7: =IF(AND($H$5=TRUE,H7<>""), template_label_ok, IF(AND($H$5=TRUE,H7=""), template_label_missing_value, ""))
C9: =template_label_c8_revenues_from_certain_sectors&" "&template_label_from&" "&template_starting_date_display&" "&template_label_to&" "&template_ending_date_display&" "&template_label_if_applicable -> C8 – Revenues from certain activities from 2025-01-01 to 2025-12-31 [If applicable]
C10: =template_label_is_the_undertaking_deriving_revenues_from_one_of_the_activities_listed_below -> Is the undertaking deriving revenues from one of the activities listed below? | H10: FALSE
H11: =template_label_monetary_amount_in & " " & template_currency -> Monetary amount in EUR
A12: 63(a) | B12: 175-176 | C12: =template_label_revenue_derived_from_controversial_weapons -> Revenue derived from controversial weapons (anti-personnel mines cluster munitions chemical weapons and biological weapons) | I12: =IF(AND(H10=FALSE,COUNTA(H12:H16)=0, H18=""), "", IF(AND(OR(COUNTA(H12:H16)>0, H18<>""), SUM(H12:H16, H18)<='General Information'!E61), template_label_ok, IF(AND(H10=TRUE, COUNTA(H12:H16)=0, H18=""), template_label_missing_value, template_label_value_inconsistency ) ) )
A13: 63(b) | B13: 175-176 | C13: =template_label_revenue_derived_from_cultivation_and_production_of_tobacco -> Revenue derived from cultivation and production of tobacco
A14: 63(c) | B14: 175-176 | C14: =template_label_revenue_derived_from_coal -> Revenue derived from coal
A15: 63(c) | B15: 175-176 | C15: =template_label_revenue_derived_from_oil -> Revenue derived from oil
A16: 63(c) | B16: 175-176 | C16: =template_label_revenue_derived_from_gas -> Revenue derived from gas
A17: 63(c) | B17: 175-176 | C17: =template_label_total_revenues_derived_from_fossil_fuel_sector -> Total revenues derived from fossil fuel (coal oil and gas) sector (i.e. the undertaking derives revenues from exploration mining extraction production processing storage refining or distribution including transportation storage and trade of fossil fuels as defined in Article 2 point (62) of Regulation (EU) 2018 1999 of the European Parliament and the Council) | H17: =IF(COUNTA(H14:H16)=0, "-", SUM(H14:H16)) -> -
A18: 63(d) | B18: 175-176 | C18: =template_label_revenue_derived_from_chemicals_production -> Revenue derived from chemicals production
C20: =template_label_c8_exclusion_from_eu_reference_benchmarks&" "&template_label_from&" "&template_starting_date_display&" "&template_label_to&" "&template_ending_date_display&" "&template_label_always_to_be_reported -> C8 – Exclusion from EU reference benchmarks from 2025-01-01 to 2025-12-31 [Always to be reported]
C21: =template_label_undertakings_are_excluded_from_the_eu_paris_aligned_benchmarks_if_they_derive -> Undertakings are excluded from the EU Paris-aligned Benchmarks if they derive:
A22: 64 | B22: 177(a) | C22: =template_label_1_percent_or_more_of_their_revenues_from_exploration_mining_extraction_distribution_or_refining_of_hard_coal_and_lignite -> 1% or more of their revenues from exploration mining extraction distribution or refining of hard coal and lignite | H22: FALSE | I22: =IF(AND(OR(H22=TRUE, H23=TRUE, H24=TRUE, H25=TRUE), 'General Information'!E32="Option B (Basic Module and Comprehensive Module)"), template_label_ok, IF(AND(H22=FALSE, H23=FALSE, H24=FALSE, H25=FALSE, H26=FALSE, 'General Information'!E32="Option B (Basic Module and Comprehensive Module)"), template_label_missing_value, IF('General Information'!E32="Option A (Basic Module only)", "", IF(AND('General Information'!E32="Option B (Basic Module and Comprehensive Module)", H26=TRUE), template_label_ok, "")))) -> OK
A23: 64 | B23: 177(b) | C23: =template_label_10_percent_or_more_of_their_revenues_from_the_exploration_extraction_distribution_or_refining_of_oil_fuels -> 10% or more of their revenues from the exploration extraction distribution or refining of oil fuels | H23: FALSE
A24: 64 | B24: 177(c) | C24: =template_label_50_percent_or_more_of_their_revenues_from_the_exploration_extraction_manufacturing_or_distribution_of_gaseous_fuels -> 50% or more of their revenues from the exploration extraction manufacturing or distribution of gaseous fuels | H24: FALSE
A25: 64 | B25: 177(d) | C25: =template_label_50_percent_or_more_of_their_revenues_from_electricity_generation -> 50% or more of their revenues from electricity generation with a GHG intensity of more than 100g CO2 e kWh | H25: FALSE
C26: =template_label_none_of_the_above -> None of the above | H26: TRUE
A27: 64 | B27: 177 | C27: =template_label_undertakings_are_excluded_from_any_eu_reference_benchmarks_that_are_aligned_with_the_paris_agreement -> Undertakings are excluded from any EU reference benchmarks that are aligned with the Paris Agreement | H27: =IF(AND(OR(H22=TRUE, H23=TRUE, H24=TRUE, H25=TRUE), H26=FALSE), "YES", IF(AND(OR(H22=TRUE, H23=TRUE, H24=TRUE, H25=TRUE), H26=TRUE), "NA", IF(AND(H22=FALSE, H23=FALSE, H24=FALSE, H25=FALSE, H26=TRUE), "NO", IF(AND(H22=FALSE, H23=FALSE, H24=FALSE, H25=FALSE, H26=FALSE), "-", "")))) -> NO | I27: =IF(H27=TRUE, template_label_ok, "")
C29: =template_label_c9_gender_diversity_ratio_in_the_governance_body&" "&template_label_at&" "&template_ending_date_display&" "&template_label_if_applicable -> C9 – Gender diversity ratio in the governance body at 2025-12-31 [If applicable]
C30: =template_label_does_the_undertaking_have_a_governance_body_in_place -> Does the undertaking have a governance body in place? | H30: TRUE
A31: 65 | B31: 178-180 | C31: =template_label_number_of_female_board_members_at_the_end_of_the_reporting_period -> Number of female board members at the end of the reporting period | H31: 1 | I31: =IF(AND($H$30=TRUE, H31<>""), template_label_ok, IF(AND($H$30=TRUE, H31=""), template_label_missing_value, "")) -> OK
C32: =template_label_number_of_male_board_members_at_the_end_of_the_reporting_period -> Number of male board members at the end of the reporting period | H32: 5 | I32: =IF(AND($H$30=TRUE, H32<>""), template_label_ok, IF(AND($H$30=TRUE, H32=""), template_label_missing_value, "")) -> OK
C33: =template_label_gender_diversity_ratio_in_governance_body -> Gender diversity ratio in governance body | H33: =IF(AND(H31<>"",H32<>""),IF(OR(H31=0,H32=0),0,H31/H32),"-") -> 0.2
C36: =template_label_disclosure_of_any_other_governance_and_or_entity_specific_governance_disclosures&" "&template_label_from&" "&template_starting_date_display&" "&template_label_to&" "&template_ending_date_display&" " & template_label_may -> Disclosure of any other governance and or entity specific governance disclosures from 2025-01-01 to 2025-12-31 [May (optional)]
C37: 10
I38: =IF(C38<>"",template_label_ok, "")

Sheet Licence
A1: MIT License
A3: Copyright (c) 2025 EFRAG
A5: Permission is hereby granted, free of charge, to any person obtaining a copy
A6: of this software and associated documentation files (the "Software"), to deal
A7: in the Software without restriction, including without limitation the rights
A8: to use, copy, modify, merge, publish, distribute, sublicense, and/or sell
A9: copies of the Software, and to permit persons to whom the Software is
A10: furnished to do so, subject to the following conditions:
A12: The above copyright notice and this permission notice shall be included in all
A13: copies or substantial portions of the Software.
A15: THE SOFTWARE IS PROVIDED "AS IS", WITHOUT WARRANTY OF ANY KIND, EXPRESS OR
A16: IMPLIED, INCLUDING BUT NOT LIMITED TO THE WARRANTIES OF MERCHANTABILITY,
... A21: SOFTWARE.

Sheet Enumeration Lists
A1: NACE Code List (Commission Delegated Regulation (EU) 2023/137 of 10 October 2022 amending Regulation (EC) No 1893/2006 of the European Parliament and of the Council establishing the statistical classification of economic activities NACE Revision 2 (Text with EEA relevance) C/2022/7104) | B1: Technical Name | C1: NACE categories | D1: NACE Technical Name | E1: Country List | F1: CountryAxis | G1: Axis | H1: List of omitted disclosures (with None) | I1: Pollutants (Regulation (EU) 2024/1244 of the European Parliament and of the Council of 24 April 2024 on reporting of environmental data from industrial installations, establishing an Industrial Emissions Portal and repealing Regulation (EC) No 166/2006) | J1: Location biodiversity areas | K1: Types of Wastes ((Commission decision of 18 December 2014 amending Decision 2000/532/EC on the list of waste pursuant to Directive 2008/98/EC of the European Parliament and of the Council) | L1: Undertakings Legal Forms | M1: Unit of measurement | N1: Medium of release | O1: Sustainability ussues addressed | P1: Hectares or meters squared | Q1: YES or NO | R1: B2 | S1: Year | T1: Month | U1: Implementation status | V1: List of omitted disclosures | W1: Month number | X1: Month | Y1: Unit of measurement (mass only) | Z1: Waste categories (for validation only) | AA1: List of currencies (ISO 4217) | AB1: Employee methodologies | AC1: Days | AD1: Identifier (context identifier scheme)
A2: All Economic Activities (NACE) / NA [member] | B2: NACE_AllEconomicActivitiesNAMembeB1r | C2: NACE A - 01 Crop and animal production, hunting and related service activities | D2: =_xlfn.CONCAT("NACE ", A2) -> NACE All Economic Activities (NACE) / NA [member] | E2: Andorra | F2: country:AD | G2: =RIGHT(F2,2) -> AD | H2: None | I2: Alachlor | J2: Located in biodiversity sensitive areas | K2: 01 - WASTES RESULTING FROM EXPLORATION, MINING, QUARRYING, AND PHYSICAL AND CHEMICAL TREATMENT OF MINERALS | L2: private limited liability undertaking | M2: kilograms (kg) | N2: Water | O2: Climate change | P2: hectares (ha) | Q2: YES | R2: Practice | S2: 2000 | T2: 1 | U2: Adoption of a transition plan is planned in the future | V2: B1 – Basis for preparation | W2: 1 | X2: January | Y2: kilograms (kg) | Z2: 01 WASTES RESULTING FROM EXPLORATION, MINING, DRESSING AND FURTHER TREATMENT OF MINERALS AND QUARRY | AA2: AED | AB2: At the end of the reporting period | AC2: 1 | AD2: LEI
A3: A - AGRICULTURE, FORESTRY AND FISHING | B3: NACE_A | C3: NACE A - 01.1 Growing of non-perennial crops | D3: =_xlfn.CONCAT("NACE ", A3) -> NACE A - AGRICULTURE, FORESTRY AND FISHING | E3: United Arab Emirates | F3: country:AE | G3: =RIGHT(F3,2) -> AE | H3: B1 – Basis for preparation | I3: Aldrin | J3: Located near biodiversity sesnistive areas | K3: 01 01 - Wastes from mineral excavation | L3: sole proprietorship | M3: metric tonnes (t) | N3: Air | O3: Pollution | P3: squared meters (m2) | Q3: NO | R3: Policy | S3: 2001 | T3: 2 | U3: A transition plan has already been adopted | V3: B2 – Practices, policies and future initiatives for transitioning towards a more sustainable economy | W3: 2 | X3: February | Y3: metric tonnes (t) | Z3: 0101 Wastes from mineral excavation | AA3: AFN | AB3: As an average across the reporting period | AC3: 2 | AD3: DUNS
A4: A - 01 Crop and animal production, hunting and related service activities | B4: NACE_A01 | C4: NACE A - 01.2 Growing of perennial crops | D4: =_xlfn.CONCAT("NACE ", A4) -> NACE A - 01 Crop and animal production, hunting and related service activities | E4: Afghanistan | F4: country:AF | G4: =RIGHT(F4,2) -> AF | H4: B2 – Practices, policies and future initiatives for transitioning towards a more sustainable economy | I4: Ammonia (NH3) | K4: 01 01 01 - Non-Hazardous - Wastes from mineral metalliferous excavation | L4: partnership | M4: cubic meters (m3) | N4: Soil | O4: Water and marine resources | R4: Future Initiative | S4: 2002 | T4: 3 | V4: B3 – Energy and greenhouse gas emissions | W4: 3 | X4: March | Z4: 0102 Wastes from mineral dressing | AA4: ALL | AC4: 3 | AD4: EU ID
A5: A - 01.1 Growing of non-perennial crops | B5: NACE_A011 | C5: NACE A - 01.3 Plant propagation | D5: =_xlfn.CONCAT("NACE ", A5) -> NACE A - 01.1 Growing of non-perennial crops | E5: Antigua and Barbuda | F5: country:AG | G5: =RIGHT(F5,2) -> AG | H5: B3 – Energy and greenhouse gas emissions | I5: Anthracene | K5: 01 01 02 - Non-Hazardous - Wastes from mineral non-metalliferous excavation | L5: cooperative | O5: Biodiversity and ecosystems | S5: 2003 | T5: 4 | V5: B4 – Pollution of air, water and soil | W5: 4 | X5: April | Z5: 0103 Wastes from further physical and chemical processing of metalliferous minerals | AA5: AMD | AC5: 4 | AD5: PermID
A6: A - 01.11 Growing of cereals, other than rice, leguminous crops and oil seeds | B6: NACE_A0111 | C6: NACE A - 01.4 Animal production | D6: =_xlfn.CONCAT("NACE ", A6) -> NACE A - 01.11 Growing of cereals, other than rice, leguminous crops and oil seeds | E6: Anguilla | F6: country:AI | G6: =RIGHT(F6,2) -> AI | H6: B4 – Pollution of air, water and soil | I6: Arsenic and compounds (As) | K6: 01 03 - Wastes from physical and chemical processing of metalliferous minerals | L6: other (please specify the legal form in the row below) | O6: Circular economy | S6: 2004 | T6: 5 | V6: B5 – Biodiversity | W6: 5 | X6: May | Z6: 0104 Wastes from further physical and chemical processing on non-metalliferous minerals | AA6: ANG | AC6: 5
A7: A - 01.12 Growing of rice | B7: NACE_A0112 | C7: NACE A - 01.5 Mixed farming | D7: =_xlfn.CONCAT("NACE ", A7) -> NACE A - 01.12 Growing of rice | E7: Albania | F7: country:AL | G7: =RIGHT(F7,2) -> AL | H7: B5 – Biodiversity | I7: Asbestos | K7: 01 03 04 - Hazardous - Acid-generating tailings from processing of sulphide ore | O7: Own workforce | S7: 2005 | T7: 6 | V7: B6 – Water | W7: 6 | X7: June | Z7: 0105 Drilling muds and other drilling wastes | AA7: AOA | AC7: 6
A8: A - 01.13 Growing of vegetables and melons, roots and tubers | B8: NACE_A0113 | C8: NACE A - 01.6 Support activities to agriculture and post-harvest crop activities | D8: =_xlfn.CONCAT("NACE ", A8) -> NACE A - 01.13 Growing of vegetables and melons, roots and tubers | E8: Armenia | F8: country:AM | G8: =RIGHT(F8,2) -> AM | H8: B6 – Water | I8: Atrazine | K8: 01 03 05 - Hazardous - Other tailings containing hazardous substances | O8: Workers in the value chain | S8: 2006 | T8: 7 | V8: B7 – Resource use, circular economy and waste management | W8: 7 | X8: July | Z8: 02 WASTES FROM AGRICULTURAL, HORTICULTURAL, HUNTING, FISHING AND AQUACULTURAL PRIMARY PRODUCTION, FOOD PREPARATION AND PROCESSING | AA8: ARS | AC8: 7
A9: A - 01.14 Growing of sugar cane | B9: NACE_A0114 | C9: NACE A - 01.7 Hunting, trapping and related service activities | D9: =_xlfn.CONCAT("NACE ", A9) -> NACE A - 01.14 Growing of sugar cane | E9: Netherlands Antilles (before 2010-12-15) | F9: country:AN | G9: =RIGHT(F9,2) -> AN | H9: B7 – Resource use, circular economy and waste management | I9: Benzene | K9: 01 03 06 - Non-Hazardous - Tailings other than those mentioned in 01 03 04 and 01 03 05 | O9: Affected communities | S9: 2007 | T9: 8 | V9: B8 – Workforce – General characteristics | W9: 8 | X9: August | Z9: 0201 Primary production wastes | AA9: AUD | AC9: 8
A10: A - 01.15 Growing of tobacco | B10: NACE_A0115 | C10: NACE A - 02 Forestry and logging | D10: =_xlfn.CONCAT("NACE ", A10) -> NACE A - 01.15 Growing of tobacco | E10: Angola | F10: country:AO | G10: =RIGHT(F10,2) -> AO | H10: B8 – Workforce – General characteristics | I10: Benzo(g,h,i)perylene | K10: 01 03 07 - Hazardous - Other wastes containing hazardous substances from physical and chemical processing of metalliferous minerals | O10: Consumers and end-users | S10: 2008 | T10: 9 | V10: B9 – Workforce – Health and safety | W10: 9 | X10: September | Z10: 0202 Wastes from the preparation and processing of meat, fish and other foods of animal origin | AA10: AWG | AC10: 9
A11: A - 01.16 Growing of fibre crops | B11: NACE_A0116 | C11: NACE A - 02.1 Silviculture and other forestry activities | D11: =_xlfn.CONCAT("NACE ", A11) -> NACE A - 01.16 Growing of fibre crops | E11: Antarctica | F11: country:AQ | G11: =RIGHT(F11,2) -> AQ | H11: B9 – Workforce – Health and safety | I11: Brominated diphenylethers (PBDE) | K11: 01 03 08 - Non-Hazardous - Dusty and powdery wastes other than those mentioned in 01 03 07 | O11: Business conduct | S11: 2009 | T11: 10 | V11: B10 – Workforce – Remuneration, collective bargaining and training | W11: 10 | X11: October | Z11: 0203 Wastes from fruit, vegetables, cereals, edible oils, cocoa, coffee and tobacco preparation and processing; tobacco processing; conserve production | AA11: AZN | AC11: 10
A12: A - 01.19 Growing of other non-perennial crops | B12: NACE_A0119 | C12: NACE A - 02.2 Logging | D12: =_xlfn.CONCAT("NACE ", A12) -> NACE A - 01.19 Growing of other non-perennial crops | E12: Argentina | F12: country:AR | G12: =RIGHT(F12,2) -> AR | H12: B10 – Workforce – Remuneration, collective bargaining and training | I12: Cadmium and compounds (Cd) | K12: 01 03 09 - Non-Hazardous - Red mud from alumina production other than the wastes mentioned in 01 03 10 | O12: Other | S12: 2010 | T12: 11 | V12: B11 – Convictions and fines for corruption and bribery | W12: 11 | X12: November | Z12: 0204 Wastes from sugar processing | AA12: BAM | AC12: 11
A13: A - 01.2 Growing of perennial crops | B13: NACE_A012 | C13: NACE A - 02.3 Gathering of wild growing non-wood products | D13: =_xlfn.CONCAT("NACE ", A13) -> NACE A - 01.2 Growing of perennial crops | E13: American Samoa | F13: country:AS | G13: =RIGHT(F13,2) -> AS | H13: B11 – Convictions and fines for corruption and bribery | I13: Carbon dioxide (CO2) | K13: 01 03 10 - Hazardous - Red mud from alumina production containing hazardous substances other than the wastes mentioned in 01 03 07 | S13: 2011 | T13: 12 | V13: C1 – Strategy: Business Model and Sustainability – Related Initiatives | W13: 12 | X13: December | Z13: 0205 Wastes from the dairy products industry | AA13: BBD | AC13: 12
A14: A - 01.21 Growing of grapes | B14: NACE_A0121 | C14: NACE A - 02.4 Support services to forestry | D14: =_xlfn.CONCAT("NACE ", A14) -> NACE A - 01.21 Growing of grapes | E14: Austria | F14: country:AT | G14: =RIGHT(F14,2) -> AT | H14: C1 – Strategy: Business Model and Sustainability – Related Initiatives | I14: Carbon monoxide (CO) | K14: 01 03 99 - Non-Hazardous - Wastes not otherwise specified | S14: 2012 | V14: C2 – Description of practices, policies and future initiatives for transitioning towards a more sustainable economy | Z14: 0206 Wastes from the baking and confectionery industry | AA14: BDT | AC14: 13
A15: A - 01.22 Growing of tropical and subtropical fruits | B15: NACE_A0122 | C15: NACE A - 03 Fishing and aquaculture | D15: =_xlfn.CONCAT("NACE ", A15) -> NACE A - 01.22 Growing of tropical and subtropical fruits | E15: Australia | F15: country:AU | G15: =RIGHT(F15,2) -> AU | H15: C2 – Description of practices, policies and future initiatives for transitioning towards a more sustainable economy | I15: Chlordane | K15: 01 04 - Wastes from physical and chemical processing of non-metalliferous minerals | S15: 2013 | V15: C3 – GHG reduction targets and climate transition | Z15: 0207 Wastes from the production of alcoholic and non-alcoholic beverages (except coffee, tea and cocoa) | AA15: BGN | AC15: 14
A16: A - 01.23 Growing of citrus fruits | B16: NACE_A0123 | C16: NACE A - 03.1 Fishing | D16: =_xlfn.CONCAT("NACE ", A16) -> NACE A - 01.23 Growing of citrus fruits | E16: Aruba | F16: country:AW | G16: =RIGHT(F16,2) -> AW | H16: C3 – GHG reduction targets and climate transition | I16: Chlordecone | K16: 01 04 07 - Hazardous - Wastes containing hazardous substances from physical and chemical processing of non-metalliferous minerals | S16: 2014 | V16: C4 – Climate risks | Z16: 03 WASTES FROM WOOD PROCESSING AND THE PRODUCTION OF PAPER, CARDBOARD, PULP, PANELS AND FURNITURE | AA16: BHD | AC16: 15
A17: A - 01.24 Growing of pome fruits and stone fruits | B17: NACE_A0124 | C17: NACE A - 03.2 Aquaculture | D17: =_xlfn.CONCAT("NACE ", A17) -> NACE A - 01.24 Growing of pome fruits and stone fruits | E17: Åland Islands | F17: country:AX | G17: =RIGHT(F17,2) -> AX | H17: C4 – Climate risks | I17: Chlorfenvinphos | K17: 01 04 08 - Non-Hazardous - Waste gravel and crushed rocks other than those mentioned in 01 04 07 | S17: 2015 | V17: C5 – Additional (general) workforce characteristics | Z17: 0301 Wastes from wood processing and the production of panels and furniture | AA17: BIF | AC17: 16
A18: A - 01.25 Growing of other tree and bush fruits and nuts | B18: NACE_A0125 | C18: NACE A - 03.3 Support activities for fishing and aquaculture | D18: =_xlfn.CONCAT("NACE ", A18) -> NACE A - 01.25 Growing of other tree and bush fruits and nuts | E18: Azerbaijan | F18: country:AZ | G18: =RIGHT(F18,2) -> AZ | H18: C5 – Additional (general) workforce characteristics | I18: Chlorides (total Cl) | K18: 01 04 09 - Non-Hazardous - Waste sand and clays | S18: 2016 | V18: C6 – Additional own workforce information - Human rights policies and processes | Z18: 0302 Wood preservation wastes | AA18: BMD | AC18: 17
A19: A - 01.26 Growing of oleaginous fruits | B19: NACE_A0126 | C19: NACE A - AGRICULTURE, FORESTRY AND FISHING | D19: =_xlfn.CONCAT("NACE ", A19) -> NACE A - 01.26 Growing of oleaginous fruits | E19: Bosnia and Herzegovina | F19: country:BA | G19: =RIGHT(F19,2) -> BA | H19: C6 – Additional own workforce information - Human rights policies and processes | I19: Chlorine and inorganic compounds (HCl) | K19: 01 04 10 - Non-Hazardous - Dusty and powdery wastes other than those mentioned in 01 04 07 | S19: 2017 | V19: C7 – Severe negative human rights incidents | Z19: 0303 Wastes from pulp, paper and cardboard production and processing | AA19: BND | AC19: 18
A20: A - 01.27 Growing of beverage crops | B20: NACE_A0127 | C20: NACE B - 04 Mining of coal and lignite | D20: =_xlfn.CONCAT("NACE ", A20) -> NACE A - 01.27 Growing of beverage crops | E20: Barbados | F20: country:BB | G20: =RIGHT(F20,2) -> BB | H20: C7 – Severe negative human rights incidents | I20: Chloro-alkanes, C10-C13 | K20: 01 04 11 - Non-Hazardous - Wastes from potash and rock salt processing other than those mentioned in 01 04 07 | S20: 2018 | V20: C8 – Revenues from certain sectors and exclusion from EU reference benchmarks | Z20: 04 WASTES FROM THE LEATHER, FUR AND TEXTILE INDUSTRIES | AA20: BOB | AC20: 19
A21: A - 01.28 Growing of spices, aromatic, drug and pharmaceutical crops | B21: NACE_A0128 | C21: NACE B - 05 Extraction of crude petroleum and natural gas | D21: =_xlfn.CONCAT("NACE ", A21) -> NACE A - 01.28 Growing of spices, aromatic, drug and pharmaceutical crops | E21: Bangladesh | F21: country:BD | G21: =RIGHT(F21,2) -> BD | H21: C8 – Revenues from certain sectors and exclusion from EU reference benchmarks | I21: Chlorofluorocarbons (CFCs) | K21: 01 04 12 - Non-Hazardous - Tailings and other wastes from washing and cleaning of minerals other than those mentioned in 01 04 07 and 01 04 11 | S21: 2019 | V21: C9 – Gender diversity ratio in the governance body | Z21: 0401 Wastes from the leather and fur industry | AA21: BOV | AC21: 20
A22: A - 01.29 Growing of other perennial crops | B22: NACE_A0129 | C22: NACE B - 05.1 Mining of hard coal | D22: =_xlfn.CONCAT("NACE ", A22) -> NACE A - 01.29 Growing of other perennial crops | E22: Belgium | F22: country:BE | G22: =RIGHT(F22,2) -> BE | H22: C9 – Gender diversity ratio in the governance body | I22: Chlorpyrifos | K22: 01 04 13 - Non-Hazardous - Wastes from stone cutting and sawing other than those mentioned in 01 04 07 | S22: 2020 | Z22: 0402 Wastes from the textile industry | AA22: BRL | AC22: 21
A23: A - 01.3 Plant propagation | B23: NACE_A013 | C23: NACE B - 05.2 Mining of lignite | D23: =_xlfn.CONCAT("NACE ", A23) -> NACE A - 01.3 Plant propagation | E23: Burkina Faso | F23: country:BF | G23: =RIGHT(F23,2) -> BF | I23: Chromium and compounds (Cr) | K23: 01 04 99 - Non-Hazardous - Wastes not otherwise specified | S23: 2021 | Z23: 05 WASTES FROM PETROLEUM REFINING, NATURAL GAS PURIFICATION AND PYROLYTIC TREATMENT OF COAL | AA23: BSD | AC23: 22
A24: A - 01.30 Plant propagation | B24: NACE_A0130 | C24: NACE B - 06 Mining of metal ores | D24: =_xlfn.CONCAT("NACE ", A24) -> NACE A - 01.30 Plant propagation | E24: Bulgaria | F24: country:BG | G24: =RIGHT(F24,2) -> BG | I24: Copper and compounds (Cu) | K24: 01 05 - Drilling muds and other drilling wastes | S24: 2022 | Z24: 0501 Oily sludges and solid wastes | AA24: BTN | AC24: 23
A25: A - 01.4 Animal production | B25: NACE_A014 | C25: NACE B - 06.1 Extraction of crude petroleum | D25: =_xlfn.CONCAT("NACE ", A25) -> NACE A - 01.4 Animal production | E25: Bahrain | F25: country:BH | G25: =RIGHT(F25,2) -> BH | I25: Cyanides (total CN) | K25: 01 05 04 - Non-Hazardous - Freshwater drilling muds and wastes | S25: 2023 | Z25: 0502 Non oily sludges and solid wastes | AA25: BWP | AC25: 24
A26: A - 01.41 Raising of dairy cattle | B26: NACE_A0141 | C26: NACE B - 06.2 Extraction of natural gas | D26: =_xlfn.CONCAT("NACE ", A26) -> NACE A - 01.41 Raising of dairy cattle | E26: Burundi | F26: country:BI | G26: =RIGHT(F26,2) -> BI | I26: DDT | K26: 01 05 05 - Hazardous - Oil-containing drilling muds and wastes | S26: 2024 | Z26: 0504 Spent filter clays | AA26: BZD | AC26: 25
A27: A - 01.42 Raising of other cattle and buffaloes | B27: NACE_A0142 | C27: NACE B - 07 Other mining and quarrying | D27: =_xlfn.CONCAT("NACE ", A27) -> NACE A - 01.42 Raising of other cattle and buffaloes | E27: Benin | F27: country:BJ | G27: =RIGHT(F27,2) -> BJ | I27: Di-(2-ethyl hexyl) phthalate (DEHP) | K27: 01 05 06 - Hazardous - Drilling muds and other drilling wastes containing hazardous substances | S27: 2025 | Z27: 0505 Oil desulphurisation wastes | AA27: CAD | AC27: 26
A28: A - 01.43 Raising of horses and other equines | B28: NACE_A0143 | C28: NACE B - 07.1 Mining of iron ores | D28: =_xlfn.CONCAT("NACE ", A28) -> NACE A - 01.43 Raising of horses and other equines | E28: Saint Barthélemy | F28: country:BL | G28: =RIGHT(F28,2) -> BL | I28: 1,2-dichloroethane (EDC) | K28: 01 05 07 - Non-Hazardous - Barite-containing drilling muds and wastes other than those mentioned in 01 05 05 and 01 05 06 | S28: 2026 | Z28: 0506 Wastes from the pyrolytic treatment of coal | AA28: CDF | AC28: 27
A29: A - 01.44 Raising of camels and camelids | B29: NACE_A0144 | C29: NACE B - 07.2 Mining of non-ferrous metal ores | D29: =_xlfn.CONCAT("NACE ", A29) -> NACE A - 01.44 Raising of camels and camelids | E29: Bermuda | F29: country:BM | G29: =RIGHT(F29,2) -> BM | I29: Dichloromethane (DCM) | K29: 01 05 08 - Non-Hazardous - Chloride-containing drilling muds and wastes other than those mentioned in 01 05 05 and 01 05 06 | S29: 2027 | Z29: 0507 Wastes from natural gas purification | AA29: CHE | AC29: 28
A30: A - 01.45 Raising of sheep and goats | B30: NACE_A0145 | C30: NACE B - 08 Mining support service activities | D30: =_xlfn.CONCAT("NACE ", A30) -> NACE A - 01.45 Raising of sheep and goats | E30: Brunei Darussalam | F30: country:BN | G30: =RIGHT(F30,2) -> BN | I30: Dicofol | K30: 01 05 99 - Non-Hazardous - Wastes not otherwise specified | S30: 2028 | Z30: 0508 Wastes from oil regeneration | AA30: CHF | AC30: 29
A31: A - 01.46 Raising of swine and pigs | B31: NACE_A0146 | C31: NACE B - 08.1 Quarrying of stone, sand and clay | D31: =_xlfn.CONCAT("NACE ", A31) -> NACE A - 01.46 Raising of swine and pigs | E31: Bolivia (Plurinational State of) | F31: country:BO | G31: =RIGHT(F31,2) -> BO | I31: Dieldrin | K31: 02 - WASTES FROM AGRICULTURE, HORTICULTURE, AQUACULTURE, FORESTRY, HUNTING AND FISHING, FOOD PREPARATION AND PROCESSING | S31: 2029 | Z31: 06 WASTES FROM INORGANIC CHEMICAL PROCESSES | AA31: CHW | AC31: 30
A32: A - 01.47 Raising of poultry | B32: NACE_A0147 | C32: NACE B - 08.9 Mining and quarrying n.e.c. | D32: =_xlfn.CONCAT("NACE ", A32) -> NACE A - 01.47 Raising of poultry | E32: Bonaire, Sint Eustatius and Saba | F32: country:BQ | G32: =RIGHT(F32,2) -> BQ | I32: Diuron | K32: 02 01 - Wastes from agriculture, horticulture, aquaculture, forestry, hunting and fishing | S32: 2030 | Z32: 0601 Waste acidic solutions | AA32: CLF | AC32: 31
A33: A - 01.48 Raising of other animals | B33: NACE_A0148 | C33: NACE B - 09.1 Support activities for petroleum and natural gas extraction | D33: =_xlfn.CONCAT("NACE ", A33) -> NACE A - 01.48 Raising of other animals | E33: Brazil | F33: country:BR | G33: =RIGHT(F33,2) -> BR | I33: Endosulphan | K33: 02 01 01 - Non-Hazardous - Sludges from washing and cleaning | S33: 2031 | Z33: 0602 Waste alkaline solutions | AA33: CLP
A34: A - 01.5 Mixed farming | B34: NACE_A015 | C34: NACE B - 09.9 Support activities for other mining and quarrying | D34: =_xlfn.CONCAT("NACE ", A34) -> NACE A - 01.5 Mixed farming | E34: Bahamas | F34: country:BS | G34: =RIGHT(F34,2) -> BS | I34: Endrin | K34: 02 01 02 - Non-Hazardous - Animal-tissue waste | S34: 2032 | Z34: 0603 Waste salts and their solutions | AA34: CNY
A35: A - 01.50 Mixed farming | B35: NACE_A0150 | C35: NACE B - MINING AND QUARRYING | D35: =_xlfn.CONCAT("NACE ", A35) -> NACE A - 01.50 Mixed farming | E35: Bhutan | F35: country:BT | G35: =RIGHT(F35,2) -> BT | I35: Ethyl benzene | K35: 02 01 03 - Non-Hazardous - Plant-tissue waste | S35: 2033 | Z35: 0604 Metal-containing wastes | AA35: COP
A36: A - 01.6 Support activities to agriculture and post-harvest crop activities | B36: NACE_A016 | C36: NACE C - 10 Manufacture of food products | D36: =_xlfn.CONCAT("NACE ", A36) -> NACE A - 01.6 Support activities to agriculture and post-harvest crop activities | E36: Burma (before 1989-12-15) | F36: country:BU | G36: =RIGHT(F36,2) -> BU | I36: Ethylene oxide | K36: 02 01 04 - Non-Hazardous - Waste plastics (except packaging) | S36: 2034 | Z36: 0605 Sludges from on-site effluent treatment | AA36: COU
A37: A - 01.61 Support activities for crop production | B37: NACE_A0161 | C37: NACE C - 10.1 Processing and preserving of meat and production of meat products | D37: =_xlfn.CONCAT("NACE ", A37) -> NACE A - 01.61 Support activities for crop production | E37: Bouvet Island | F37: country:BV | G37: =RIGHT(F37,2) -> BV | I37: Fluoranthene | K37: 02 01 06 - Non-Hazardous - Animal faeces, urine and manure (including spoiled straw), effluent, collected separately and treated off-site | S37: 2035 | Z37: 0606 Wastes from sulphur chemical processes (production and transformation) and desulphurisation processes | AA37: CRC
A38: A - 01.62 Support activities for animal production | B38: NACE_A0162 | C38: NACE C - 10.2 Processing and preserving of fish, crustaceans and molluscs | D38: =_xlfn.CONCAT("NACE ", A38) -> NACE A - 01.62 Support activities for animal production | E38: Botswana | F38: country:BW | G38: =RIGHT(F38,2) -> BW | I38: Fluorides (total F) | K38: 02 01 07 - Non-Hazardous - Wastes from forestry | S38: 2036 | Z38: 0607 Wastes from halogen chemical processes | AA38: CUC
A39: A - 01.63 Post-harvest crop activities and seed processing for propagation | B39: NACE_A0163 | C39: NACE C - 10.3 Processing and preserving of fruit and vegetables | D39: =_xlfn.CONCAT("NACE ", A39) -> NACE A - 01.63 Post-harvest crop activities and seed processing for propagation | E39: Belarus | F39: country:BY | G39: =RIGHT(F39,2) -> BY | I39: Fluorine and inorganic compounds (HF) | K39: 02 01 08 - Hazardous - Agrochemical waste containing hazardous substances | S39: 2037 | Z39: 0608 Waste from production of silicon and silicon derivatives | AA39: CUP
A40: A - 01.7 Hunting, trapping and related service activities | B40: NACE_A017 | C40: NACE C - 10.4 Manufacture of vegetable and animal oils and fats | D40: =_xlfn.CONCAT("NACE ", A40) -> NACE A - 01.7 Hunting, trapping and related service activities | E40: Belize | F40: country:BZ | G40: =RIGHT(F40,2) -> BZ | I40: Halogenated organic compounds (AOX) | K40: 02 01 09 - Non-Hazardous - Agrochemical waste other than those mentioned in 02 01 08 | S40: 2038 | Z40: 0609 Wastes from phosphorus chemical processes | AA40: CVE
A41: A - 01.70 Hunting, trapping and related service activities | B41: NACE_A0170 | C41: NACE C - 10.5 Manufacture of dairy products and edible ice | D41: =_xlfn.CONCAT("NACE ", A41) -> NACE A - 01.70 Hunting, trapping and related service activities | E41: Canada | F41: country:CA | G41: =RIGHT(F41,2) -> CA | I41: Halons | K41: 02 01 10 - Non-Hazardous - Waste metal | S41: 2039 | Z41: 0610 Waste from nitrogen chemical processes and fertiliser manufacture | AA41: CZK
A42: A - 02 Forestry and logging | B42: NACE_A02 | C42: NACE C - 10.6 Manufacture of grain mill products, starches and starch products | D42: =_xlfn.CONCAT("NACE ", A42) -> NACE A - 02 Forestry and logging | E42: Cocos (Keeling) Islands | F42: country:CC | G42: =RIGHT(F42,2) -> CC | I42: Heptachlor | K42: 02 01 99 - Non-Hazardous - Wastes not otherwise specified | S42: 2040 | Z42: 0611 Waste from the manufacture of inorganic pigments and opacificiers | AA42: DJF
A43: A - 02.1 Silviculture and other forestry activities | B43: NACE_A021 | C43: NACE C - 10.7 Manufacture of bakery and farinaceous products | D43: =_xlfn.CONCAT("NACE ", A43) -> NACE A - 02.1 Silviculture and other forestry activities | E43: Congo (the Democratic Republic of the) | F43: country:CD | G43: =RIGHT(F43,2) -> CD | I43: Hexabromobiphenyl | K43: 02 02 - Wastes from the preparation and processing of meat, fish and other foods of animal origin | S43: 2041 | Z43: 0613 Wastes from other inorganic chemical processes | AA43: DKK
A44: A - 02.10 Silviculture and other forestry activities | B44: NACE_A0210 | C44: NACE C - 10.8 Manufacture of other food products | D44: =_xlfn.CONCAT("NACE ", A44) -> NACE A - 02.10 Silviculture and other forestry activities | E44: Central African Republic | F44: country:CF | G44: =RIGHT(F44,2) -> CF | I44: Hexachlorobenzene (HCB) | K44: 02 02 01 - Non-Hazardous - Sludges from washing and cleaning | S44: 2042 | Z44: 07 WASTES FROM ORGANIC CHEMICAL PROCESSES | AA44: DOP
... A95: C - 10.12 Processing and preserving of poultry meat | B95: NACE_C1012 | C95: NACE C - 23.9 Manufacture of abrasive products and non-metallic mineral products n.e.c. | D95: =_xlfn.CONCAT("NACE ", A95) -> NACE C - 10.12 Processing and preserving of poultry meat | E95: Guatemala | F95: country:GT | G95: =RIGHT(F95,2) -> GT | I95: Zinc and compounds (Zn) | K95: 03 03 08 - Non-Hazardous - Wastes from sorting of paper and cardboard destined for recycling | S95: 2093 | Z95: 1405 Wastes from solvent and coolant recovery (still bottoms) | AA95: MOP
A96: C - 10.13 Production of meat and poultry meat products | B96: NACE_C1013 | C96: NACE C - 24 Manufacture of basic metals | D96: =_xlfn.CONCAT("NACE ", A96) -> NACE C - 10.13 Production of meat and poultry meat products | E96: Guam | F96: country:GU | G96: =RIGHT(F96,2) -> GU | K96: 03 03 09 - Non-Hazardous - Lime mud waste | S96: 2094 | Z96: 15 WASTE PACKAGING; ABSORBENTS, WIPING CLOTHS, FILTER MATERIALS AND PROTECTIVE CLOTHING NOT OTHERWISE SPECIFIED | AA96: MRU
A97: C - 10.2 Processing and preserving of fish, crustaceans and molluscs | B97: NACE_C102 | C97: NACE C - 24.1 Manufacture of basic iron and steel and of ferro-alloys | D97: =_xlfn.CONCAT("NACE ", A97) -> NACE C - 10.2 Processing and preserving of fish, crustaceans and molluscs | E97: Guinea-Bissau | F97: country:GW | G97: =RIGHT(F97,2) -> GW | K97: 03 03 10 - Non-Hazardous - Fibre rejects, fibre-, filler- and coating-sludges from mechanical separation | S97: 2095 | Z97: 1501 Packaging | AA97: MUR
A98: C - 10.20 Processing and preserving of fish, crustaceans and molluscs | B98: NACE_C1020 | C98: NACE C - 24.2 Manufacture of tubes, pipes, hollow profiles and related fittings, of steel | D98: =_xlfn.CONCAT("NACE ", A98) -> NACE C - 10.20 Processing and preserving of fish, crustaceans and molluscs | E98: Guyana | F98: country:GY | G98: =RIGHT(F98,2) -> GY | K98: 03 03 11 - Non-Hazardous - Sludges from on-site effluent treatment other than those mentioned in 03 03 10 | S98: 2096 | Z98: 1502 Absorbents, filter materials, wiping cloths and protective clothing | AA98: MVR
A99: C - 10.3 Processing and preserving of fruit and vegetables | B99: NACE_C103 | C99: NACE C - 24.3 Manufacture of other products of first processing of steel | D99: =_xlfn.CONCAT("NACE ", A99) -> NACE C - 10.3 Processing and preserving of fruit and vegetables | E99: Hong Kong | F99: country:HK | G99: =RIGHT(F99,2) -> HK | K99: 03 03 99 - Non-Hazardous - Wastes not otherwise specified | S99: 2097 | Z99: 16 WASTES NOT OTHERWISE SPECIFIED IN THE LIST | AA99: MWK
A100: C - 10.31 Processing and preserving of potatoes | B100: NACE_C1031 | C100: NACE C - 24.4 Manufacture of basic precious and other non-ferrous metals | D100: =_xlfn.CONCAT("NACE ", A100) -> NACE C - 10.31 Processing and preserving of potatoes | E100: Heard Island and McDonald Islands | F100: country:HM | G100: =RIGHT(F100,2) -> HM | K100: 04 - WASTES FROM THE LEATHER, FUR AND TEXTILE INDUSTRIES | S100: 2098 | Z100: 1601 End-of-life vehicles and their components | AA100: MXN
A101: C - 10.32 Manufacture of fruit and vegetable juice | B101: NACE_C1032 | C101: NACE C - 24.5 Casting of metals | D101: =_xlfn.CONCAT("NACE ", A101) -> NACE C - 10.32 Manufacture of fruit and vegetable juice | E101: Honduras | F101: country:HN | G101: =RIGHT(F101,2) -> HN | K101: 04 01 - Wastes from the leather and fur industry | S101: 2099 | Z101: 1602 Discarded equipment and its components | AA101: MXV
A102: C - 10.39 Other processing and preserving of fruit and vegetables | B102: NACE_C1039 | C102: NACE C - 25 Manufacture of fabricated metal products, except machinery and equipment | D102: =_xlfn.CONCAT("NACE ", A102) -> NACE C - 10.39 Other processing and preserving of fruit and vegetables | E102: Croatia | F102: country:HR | G102: =RIGHT(F102,2) -> HR | K102: 04 01 01 - Non-Hazardous - Fleshings and lime split wastes | S102: 2100 | Z102: 1603 Off-specification batches | AA102: MYR
A103: C - 10.4 Manufacture of vegetable and animal oils and fats | B103: NACE_C104 | C103: NACE C - 25.1 Manufacture of structural metal products | D103: =_xlfn.CONCAT("NACE ", A103) -> NACE C - 10.4 Manufacture of vegetable and animal oils and fats | E103: Haiti | F103: country:HT | G103: =RIGHT(F103,2) -> HT | K103: 04 01 02 - Non-Hazardous - Liming waste | Z103: 1604 Waste explosives | AA103: MZN
A104: C - 10.41 Manufacture of oils and fats | B104: NACE_C1041 | C104: NACE C - 25.2 Manufacture of tanks, reservoirs and containers of metal | D104: =_xlfn.CONCAT("NACE ", A104) -> NACE C - 10.41 Manufacture of oils and fats | E104: Hungary | F104: country:HU | G104: =RIGHT(F104,2) -> HU | K104: 04 01 03 - Hazardous - Degreasing wastes containing solvents without a liquid phase | Z104: 1605 Chemicals and gases in containers | AA104: NAD
A105: C - 10.42 Manufacture of margarine and similar edible fats | B105: NACE_C1042 | C105: NACE C - 25.3 Manufacture of weapons and ammunition | D105: =_xlfn.CONCAT("NACE ", A105) -> NACE C - 10.42 Manufacture of margarine and similar edible fats | E105: Indonesia | F105: country:ID | G105: =RIGHT(F105,2) -> ID | K105: 04 01 04 - Non-Hazardous - Tanning liquor containing chromium | Z105: 1606 Batteries and accumulators | AA105: NGN
A106: C - 10.5 Manufacture of dairy products and edible ice | B106: NACE_C105 | C106: NACE C - 25.4 Forging and shaping metal and powder metallurgy | D106: =_xlfn.CONCAT("NACE ", A106) -> NACE C - 10.5 Manufacture of dairy products and edible ice | E106: Ireland | F106: country:IE | G106: =RIGHT(F106,2) -> IE | K106: 04 01 05 - Non-Hazardous - Tanning liquor free of chromium | Z106: 1607 Wastes from transport and storage tank cleaning (except wastes from petroleum refining, natural gas purification and pyrolytic treatment of coal and wastes from shaping and surface treatment of metals and plastics) | AA106: NIO
A107: C - 10.51 Manufacture of dairy products | B107: NACE_C1051 | C107: NACE C - 25.5 Treatment and coating of metals; machining | D107: =_xlfn.CONCAT("NACE ", A107) -> NACE C - 10.51 Manufacture of dairy products | E107: Israel | F107: country:IL | G107: =RIGHT(F107,2) -> IL | K107: 04 01 06 - Non-Hazardous - Sludges, in particular from on-site effluent treatment containing chromium | Z107: 1608 Spent catalysts | AA107: NOK
A108: C - 10.52 Manufacture of ice cream and other edible ice | B108: NACE_C1052 | C108: NACE C - 25.6 Manufacture of cutlery, tools and general hardware | D108: =_xlfn.CONCAT("NACE ", A108) -> NACE C - 10.52 Manufacture of ice cream and other edible ice | E108: Isle of Man | F108: country:IM | G108: =RIGHT(F108,2) -> IM | K108: 04 01 07 - Non-Hazardous - Sludges, in particular from on-site effluent treatment free of chromium | Z108: 17 CONSTRUCTION AND DEMOLITION WASTES (INCLUDING ROAD CONSTRUCTION) | AA108: NPR
A109: C - 10.6 Manufacture of grain mill products, starches and starch products | B109: NACE_C106 | C109: NACE C - 25.9 Manufacture of other fabricated metal products | D109: =_xlfn.CONCAT("NACE ", A109) -> NACE C - 10.6 Manufacture of grain mill products, starches and starch products | E109: India | F109: country:IN | G109: =RIGHT(F109,2) -> IN | K109: 04 01 08 - Non-Hazardous - Waste tanned leather (blue sheetings, shavings, cuttings, buffing dust) containing chromium | Z109: 1701 Concrete, bricks, tiles, ceramics, and gypsum-based materials | AA109: NZD
A110: C - 10.61 Manufacture of grain mill products | B110: NACE_C1061 | C110: NACE C - 26 Manufacture of computer, electronic and optical products | D110: =_xlfn.CONCAT("NACE ", A110) -> NACE C - 10.61 Manufacture of grain mill products | E110: British Indian Ocean Territory | F110: country:IO | G110: =RIGHT(F110,2) -> IO | K110: 04 01 09 - Non-Hazardous - Wastes from dressing and finishing | Z110: 1702 Wood, glass and plastic | AA110: OMR
A111: C - 10.62 Manufacture of starches and starch products | B111: NACE_C1062 | C111: NACE C - 26.1 Manufacture of electronic components and boards | D111: =_xlfn.CONCAT("NACE ", A111) -> NACE C - 10.62 Manufacture of starches and starch products | E111: Iraq | F111: country:IQ | G111: =RIGHT(F111,2) -> IQ | K111: 04 01 99 - Non-Hazardous - Wastes not otherwise specified | Z111: 1703 Asphalt, tar and tarred products | AA111: PAB
A112: C - 10.7 Manufacture of bakery and farinaceous products | B112: NACE_C107 | C112: NACE C - 26.2 Manufacture of computers and peripheral equipment | D112: =_xlfn.CONCAT("NACE ", A112) -> NACE C - 10.7 Manufacture of bakery and farinaceous products | E112: Iran (Islamic Republic of) | F112: country:IR | G112: =RIGHT(F112,2) -> IR | K112: 04 02 - Wastes from the textile industry | Z112: 1704 Metals (including their alloys) | AA112: PEN
A113: C - 10.71 Manufacture of bread; manufacture of fresh pastry goods and cakes | B113: NACE_C1071 | C113: NACE C - 26.3 Manufacture of communication equipment | D113: =_xlfn.CONCAT("NACE ", A113) -> NACE C - 10.71 Manufacture of bread; manufacture of fresh pastry goods and cakes | E113: Iceland | F113: country:IS | G113: =RIGHT(F113,2) -> IS | K113: 04 02 09 - Non-Hazardous - Wastes from composite materials (impregnated textile, elastomer, plastomer) | Z113: 1705 Soil and dredging spoil | AA113: PGK
A114: C - 10.72 Manufacture of rusks, biscuits, preserved pastries and cakes | B114: NACE_C1072 | C114: NACE C - 26.4 Manufacture of consumer electronics | D114: =_xlfn.CONCAT("NACE ", A114) -> NACE C - 10.72 Manufacture of rusks, biscuits, preserved pastries and cakes | E114: Italy | F114: country:IT | G114: =RIGHT(F114,2) -> IT | K114: 04 02 10 - Non-Hazardous - Organic matter from natural products (for example grease, wax) | Z114: 1706 Insulation materials | AA114: PHP
... A133: C - 11.05 Manufacture of beer | B133: NACE_C1105 | C133: NACE C - 29.2 Manufacture of bodies and coachwork for motor vehicles; manufacture of trailers and semi-trailers | D133: =_xlfn.CONCAT("NACE ", A133) -> NACE C - 11.05 Manufacture of beer | E133: Liechtenstein | F133: country:LI | G133: =RIGHT(F133,2) -> LI | K133: 05 01 09 - Hazardous - Sludges from on-site effluent treatment containing hazardous substances | Z133: 2003 Other municipal wastes | AA133: SSP
A134: C - 11.06 Manufacture of malt | B134: NACE_C1106 | C134: NACE C - 29.3 Manufacture of motor vehicle parts and accessories | D134: =_xlfn.CONCAT("NACE ", A134) -> NACE C - 11.06 Manufacture of malt | E134: Sri Lanka | F134: country:LK | G134: =RIGHT(F134,2) -> LK | K134: 05 01 10 - Non-Hazardous - Sludges from on-site effluent treatment other than those mentioned in 05 01 09 | AA134: STD
A135: C - 11.07 Manufacture of soft drinks and bottled waters | B135: NACE_C1107 | C135: NACE C - 30 Manufacture of other transport equipment | D135: =_xlfn.CONCAT("NACE ", A135) -> NACE C - 11.07 Manufacture of soft drinks and bottled waters | E135: Liberia | F135: country:LR | G135: =RIGHT(F135,2) -> LR | K135: 05 01 11 - Hazardous - Wastes from cleaning of fuels with bases | AA135: SVC
A136: C - 12 Manufacture of tobacco products | B136: NACE_C12 | C136: NACE C - 30.1 Building of ships and boats | D136: =_xlfn.CONCAT("NACE ", A136) -> NACE C - 12 Manufacture of tobacco products | E136: Lesotho | F136: country:LS | G136: =RIGHT(F136,2) -> LS | K136: 05 01 12 - Hazardous - Oil containing acids | AA136: SYP
A137: C - 12.0 Manufacture of tobacco products | B137: NACE_C120 | C137: NACE C - 30.2 Manufacture of railway locomotives and rolling stock | D137: =_xlfn.CONCAT("NACE ", A137) -> NACE C - 12.0 Manufacture of tobacco products | E137: Lithuania | F137: country:LT | G137: =RIGHT(F137,2) -> LT | K137: 05 01 13 - Non-Hazardous - Boiler feedwater sludges | AA137: SZL
A138: C - 12.00 Manufacture of tobacco products | B138: NACE_C1200 | C138: NACE C - 30.3 Manufacture of air and spacecraft and related machinery | D138: =_xlfn.CONCAT("NACE ", A138) -> NACE C - 12.00 Manufacture of tobacco products | E138: Luxembourg | F138: country:LU | G138: =RIGHT(F138,2) -> LU | K138: 05 01 14 - Non-Hazardous - Wastes from cooling columns | AA138: THB
A139: C - 13 Manufacture of textiles | B139: NACE_C13 | C139: NACE C - 30.4 Manufacture of military fighting vehicles | D139: =_xlfn.CONCAT("NACE ", A139) -> NACE C - 13 Manufacture of textiles | E139: Latvia | F139: country:LV | G139: =RIGHT(F139,2) -> LV | K139: 05 01 15 - Hazardous - Spent filter clays | AA139: TJS
A140: C - 13.1 Preparation and spinning of textile fibres | B140: NACE_C131 | C140: NACE C - 30.9 Manufacture of transport equipment n.e.c. | D140: =_xlfn.CONCAT("NACE ", A140) -> NACE C - 13.1 Preparation and spinning of textile fibres | E140: Libya | F140: country:LY | G140: =RIGHT(F140,2) -> LY | K140: 05 01 16 - Non-Hazardous - Sulphur-containing wastes from petroleum desulphurisation | AA140: TMT
A141: C - 13.10 Preparation and spinning of textile fibres | B141: NACE_C1310 | C141: NACE C - 31 Manufacture of furniture | D141: =_xlfn.CONCAT("NACE ", A141) -> NACE C - 13.10 Preparation and spinning of textile fibres | E141: Morocco | F141: country:MA | G141: =RIGHT(F141,2) -> MA | K141: 05 01 17 - Non-Hazardous - Bitumen | AA141: TND
A142: C - 13.2 Weaving of textiles | B142: NACE_C132 | C142: NACE C - 31.0 Manufacture of furniture | D142: =_xlfn.CONCAT("NACE ", A142) -> NACE C - 13.2 Weaving of textiles | E142: Monaco | F142: country:MC | G142: =RIGHT(F142,2) -> MC | K142: 05 01 99 - Non-Hazardous - Wastes not otherwise specified | AA142: TOP
A143: C - 13.20 Weaving of textiles | B143: NACE_C1320 | C143: NACE C - 32 Other manufacturing | D143: =_xlfn.CONCAT("NACE ", A143) -> NACE C - 13.20 Weaving of textiles | E143: Moldova (the Republic of) | F143: country:MD | G143: =RIGHT(F143,2) -> MD | K143: 05 06 - Wastes from the pyrolytic treatment of coal | AA143: TRY
A144: C - 13.3 Finishing of textiles | B144: NACE_C133 | C144: NACE C - 32.1 Manufacture of jewellery, bijouterie and related articles | D144: =_xlfn.CONCAT("NACE ", A144) -> NACE C - 13.3 Finishing of textiles | E144: Montenegro | F144: country:ME | G144: =RIGHT(F144,2) -> ME | K144: 05 06 01 - Hazardous - Acid tars | AA144: TTD
A145: C - 13.30 Finishing of textiles | B145: NACE_C1330 | C145: NACE C - 32.2 Manufacture of musical instruments | D145: =_xlfn.CONCAT("NACE ", A145) -> NACE C - 13.30 Finishing of textiles | E145: Saint Martin (French part) | F145: country:MF | G145: =RIGHT(F145,2) -> MF | K145: 05 06 03 - Hazardous - Other tars | AA145: TWD
... A170: C - 16.1 Sawmilling and planing of wood; processing and finishing of wood | B170: NACE_C161 | C170: NACE E - WATER SUPPLY; SEWERAGE, WASTE MANAGEMENT AND REMEDIATION ACTIVITIES | D170: =_xlfn.CONCAT("NACE ", A170) -> NACE C - 16.1 Sawmilling and planing of wood; processing and finishing of wood | E170: Netherlands (Kingdom of the) | F170: country:NL | G170: =RIGHT(F170,2) -> NL | K170: 06 03 14 - Non-Hazardous - Solid salts and solutions other than those mentioned in 06 03 11 and 06 03 13 | AA170: ZMW
A171: C - 16.11 Sawmilling and planing of wood | B171: NACE_C1611 | C171: NACE F - 41 Construction of residential and non-residential buildings | D171: =_xlfn.CONCAT("NACE ", A171) -> NACE C - 16.11 Sawmilling and planing of wood | E171: Norway | F171: country:NO | G171: =RIGHT(F171,2) -> NO | K171: 06 03 15 - Hazardous - Metallic oxides containing heavy metals
A172: C - 16.12 Processing and finishing of wood | B172: NACE_C1612 | C172: NACE F - 41.0 Construction of residential and non-residential buildings | D172: =_xlfn.CONCAT("NACE ", A172) -> NACE C - 16.12 Processing and finishing of wood | E172: Nepal | F172: country:NP | G172: =RIGHT(F172,2) -> NP | K172: 06 03 16 - Non-Hazardous - Metallic oxides other than those mentioned in 06 03 15
A173: C - 16.2 Manufacture of products of wood, cork, straw and plaiting materials | B173: NACE_C162 | C173: NACE F - 42 Civil engineering | D173: =_xlfn.CONCAT("NACE ", A173) -> NACE C - 16.2 Manufacture of products of wood, cork, straw and plaiting materials | E173: Nauru | F173: country:NR | G173: =RIGHT(F173,2) -> NR | K173: 06 03 99 - Non-Hazardous - Wastes not otherwise specified
A174: C - 16.21 Manufacture of veneer sheets and wood-based panels | B174: NACE_C1621 | C174: NACE F - 42.1 Construction of roads and railways | D174: =_xlfn.CONCAT("NACE ", A174) -> NACE C - 16.21 Manufacture of veneer sheets and wood-based panels | E174: Neutral Zone (before 1993-07-12) | F174: country:NT | G174: =RIGHT(F174,2) -> NT | K174: 06 04 - Metal-containing wastes other than those mentioned in 06 03
A175: C - 16.22 Manufacture of assembled parquet floors | B175: NACE_C1622 | C175: NACE F - 42.2 Construction of utility projects | D175: =_xlfn.CONCAT("NACE ", A175) -> NACE C - 16.22 Manufacture of assembled parquet floors | E175: Niue | F175: country:NU | G175: =RIGHT(F175,2) -> NU | K175: 06 04 03 - Hazardous - Wastes containing arsenic
A176: C - 16.23 Manufacture of other builders’ carpentry and joinery | B176: NACE_C1623 | C176: NACE F - 42.9 Construction of other civil engineering projects | D176: =_xlfn.CONCAT("NACE ", A176) -> NACE C - 16.23 Manufacture of other builders’ carpentry and joinery | E176: New Zealand | F176: country:NZ | G176: =RIGHT(F176,2) -> NZ | K176: 06 04 04 - Hazardous - Wastes containing mercury
A177: C - 16.24 Manufacture of wooden containers | B177: NACE_C1624 | C177: NACE F - 43 Specialised construction activities | D177: =_xlfn.CONCAT("NACE ", A177) -> NACE C - 16.24 Manufacture of wooden containers | E177: Oman | F177: country:OM | G177: =RIGHT(F177,2) -> OM | K177: 06 04 05 - Hazardous - Wastes containing other heavy metals
A178: C - 16.25 Manufacture of doors and windows of wood | B178: NACE_C1625 | C178: NACE F - 43.1 Demolition and site preparation | D178: =_xlfn.CONCAT("NACE ", A178) -> NACE C - 16.25 Manufacture of doors and windows of wood | E178: Panama | F178: country:PA | G178: =RIGHT(F178,2) -> PA | K178: 06 04 99 - Non-Hazardous - Wastes not otherwise specified
A179: C - 16.26 Manufacture of solid fuels from vegetable biomass | B179: NACE_C1626 | C179: NACE F - 43.2 Electrical, plumbing and other construction installation activities | D179: =_xlfn.CONCAT("NACE ", A179) -> NACE C - 16.26 Manufacture of solid fuels from vegetable biomass | E179: Peru | F179: country:PE | G179: =RIGHT(F179,2) -> PE | K179: 06 05 - Sludges from on-site effluent treatment
A180: C - 16.27 Finishing of wooden products | B180: NACE_C1627 | C180: NACE F - 43.3 Building completion and finishing | D180: =_xlfn.CONCAT("NACE ", A180) -> NACE C - 16.27 Finishing of wooden products | E180: French Polynesia | F180: country:PF | G180: =RIGHT(F180,2) -> PF | K180: 06 05 02 - Hazardous - Sludges from on-site effluent treatment containing hazardous substances
A181: C - 16.28 Manufacture of other products of wood and articles of cork, straw and plaiting materials | B181: NACE_C1628 | C181: NACE F - 43.4 Specialised construction activities in construction of buildings | D181: =_xlfn.CONCAT("NACE ", A181) -> NACE C - 16.28 Manufacture of other products of wood and articles of cork, straw and plaiting materials | E181: Papua New Guinea | F181: country:PG | G181: =RIGHT(F181,2) -> PG | K181: 06 05 03 - Non-Hazardous - Sludges from on-site effluent treatment other than those mentioned in 06 05 02
A182: C - 17 Manufacture of paper and paper products | B182: NACE_C17 | C182: NACE F - 43.5 Specialised construction activities in civil engineering | D182: =_xlfn.CONCAT("NACE ", A182) -> NACE C - 17 Manufacture of paper and paper products | E182: Philippines | F182: country:PH | G182: =RIGHT(F182,2) -> PH | K182: 06 06 - Wastes from the MFSU of sulphur chemicals, sulphur chemical processes and desulphurisation processes
... A257: C - 23.43 Manufacture of ceramic insulators and insulating fittings | B257: NACE_C2343 | C257: NACE K - 61.9 Other telecommunication activities | D257: =_xlfn.CONCAT("NACE ", A257) -> NACE C - 23.43 Manufacture of ceramic insulators and insulating fittings | E257: Zimbabwe | F257: country:ZW | G257: =RIGHT(F257,2) -> ZW | K257: 07 04 08 - Hazardous - Other still bottoms and reaction residues
A258: C - 23.44 Manufacture of other technical ceramic products | B258: NACE_C2344 | C258: NACE K - 62 Computer programming, consultancy and related activities | D258: =_xlfn.CONCAT("NACE ", A258) -> NACE C - 23.44 Manufacture of other technical ceramic products | K258: 07 04 09 - Hazardous - Halogenated filter cakes and spent absorbents
A259: C - 23.45 Manufacture of other ceramic products | B259: NACE_C2345 | C259: NACE K - 62.1 Computer programming activities | D259: =_xlfn.CONCAT("NACE ", A259) -> NACE C - 23.45 Manufacture of other ceramic products | K259: 07 04 10 - Hazardous - Other filter cakes and spent absorbents
A260: C - 23.5 Manufacture of cement, lime and plaster | B260: NACE_C235 | C260: NACE K - 62.2 Computer consultancy and computer facilities management activities | D260: =_xlfn.CONCAT("NACE ", A260) -> NACE C - 23.5 Manufacture of cement, lime and plaster | K260: 07 04 11 - Hazardous - Sludges from on-site effluent treatment containing hazardous substances
A261: C - 23.51 Manufacture of cement | B261: NACE_C2351 | C261: NACE K - 62.9 Other information technology and computer service activities | D261: =_xlfn.CONCAT("NACE ", A261) -> NACE C - 23.51 Manufacture of cement | K261: 07 04 12 - Non-Hazardous - Sludges from on-site effluent treatment other than those mentioned in 07 04 11
A262: C - 23.52 Manufacture of lime and plaster | B262: NACE_C2352 | C262: NACE K - 63 Computing infrastructure, data processing, hosting and other information service activities | D262: =_xlfn.CONCAT("NACE ", A262) -> NACE C - 23.52 Manufacture of lime and plaster | K262: 07 04 13 - Hazardous - Solid wastes containing hazardous substances
A263: C - 23.6 Manufacture of articles of concrete, cement and plaster | B263: NACE_C236 | C263: NACE K - 63.1 Computing infrastructure, data processing, hosting and related activities | D263: =_xlfn.CONCAT("NACE ", A263) -> NACE C - 23.6 Manufacture of articles of concrete, cement and plaster | K263: 07 04 99 - Non-Hazardous - Wastes not otherwise specified
A264: C - 23.61 Manufacture of concrete products for construction purposes | B264: NACE_C2361 | C264: NACE K - 63.9 Web search portal activities and other information service activities | D264: =_xlfn.CONCAT("NACE ", A264) -> NACE C - 23.61 Manufacture of concrete products for construction purposes | K264: 07 05 - Wastes from the MFSU of pharmaceuticals
A265: C - 23.62 Manufacture of plaster products for construction purposes | B265: NACE_C2362 | C265: NACE K - TELECOMMUNICATION, COMPUTER PROGRAMMING, CONSULTING, COMPUTING INFRASTRUCTURE AND OTHER INFORMATION SERVICE ACTIVITIES | D265: =_xlfn.CONCAT("NACE ", A265) -> NACE C - 23.62 Manufacture of plaster products for construction purposes | K265: 07 05 01 - Hazardous - Aqueous washing liquids and mother liquors
A266: C - 23.63 Manufacture of ready-mixed concrete | B266: NACE_C2363 | C266: NACE L - 64 Financial service activities, except insurance and pension funding | D266: =_xlfn.CONCAT("NACE ", A266) -> NACE C - 23.63 Manufacture of ready-mixed concrete | K266: 07 05 03 - Hazardous - Organic halogenated solvents, washing liquids and mother liquors
...

Sheet Translations
A1: Label ID | B1: Translation (according to the language selected in the first sheet) | C1: English - Official | D1: Lithuanian - Reviewed translation by Lithuanian Standard Setter | E1: Polish - Reviewed translation by Polish Standard Setter | F1: Portuguese - Reviewed translation by Portuguese Standard Setter | G1: Spanish - Reviewed translation by Spanish Standard Setter
C2: en | D2: lt | E2: pl | F2: pt | G2: es
C3: =C1& " [" &C2 & "]" -> English - Official [en] | D3: =D1& " [" &D2 & "]" -> Lithuanian - Reviewed translation by Lithuanian Standard Setter [lt] | E3: =E1& " [" &E2 & "]" -> Polish - Reviewed translation by Polish Standard Setter [pl] | F3: =F1& " [" &F2 & "]" -> Portuguese - Reviewed translation by Portuguese Standard Setter [pt] | G3: =G1& " [" &G2 & "]" -> Spanish - Reviewed translation by Spanish Standard Setter [es]
A4: template_label_entity_name_document_information | B4: =INDEX(C4:G4,MATCH(template_selected_display_language,$C$3:$G$3,0)) -> Entity Name | C4: Entity Name | D4: Įmonės pavadinimas | E4: Nazwa jednostki | F4: Nome da Entidade | G4: Nombre de la entidad
A5: template_label_entity_identifier_document_information | B5: =INDEX(C5:G5,MATCH(template_selected_display_language,$C$3:$G$3,0)) -> Entity Identifier | C5: Entity Identifier | D5: Įmonės identifikatorius | E5: Identyfikator jednostki | F5: Identificador da Entidade | G5: Identificador de entidad
A6: template_label_entity_identifier_scheme_document_information | B6: =INDEX(C6:G6,MATCH(template_selected_display_language,$C$3:$G$3,0)) -> Entity Identifier Scheme | C6: Entity Identifier Scheme | D6: Įmonės schema | E6: Schemat identyfikatora jednostki | F6: Esquema de Identificador da Entidade | G6: Esquema de Identificador de Entidad
A7: template_label_report_currency_document_information | B7: =INDEX(C7:G7,MATCH(template_selected_display_language,$C$3:$G$3,0)) -> Report currency | C7: Report currency | D7: Ataskaitos valiuta | E7: Waluta sprawozdania | F7: Moeda de reporte | G7: Divisa del informe
A8: template_label_decimal_separator_document_information | B8: =INDEX(C8:G8,MATCH(template_selected_display_language,$C$3:$G$3,0)) -> Decimal separator | C8: Decimal separator | D8: Dešimtainis skirtukas | E8: Separator dziesiętny | F8: Separador decimal | G8: Separador decimal
A9: template_label_report_period_document_information | B9: =INDEX(C9:G9,MATCH(template_selected_display_language,$C$3:$G$3,0)) -> Report period | C9: Report period | D9: Ataskaitos laikotarpis | E9: Okres sprawozdawczy | F9: Período do relatório | G9: Periodo del informe
A10: template_label_report_generated | B10: =INDEX(C10:G10,MATCH(template_selected_display_language,$C$3:$G$3,0)) -> Report generated | C10: Report generated | D10: Ataskaita sugeneruota | E10: Wygenerowane sprawozdanie | F10: Relatório gerado | G10: Informe generado
A11: template_label_disclosures_related_to_reporting_period | B11: =INDEX(C11:G11,MATCH(template_selected_display_language,$C$3:$G$3,0)) -> All disclosures are related to the reporting period above unless specified otherwise. | C11: All disclosures are related to the reporting period above unless specified otherwise. | D11: Visi atskleidimai susiję su aukščiau nurodytu ataskaitiniu laikotarpiu, jei nėra nurodyta kitaip. | E11: Wszystkie ujawnienia dotyczą powyższego okresu sprawozdawczego, chyba że wskazano inaczej. | F11: Todas as divulgações respeitam ao período de reporte acima, salvo indicação em contrário. | G11: Todas las divulgaciones se refieren al período de reporte indicado arriba, salvo que se especifique lo contrario.
A12: template_label_table_of_contents | B12: =INDEX(C12:G12,MATCH(template_selected_display_language,$C$3:$G$3,0)) -> Table of Contents | C12: Table of Contents | D12: Turinys | E12: Spis treści | F12: Índice | G12: Tabla de contenido
A13: template_label_reporting_period | B13: =INDEX(C13:G13,MATCH(template_selected_display_language,$C$3:$G$3,0)) -> Reporting period: | C13: Reporting period: | D13: Ataskaitos laikotarpis: | E13: Okres sprawozdawczy | F13: Período de reporte: | G13: Periodo de reporte:
A14: template_label_XBRL_facts_in_report | B14: =INDEX(C14:G14,MATCH(template_selected_display_language,$C$3:$G$3,0)) -> This report contains {{ ns.fact_count }} XBRL facts ({{ facts | count }} unique facts). | C14: This report contains {{ ns.fact_count }} XBRL facts ({{ facts | count }} unique facts). | D14: Šioje ataskaitoje yra {{ ns.fact_count }} XBRL elementų ({{ facts | count }} unikalių elementų). | E14: Niniejszy raport zawiera {{ ns.fact_count }} elementów XBRL ({{ facts | count }} unikalnych elementów). | F14: Este relatório contém {{ ns.fact_count }} fatos XBRL ({{ facts | count }} fatos únicos). | G14: Este informe contiene {{ ns.fact_count }} elementos XBRL ({{ facts | count }} elementos únicos).
A15: template_label_version | B15: =INDEX(C15:G15,MATCH(template_selected_display_language,$C$3:$G$3,0)) -> Version: | C15: Version: | D15: Versija: | E15: Wersja: | F15: Versão: | G15: Versión:
... A44: template_label_indicates_that_either_data_entry_is_incorrect_in_terms_of_format_or_that_certain_information | B44: =INDEX(C44:G44,MATCH(template_selected_display_language,$C$3:$G$3,0)) -> Indicates that either data entry is incorrect in terms of format or that certain information is missing in order to correctly report on the disclosure. | C44: Indicates that either data entry is incorrect in terms of format or that certain information is missing in order to correctly report on the disclosure. | D44: Nurodo, kad duomenų įvedimas yra neteisingas (neatitinka formato reikalavimų) arba trūksta tam tikros informacijos, būtinos tinkamai pateikti atskleidimą. | E44: Wskazuje, że wpisane dane są niepoprawne pod względem formatu lub brakuje pewnych informacji, aby prawidłowo sporządzić sprawozdanie dotyczący ujawnienia. | F44: Indica que a introdução dos dados está incorreta em termos de formato ou que faltam certas informações para relatar corretamente a divulgação. | G44: Indica que la entrada de datos es incorrecta en cuanto al formato o que falta cierta información para informar correctamente sobre la divulgación.
A45: template_label_validation_ok | B45: =INDEX(C45:G45,MATCH(template_selected_display_language,$C$3:$G$3,0)) -> Validation OK | C45: Validation OK | E45: Walidacja OK | F45: Validação OK | G45: Validación correcta
A46: template_label_indicates_that_data_entry_is_ok_and_the_undertaking_can_proceed_to_the_next_disclosure | B46: =INDEX(C46:G46,MATCH(template_selected_display_language,$C$3:$G$3,0)) -> Indicates that data entry is OK and the undertaking can proceed to the next disclosure. | C46: Indicates that data entry is OK and the undertaking can proceed to the next disclosure. | D46: Nurodo, kad duomenų įvedimas yra teisingas ir įmonė gali toliau tęsti atskleidimą. | E46: Wskazuje, że wprowadzenie danych jest poprawne, a jednostka może przejść do kolejnego ujawnienia. | F46: Indica que a introdução dos dados está correta e que a empresa pode avançar para a próxima divulgação. | G46: Indica que la entrada de datos es correcta y que la empresa puede proceder a la siguiente divulgación.
